Workbook
Name ActualNumberOfPayments: #REF!
Name ExtraPayments: #REF!
Name InterestRate: #REF!
Name LastCol: MATCH(REPT("z",255),#REF!)
Name LastRow: MATCH(9.99E+307,#REF!)
Name LenderName: #REF!
Name LoanAmount: #REF!
Name LoanIsGood: (#REF!*#REF!*#REF!*#REF!)>0
Name LoanPeriod: #REF!
Name LoanStartDate: #REF!
Name PaymentsPerYear: #REF!
Name PrintArea_SET: OFFSET(#REF!,,,LastRow,LastCol)
Name PrintArea_SET: OFFSET(#REF!,,,LastRow,LastCol)
Name PrintArea_SET: OFFSET(#REF!,,,[0]!LastRow,[0]!LastCol)
Name PrintArea_SET: OFFSET(#REF!,,,[0]!LastRow,[0]!LastCol)
Name PrintArea_SET: OFFSET(#REF!,,,[0]!LastRow,[0]!LastCol)
Name PrintArea_SET: OFFSET(#REF!,,,[0]!LastRow,[0]!LastCol)
Name PrintArea_SET: OFFSET(#REF!,,,LastRow,LastCol)
Name PrintArea_SET: OFFSET(#REF!,,,[0]!LastRow,[0]!LastCol)
Name PrintArea_SET: OFFSET(#REF!,,,[0]!LastRow,[0]!LastCol)
Name PrintArea_SET: OFFSET(#REF!,,,[0]!LastRow,[0]!LastCol)
Name PrintArea_SET: OFFSET(#REF!,,,[0]!LastRow,[0]!LastCol)
Name PrintArea_SET: OFFSET(#REF!,,,[0]!LastRow,[0]!LastCol)
Name PrintArea_SET: OFFSET(#REF!,,,[0]!LastRow,[0]!LastCol)
Name PrintArea_SET: OFFSET(#REF!,,,LastRow,LastCol)
Name PrintArea_SET: OFFSET(#REF!,,,LastRow,LastCol)
Name ScheduledNumberOfPayments: #REF!
Name ScheduledPayment: #REF!
Name TotalEarlyPayments: #REF!
Name TotalInterest: #REF!

Sheet Model Assumptions
A1: Model Assumptions
A6: BKFC
A7: Revenue Share
B8: Licensor | D8: 0.25
B9: Stars/Sales | D9: 0.2
B10: Inside Card | D10: 0.45
B11: Sponsorships | D11: 0.45
B12: Services | D12: 0.6
A13: Cards
B14: Wholesale Revenue - Hobby | D14: 0.6
B15: Wholesale Revenue - Retail | D15: 0.5
B16: Card Cost - Root | D16: 0.4
B17: Card Cost - Forge | D17: 0.45
B18: Card Cost - Ascend | D18: 0.5
B19: Allowance (unsold/damaged) | D19: 0.05
B20: Freight/Fulfillment | D20: 0.01
B21: Printing & Packaging Costs | D21: 0.5
A24: Skybound (Inincible)
A25: Revenue Share
B26: Skybound | D26: 0.13
B27: Stars/Sales | D27: 0
A29: Cards
B30: Wholesale Revenue - Hobby | D30: 0.6
B31: Wholesale Revenue - Retail | D31: 0.5
B32: Allowance (unsold/damaged) | D32: 0.05
B33: Freight/Fulfillment | D33: 0.01
B34: Printing & Packaging Costs | D34: 0.4
A37: One-Offs
A38: Cards
B39: Wholesale vs. MSRP | D39: 0.55
B40: Card Cost (Blended Rate) | D40: 0.45
B41: Freight/Fulfillment | D41: 0.008
A44: Pipeline Estimated Customer Rollout
A45: Year | C45: Test | D45: Small | E45: Medium | F45: Large
A46: 2026 | C46: 2 | D46: 0 | E46: 0 | F46: 0
A47: 2027 | C47: 4 | D47: 3 | E47: 2 | F47: 0
A48: 2028 | C48: 6 | D48: 4 | E48: 4 | F48: 1
A49: 2029 | C49: 8 | D49: 9 | E49: 6 | F49: 2
A50: 2030 | C50: 10 | D50: 15 | E50: 8 | F50: 3

Sheet Assumptions
A1: All-Stars Forecasting Model
A2: Assumptions Used in Cash Flow Projections
A3: 5-Year
A6: Leagues
G7: Gross Revenue | I7: Net Revenue | K7: League Rev Share | M7: Fighter Rev Share
A8: Year 1 - 3 releases 5 products | C8: 3000000 | E8: 5 | G8: =E8*C8 -> 15000000 | I8: =0.35*G8 -> 5250000 | K8: =0.25*I8 -> 1312500 | M8: =0.2*I8 -> 1050000
A9: Year 2 - 4 releases 7 products | C9: 3000000 | E9: 7 | G9: =E9*C9 -> 21000000 | I9: =0.35*G9 -> 7350000 | K9: =0.25*I9 -> 1837500 | M9: =0.2*I9 -> 1470000
A10: Year 3 - 6 releases 9 products | C10: 3000000 | E10: 9 | G10: =E10*C10 -> 27000000 | I10: =0.35*G10 -> 9450000 | K10: =0.25*I10 -> 2362500 | M10: =0.2*I10 -> 1890000
A11: Year 4 - 8 releases 12 products | C11: 3000000 | E11: 12 | G11: =E11*C11 -> 36000000 | I11: =0.35*G11 -> 12600000 | K11: =0.25*I11 -> 3150000 | M11: =0.2*I11 -> 2520000
A12: Year 5 - 10 releases 15 products | C12: 3000000 | E12: 15 | G12: =E12*C12 -> 45000000 | I12: =0.35*G12 -> 15750000 | K12: =0.25*I12 -> 3937500 | M12: =0.2*I12 -> 3150000
A13: TOTAL - 5 Years | G13: =SUM(G8:G12) -> 144000000 | I13: =0.35*G13 -> 50400000 | K13: =0.25*I13 -> 12600000 | M13: =0.2*I13 -> 10080000
A15: Leagues
G20: GOT | I20: 200 box
A22: One Time
E23: 100 card set - 350k boxes Marvel - 20 box case | N23: =8000/20 -> 400
E24: =350000/20 -> 17500 | G24: Cases
E25: 200 | G25: MSRP
E26: =0.65*E25 -> 130 | G26: Wholesale
E27: Revenue | G27: COGS | I27: Margin | N27: License | O27: YAAS Net
A28: Large | C28: 350000 | E28: =C28*$E$26 -> 45500000 | G28: =E28*0.65 -> 29575000 | I28: =E28-G28 -> 15925000 | N28: 0.4 | O28: =I28*(1-N28) -> 9555000
A29: Medium | C29: 100000 | E29: =C29*$E$26 -> 13000000 | G29: =E29*0.65 -> 8450000 | I29: =E29-G29 -> 4550000 | N29: 0.3 | O29: =I29*(1-N29) -> 3185000
A30: Small | C30: 50000 | E30: =C30*$E$26 -> 6500000 | G30: =E30*0.65 -> 4225000 | I30: =E30-G30 -> 2275000 | N30: 0.25 | O30: =I30*(1-N30) -> 1706250
A31: Test | C31: 5000 | E31: =C31*$E$26 -> 650000 | G31: =E31*0.65 -> 422500 | I31: =E31-G31 -> 227500 | N31: 0.2 | O31: =I31*(1-N31) -> 182000
C33: BKFC | E33: march 2026 1st release | I33: Release every 3 months
C34: PFL | E34: october 2026 1st release | I34: Release every 3 months
A37: Test and Small for next couple of years
A38: 2026 | C38: 8 tests, 2 smalls
A39: 2027 | C39: 1 medium, 10 tests, 4 smalls
A40: 2028 | C40: 1 large, 3 medium, 6 smalls, 16 tests
A43: Services/Inside Card - grow 50% YOY
A44: Sponsorships - grow 100% YOY

Sheet Org Chart
C4: Investors | I4: Founders
D7: 0.2 | J7: 0.8
C12: Media All-Stars | I12: Collectible All-Stars

Sheet P&L - 1 Year
A1: YAAS
A2: 12 Month Forecast | G2: Release 1A | J2: Release 2A | M2: Release 3A
C3: 45823 | D3: =C3+30 -> 45853 | E3: =D3+30 -> 45883 | F3: =E3+30 -> 45913 | G3: =F3+30 -> 45943 | H3: =G3+30 -> 45973 | I3: =H3+30 -> 46003 | J3: =I3+30 -> 46033 | K3: =J3+30 -> 46063 | ... N3: =M3+30 -> 46153
C4: Month 1 | D4: Month 2 | E4: Month 3 | F4: Month 4 | G4: Month 5 | H4: Month 6 | I4: Month 7 | J4: Month 8 | K4: Month 9 | L4: Month 10 | M4: Month 11 | N4: Month 12 | O4: 1Q | P4: 2Q | Q4: 3Q | R4: 4Q | S4: Year 1 Total
B5: Revenue
B6: Physical Card Revenue (wholesale) | C6: 0 | D6: 0 | E6: 0 | F6: 0 | G6: =('Jeremy Model'!D23+'Jeremy Model'!D42) -> 5460000 | H6: 0 | I6: =H6 -> 0 | J6: =('Jeremy Model'!I23+'Jeremy Model'!I42) -> 8970000 | K6: 0 | L6: 0 | M6: ='Jeremy Model'!N23 -> 650000 | N6: 0 | O6: =SUM(C6:E6) -> 0 | P6: =SUM(F6:H6) -> 5460000 | Q6: =SUM(I6:K6) -> 8970000 | R6: =SUM(L6:N6) -> 650000 | S6: =SUM(C6:N6) -> 15080000
B7: Inside Card Revenue | C7: 0 | D7: 0 | E7: 0 | F7: 0 | G7: =10000+F7 -> 10000 | H7: =10000+G7 -> 20000 | I7: =10000+H7 -> 30000 | J7: =10000+I7 -> 40000 | K7: =10000+J7 -> 50000 | L7: =10000+K7 -> 60000 | M7: =10000+L7 -> 70000 | N7: =10000+M7 -> 80000 | O7: =SUM(C7:E7) -> 0 | P7: =SUM(F7:H7) -> 30000 | Q7: =SUM(I7:K7) -> 120000 | R7: =SUM(L7:N7) -> 210000 | S7: =SUM(C7:N7) -> 360000
B8: Sponsorship Revenue | C8: 0 | D8: 0 | E8: 0 | F8: 0 | G8: 25000 | H8: =G8 -> 25000 | I8: =H8 -> 25000 | J8: =I8 -> 25000 | K8: =J8 -> 25000 | L8: =K8 -> 25000 | M8: =L8 -> 25000 | N8: =M8 -> 25000 | O8: =SUM(C8:E8) -> 0 | P8: =SUM(F8:H8) -> 50000 | Q8: =SUM(I8:K8) -> 75000 | R8: =SUM(L8:N8) -> 75000 | S8: =SUM(C8:N8) -> 200000
B9: Services Revenue | C9: 0 | D9: 0 | E9: 0 | F9: 0 | G9: =5000+F9 -> 5000 | H9: =5000+G9 -> 10000 | I9: =5000+H9 -> 15000 | J9: =5000+I9 -> 20000 | K9: =5000+J9 -> 25000 | L9: =5000+K9 -> 30000 | M9: =5000+L9 -> 35000 | N9: =5000+M9 -> 40000 | O9: =SUM(C9:E9) -> 0 | P9: =SUM(F9:H9) -> 15000 | Q9: =SUM(I9:K9) -> 60000 | R9: =SUM(L9:N9) -> 105000 | S9: =SUM(C9:N9) -> 180000
B10: Total Revenue | C10: =SUM(C6:C9) -> 0 | D10: =SUM(D6:D9) -> 0 | E10: =SUM(E6:E9) -> 0 | F10: =SUM(F6:F9) -> 0 | G10: =SUM(G6:G9) -> 5500000 | H10: =SUM(H6:H9) -> 55000 | I10: =SUM(I6:I9) -> 70000 | J10: =SUM(J6:J9) -> 9055000 | ... S10: =SUM(S6:S9) -> 15820000
B12: Cost of Goods Sold
A13: Cost of Goods Sold
B14: Cards & Packaging | E14: =('Jeremy Model'!C23+'Jeremy Model'!C42)/2 -> 1774500 | F14: =E14 -> 1774500 | H14: =('Jeremy Model'!H23+'Jeremy Model'!H42)/2 -> 2915250 | I14: =H14 -> 2915250 | J14: 0 | K14: ='Jeremy Model'!M23/2 -> 211250 | L14: =K14 -> 211250 | M14: 0 | N14: =M14 -> 0 | O14: =SUM(C14:E14) -> 1774500 | P14: =SUM(F14:H14) -> 4689750 | Q14: =SUM(I14:K14) -> 3126500 | R14: =SUM(L14:N14) -> 211250 | S14: =SUM(C14:N14) -> 9802000
B15: Freight & Fulfillment | C15: 0 | D15: =C15 -> 0 | E15: =D15 -> 0 | F15: =SUM('Jeremy Model'!E51:E52) -> 54000 | G15: 0 | H15: =G15 -> 0 | I15: =SUM('Jeremy Model'!J51:J52) -> 45000 | J15: 0 | K15: =J15 -> 0 | L15: ='Jeremy Model'!O51 -> 4500 | M15: =L15 -> 4500 | N15: =M15 -> 4500 | O15: =SUM(C15:E15) -> 0 | P15: =SUM(F15:H15) -> 54000 | Q15: =SUM(I15:K15) -> 45000 | R15: =SUM(L15:N15) -> 13500 | S15: =SUM(C15:N15) -> 112500
B16: Total COGS | C16: =SUM(C14:C15) -> 0 | D16: =SUM(D14:D15) -> 0 | E16: =SUM(E14:E15) -> 1774500 | F16: =SUM(F14:F15) -> 1828500 | G16: =SUM(G14:G15) -> 0 | H16: =SUM(H14:H15) -> 2915250 | I16: =SUM(I14:I15) -> 2960250 | J16: =SUM(J14:J15) -> 0 | ... S16: =SUM(S14:S15) -> 9914500
A17: Note: Reflects card/packaging costs 2 months prior to release with costs split across two months
B18: League & Fighter Rev Share
A19: Rev Share
B20: Ph. Card BKFC/Fighter Rev Share | C20: =(C6-C16)*'Jeremy Model'!$V$15 -> 0 | D20: =(D6-D16)*'Jeremy Model'!$V$15 -> 0 | E20: =(E6-E16)*'Jeremy Model'!$V$15 -> -798525 | F20: =(F6-F16)*'Jeremy Model'!$V$15 -> -822825 | G20: =(G6-G16)*'Jeremy Model'!$V$15 -> 2457000 | H20: =(H6-H16)*'Jeremy Model'!$V$15 -> -1311862.5 | I20: =(I6-I16)*'Jeremy Model'!$V$15 -> -1332112.5 | J20: =(J6-J16)*'Jeremy Model'!$V$15 -> 4036500 | ... N20: =(N6-N16)*'Jeremy Model'!$V$15 -> -2025 | S20: =SUM(C20:N20) -> 2324475
B21: Inside Card BKFC/Fighter Rev Share | C21: =C7*'Jeremy Model'!$V$16 -> 0 | D21: =D7*'Jeremy Model'!$V$16 -> 0 | E21: =E7*'Jeremy Model'!$V$16 -> 0 | F21: =F7*'Jeremy Model'!$V$16 -> 0 | G21: =G7*'Jeremy Model'!$V$16 -> 4500 | H21: =H7*'Jeremy Model'!$V$16 -> 9000 | I21: =I7*'Jeremy Model'!$V$16 -> 13500 | J21: =J7*'Jeremy Model'!$V$16 -> 18000 | ... N21: =N7*'Jeremy Model'!$V$16 -> 36000 | S21: =SUM(G21:N21) -> 162000
B22: Sponsorship BKFC/Fighter Rev Share | C22: =C8*'Jeremy Model'!$V$17 -> 0 | D22: =D8*'Jeremy Model'!$V$17 -> 0 | E22: =E8*'Jeremy Model'!$V$17 -> 0 | F22: =F8*'Jeremy Model'!$V$17 -> 0 | G22: =G8*'Jeremy Model'!$V$17 -> 11250 | H22: =H8*'Jeremy Model'!$V$17 -> 11250 | I22: =I8*'Jeremy Model'!$V$17 -> 11250 | J22: =J8*'Jeremy Model'!$V$17 -> 11250 | ... N22: =N8*'Jeremy Model'!$V$17 -> 11250 | S22: =SUM(G22:N22) -> 90000
B23: Services BKFC/Fighter Rev Share | C23: =C9*'Jeremy Model'!$V$18 -> 0 | D23: =D9*'Jeremy Model'!$V$18 -> 0 | E23: =E9*'Jeremy Model'!$V$18 -> 0 | F23: =F9*'Jeremy Model'!$V$18 -> 0 | G23: =G9*'Jeremy Model'!$V$18 -> 3000 | H23: =H9*'Jeremy Model'!$V$18 -> 6000 | I23: =I9*'Jeremy Model'!$V$18 -> 9000 | J23: =J9*'Jeremy Model'!$V$18 -> 12000 | ... N23: =N9*'Jeremy Model'!$V$18 -> 24000 | S23: =SUM(C23:N23) -> 108000
B24: League & Fighter Rev Share | C24: =SUM(C20:C23) -> 0 | D24: =SUM(D20:D23) -> 0 | E24: =SUM(E20:E23) -> -798525 | F24: =SUM(F20:F23) -> -822825 | G24: =SUM(G20:G23) -> 2475750 | H24: =SUM(H20:H23) -> -1285612.5 | I24: =SUM(I20:I23) -> -1298362.5 | J24: =SUM(J20:J23) -> 4077750 | ... N24: =SUM(N20:N23) -> 69225 | S24: =SUM(S20:S23) -> 2684475
B26: League & Fighter Rev Share
A27: Rev Share
B28: Physical Card BKFC/Fighter Rev Share | C28: 0 | D28: 0 | E28: 0 | F28: 0 | G28: 0 | H28: =SUM(C20:G20) -> 835650 | I28: 0 | J28: 0 | K28: =SUM(H20:J20) -> 1392525 | L28: 0 | M28: 0 | N28: =SUM(K20:M20) -> 98325 | O28: =SUM(C28:E28) -> 0 | P28: =SUM(F28:H28) -> 835650 | Q28: =SUM(I28:K28) -> 1392525 | R28: =SUM(L28:N28) -> 98325 | S28: =SUM(A28:N28) -> 2326500
B29: Inside Card BKFC/Fighter Rev Share | C29: 0 | D29: 0 | E29: 0 | F29: 0 | G29: 0 | H29: =G21 -> 4500 | I29: =H21 -> 9000 | J29: =I21 -> 13500 | K29: =J21 -> 18000 | L29: =K21 -> 22500 | M29: =L21 -> 27000 | N29: =M21 -> 31500 | O29: =SUM(C29:E29) -> 0 | P29: =SUM(F29:H29) -> 4500 | Q29: =SUM(I29:K29) -> 40500 | R29: =SUM(L29:N29) -> 81000 | S29: =SUM(G29:N29) -> 126000
B30: Sponsorship BKFC/Fighter Rev Share | C30: 0 | D30: 0 | E30: 0 | F30: 0 | G30: 0 | H30: =G22 -> 11250 | I30: =H22 -> 11250 | J30: =I22 -> 11250 | K30: =J22 -> 11250 | L30: =K22 -> 11250 | M30: =L22 -> 11250 | N30: =M22 -> 11250 | O30: =SUM(C30:E30) -> 0 | P30: =SUM(F30:H30) -> 11250 | Q30: =SUM(I30:K30) -> 33750 | R30: =SUM(L30:N30) -> 33750 | S30: =SUM(G30:N30) -> 78750
B31: Services BKFC/Fighter Rev Share | C31: 0 | D31: 0 | E31: 0 | F31: 0 | G31: 0 | H31: =G23 -> 3000 | I31: =H23 -> 6000 | J31: =I23 -> 9000 | K31: =J23 -> 12000 | L31: =K23 -> 15000 | M31: =L23 -> 18000 | N31: =M23 -> 21000 | O31: =SUM(C31:E31) -> 0 | P31: =SUM(F31:H31) -> 3000 | Q31: =SUM(I31:K31) -> 27000 | R31: =SUM(L31:N31) -> 54000 | S31: =SUM(C31:N31) -> 84000
B32: League & Fighter Rev Share | C32: =SUM(C28:C31) -> 0 | D32: =SUM(D28:D31) -> 0 | E32: =SUM(E28:E31) -> 0 | F32: =SUM(F28:F31) -> 0 | G32: =SUM(G28:G31) -> 0 | H32: =SUM(H28:H31) -> 854400 | I32: =SUM(I28:I31) -> 26250 | J32: =SUM(J28:J31) -> 33750 | ... S32: =SUM(S28:S31) -> 2615250
A33: Note: Rev share for Physical Cards is reflected the month following the Release, all other the month after Revenue is realized
B34: Gross Margin
B35: Gross Margin | C35: =C10-C16-C32 -> 0 | D35: =D10-D16-D32 -> 0 | E35: =E10-E16-E32 -> -1774500 | F35: =F10-F16-F32 -> -1828500 | G35: =G10-G16-G32 -> 5500000 | H35: =H10-H16-H32 -> -3714650 | I35: =I10-I16-I32 -> -2916500 | J35: =J10-J16-J32 -> 9021250 | ... N35: =N10-N16-N32 -> -21575 | O35: =SUM(C35:E35) -> -1774500 | P35: =SUM(F35:H35) -> -43150 | Q35: =SUM(I35:K35) -> 4559725 | R35: =SUM(L35:N35) -> 548175 | S35: =SUM(C35:N35) -> 3290250
B36: Total Gross Margin | C36: =SUM(C35) -> 0 | D36: =SUM(D35) -> 0 | E36: =SUM(E35) -> -1774500 | F36: =SUM(F35) -> -1828500 | G36: =SUM(G35) -> 5500000 | H36: =SUM(H35) -> -3714650 | I36: =SUM(I35) -> -2916500 | J36: =SUM(J35) -> 9021250 | ... S36: =SUM(S35) -> 3290250
B38: Operational Expenses
A39: Salaries & Contractors
B40: Salaries | C40: =#REF! -> #REF! | D40: =#REF! -> #REF! | E40: =#REF! -> #REF! | F40: =#REF! -> #REF! | G40: =#REF! -> #REF! | H40: =#REF! -> #REF! | I40: =#REF! -> #REF! | J40: =#REF! -> #REF! | ... N40: =#REF! -> #REF! | O40: =SUM(C40:E40) -> #REF! | P40: =SUM(F40:H40) -> #REF! | Q40: =SUM(I40:K40) -> #REF! | R40: =SUM(L40:N40) -> #REF! | S40: =SUM(C40:N40) -> #REF!
B41: Payroll Taxes | C41: =C40*0.1 -> #REF! | D41: =D40*0.1 -> #REF! | E41: =E40*0.1 -> #REF! | F41: =F40*0.1 -> #REF! | G41: =G40*0.1 -> #REF! | H41: =H40*0.1 -> #REF! | I41: =I40*0.1 -> #REF! | J41: =J40*0.1 -> #REF! | ... N41: =N40*0.1 -> #REF! | O41: =SUM(C41:E41) -> #REF! | P41: =SUM(F41:H41) -> #REF! | Q41: =SUM(I41:K41) -> #REF! | R41: =SUM(L41:N41) -> #REF! | S41: =SUM(C41:N41) -> #REF!
B42: Benefits (Health, Dental, 401K, etc.) | C42: =C40*0.1 -> #REF! | D42: =D40*0.1 -> #REF! | E42: =E40*0.1 -> #REF! | F42: =F40*0.1 -> #REF! | G42: =G40*0.1 -> #REF! | H42: =H40*0.1 -> #REF! | I42: =I40*0.1 -> #REF! | J42: =J40*0.1 -> #REF! | ... N42: =N40*0.1 -> #REF! | O42: =SUM(C42:E42) -> #REF! | P42: =SUM(F42:H42) -> #REF! | Q42: =SUM(I42:K42) -> #REF! | R42: =SUM(L42:N42) -> #REF! | S42: =SUM(C42:N42) -> #REF!
B43: Contractors/Other | C43: =#REF! -> #REF! | D43: =#REF! -> #REF! | E43: =#REF! -> #REF! | F43: =#REF! -> #REF! | G43: =#REF! -> #REF! | H43: =#REF! -> #REF! | I43: =#REF! -> #REF! | J43: =#REF! -> #REF! | ... N43: =#REF! -> #REF! | O43: =SUM(C43:E43) -> #REF! | P43: =SUM(F43:H43) -> #REF! | Q43: =SUM(I43:K43) -> #REF! | R43: =SUM(L43:N43) -> #REF! | S43: =SUM(C43:N43) -> #REF!
B44: Total Salaries and Contractors | C44: =SUM(C40:C43) -> #REF! | D44: =SUM(D40:D43) -> #REF! | E44: =SUM(E40:E43) -> #REF! | F44: =SUM(F40:F43) -> #REF! | G44: =SUM(G40:G43) -> #REF! | H44: =SUM(H40:H43) -> #REF! | I44: =SUM(I40:I43) -> #REF! | J44: =SUM(J40:J43) -> #REF! | ... S44: =SUM(S40:S43) -> #REF!
A46: Marketing & Development (Outsourced)
B47: Branding/Design | C47: 3000 | D47: =C47 -> 3000 | E47: =D47 -> 3000 | F47: =E47 -> 3000 | G47: =F47 -> 3000 | H47: =G47 -> 3000 | I47: =H47 -> 3000 | J47: =I47 -> 3000 | K47: =J47 -> 3000 | ... N47: =M47 -> 3000 | O47: =SUM(C47:E47) -> 9000 | P47: =SUM(F47:H47) -> 9000 | Q47: =SUM(I47:K47) -> 9000 | R47: =SUM(L47:N47) -> 9000 | S47: =SUM(C47:N47) -> 36000
B48: Digital Assets Product/UXUI | C48: 0 | D48: =C48 -> 0 | E48: =D48 -> 0 | F48: 5000 | G48: 5000 | H48: 5000 | I48: =H48 -> 5000 | J48: =I48 -> 5000 | K48: =J48 -> 5000 | L48: =K48 -> 5000 | M48: =L48 -> 5000 | N48: =M48 -> 5000 | O48: =SUM(C48:E48) -> 0 | P48: =SUM(F48:H48) -> 15000 | Q48: =SUM(I48:K48) -> 15000 | R48: =SUM(L48:N48) -> 15000 | S48: =SUM(C48:N48) -> 45000
B49: Digtal Assets Marketing | C49: 0 | D49: =C49 -> 0 | E49: =D49 -> 0 | F49: 4000 | G49: 4000 | H49: =G49 -> 4000 | I49: =H49 -> 4000 | J49: =I49 -> 4000 | K49: =J49 -> 4000 | L49: =K49 -> 4000 | M49: =L49 -> 4000 | N49: =M49 -> 4000 | O49: =SUM(C49:E49) -> 0 | P49: =SUM(F49:H49) -> 12000 | Q49: =SUM(I49:K49) -> 12000 | R49: =SUM(L49:N49) -> 12000 | S49: =SUM(C49:N49) -> 36000
B50: Video Production | C50: 0 | D50: =C50 -> 0 | E50: =D50 -> 0 | F50: 5000 | G50: 5000 | H50: =G50 -> 5000 | I50: =H50 -> 5000 | J50: =I50 -> 5000 | K50: =J50 -> 5000 | L50: =K50 -> 5000 | M50: =L50 -> 5000 | N50: =M50 -> 5000 | O50: =SUM(C50:E50) -> 0 | P50: =SUM(F50:H50) -> 15000 | Q50: =SUM(I50:K50) -> 15000 | R50: =SUM(L50:N50) -> 15000 | S50: =SUM(C50:N50) -> 45000
B51: Contractor Development/QA | C51: 12000 | D51: =C51 -> 12000 | E51: =D51 -> 12000 | F51: =E51 -> 12000 | G51: =F51 -> 12000 | H51: =G51 -> 12000 | I51: =H51 -> 12000 | J51: =I51 -> 12000 | K51: =J51 -> 12000 | ... N51: =M51 -> 12000 | O51: =SUM(C51:E51) -> 36000 | P51: =SUM(F51:H51) -> 36000 | Q51: =SUM(I51:K51) -> 36000 | R51: =SUM(L51:N51) -> 36000 | S51: =SUM(C51:N51) -> 144000
B52: Project Management | C52: 0 | D52: =C52 -> 0 | E52: =D52 -> 0 | F52: =E52 -> 0 | G52: =F52 -> 0 | H52: 5000 | I52: =H52 -> 5000 | J52: =I52 -> 5000 | K52: =J52 -> 5000 | L52: =K52 -> 5000 | M52: =L52 -> 5000 | N52: =M52 -> 5000 | O52: =SUM(C52:E52) -> 0 | P52: =SUM(F52:H52) -> 5000 | Q52: =SUM(I52:K52) -> 15000 | R52: =SUM(L52:N52) -> 15000 | S52: =SUM(C52:N52) -> 35000
B53: Media & Social Media | C53: 0 | D53: =C53 -> 0 | E53: =D53 -> 0 | F53: =E53 -> 0 | G53: 3000 | H53: =G53 -> 3000 | I53: =H53 -> 3000 | J53: =I53 -> 3000 | K53: =J53 -> 3000 | L53: =K53 -> 3000 | M53: =L53 -> 3000 | N53: =M53 -> 3000 | O53: =SUM(C53:E53) -> 0 | P53: =SUM(F53:H53) -> 6000 | Q53: =SUM(I53:K53) -> 9000 | R53: =SUM(L53:N53) -> 9000 | S53: =SUM(C53:N53) -> 24000
B54: Public Relations | C54: 0 | D54: =C54 -> 0 | E54: 6000 | F54: =E54 -> 6000 | G54: =F54 -> 6000 | H54: =G54 -> 6000 | I54: =H54 -> 6000 | J54: =I54 -> 6000 | K54: =J54 -> 6000 | L54: =K54 -> 6000 | M54: =L54 -> 6000 | N54: =M54 -> 6000 | O54: =SUM(C54:E54) -> 6000 | P54: =SUM(F54:H54) -> 18000 | Q54: =SUM(I54:K54) -> 18000 | R54: =SUM(L54:N54) -> 18000 | S54: =SUM(C54:N54) -> 60000
B55: Total Marketing & Development | C55: =SUM(C47:C54) -> 15000 | D55: =SUM(D47:D54) -> 15000 | E55: =SUM(E47:E54) -> 21000 | F55: =SUM(F47:F54) -> 35000 | G55: =SUM(G47:G54) -> 38000 | H55: =SUM(H47:H54) -> 43000 | I55: =SUM(I47:I54) -> 43000 | J55: =SUM(J47:J54) -> 43000 | ... S55: =SUM(S47:S54) -> 425000
A57: SG&A
B58: Insurance | C58: =Insurance!D9 -> 1000 | D58: =C58 -> 1000 | E58: =D58 -> 1000 | F58: 3000 | G58: =F58 -> 3000 | H58: =G58 -> 3000 | I58: =H58 -> 3000 | J58: =I58 -> 3000 | K58: =J58 -> 3000 | L58: =K58 -> 3000 | M58: =L58 -> 3000 | N58: =M58 -> 3000 | O58: =SUM(C58:E58) -> 3000 | P58: =SUM(F58:H58) -> 9000 | Q58: =SUM(I58:K58) -> 9000 | R58: =SUM(L58:N58) -> 9000 | S58: =SUM(C58:N58) -> 30000
B59: Rent | C59: 0 | D59: 0 | E59: 0 | F59: 0 | G59: =5*750 -> 3750 | H59: =G59 -> 3750 | I59: =H59 -> 3750 | J59: =I59 -> 3750 | K59: =J59 -> 3750 | L59: =K59 -> 3750 | M59: =L59 -> 3750 | N59: =M59 -> 3750 | O59: =SUM(C59:E59) -> 0 | P59: =SUM(F59:H59) -> 7500 | Q59: =SUM(I59:K59) -> 11250 | R59: =SUM(L59:N59) -> 11250 | S59: =SUM(C59:N59) -> 30000
B60: Storage | C60: 0 | D60: 10000 | E60: =D60 -> 10000 | F60: =E60 -> 10000 | G60: =F60 -> 10000 | H60: =G60 -> 10000 | I60: =H60 -> 10000 | J60: =I60 -> 10000 | K60: =J60 -> 10000 | L60: =K60 -> 10000 | ... N60: =M60 -> 10000 | O60: =SUM(C60:E60) -> 20000 | P60: =SUM(F60:H60) -> 30000 | Q60: =SUM(I60:K60) -> 30000 | R60: =SUM(L60:N60) -> 30000 | S60: =SUM(C60:N60) -> 110000
B61: Office supplies/collateral | C61: 1500 | D61: =C61 -> 1500 | E61: =D61 -> 1500 | F61: =E61 -> 1500 | G61: =F61 -> 1500 | H61: =G61 -> 1500 | I61: =H61 -> 1500 | J61: =I61 -> 1500 | K61: =J61 -> 1500 | ... N61: =M61 -> 1500 | O61: =SUM(C61:E61) -> 4500 | P61: =SUM(F61:H61) -> 4500 | Q61: =SUM(I61:K61) -> 4500 | R61: =SUM(L61:N61) -> 4500 | S61: =SUM(C61:N61) -> 18000
B62: Travel | C62: 5000 | D62: =C62 -> 5000 | E62: =D62 -> 5000 | F62: =E62 -> 5000 | G62: 8000 | H62: =G62 -> 8000 | I62: =H62 -> 8000 | J62: =I62 -> 8000 | K62: =J62 -> 8000 | L62: =K62 -> 8000 | M62: =L62 -> 8000 | N62: =M62 -> 8000 | O62: =SUM(C62:E62) -> 15000 | P62: =SUM(F62:H62) -> 21000 | Q62: =SUM(I62:K62) -> 24000 | R62: =SUM(L62:N62) -> 24000 | S62: =SUM(C62:N62) -> 84000
B63: Computers/Equipment | C63: 0 | D63: =C63 -> 0 | E63: =D63 -> 0 | F63: =E63 -> 0 | G63: =F63 -> 0 | H63: 2500 | I63: =H63 -> 2500 | J63: =I63 -> 2500 | K63: =J63 -> 2500 | L63: =K63 -> 2500 | M63: =L63 -> 2500 | N63: =M63 -> 2500 | O63: =SUM(C63:E63) -> 0 | P63: =SUM(F63:H63) -> 2500 | Q63: =SUM(I63:K63) -> 7500 | R63: =SUM(L63:N63) -> 7500 | S63: =SUM(C63:N63) -> 17500
B64: software licensing (CRM, analytics, dev) | C64: 0 | D64: =C64 -> 0 | E64: =D64 -> 0 | F64: 1500 | G64: =F64 -> 1500 | H64: 3500 | I64: =H64 -> 3500 | J64: =I64 -> 3500 | K64: =J64 -> 3500 | L64: =K64 -> 3500 | M64: =L64 -> 3500 | N64: =M64 -> 3500 | O64: =SUM(C64:E64) -> 0 | P64: =SUM(F64:H64) -> 6500 | Q64: =SUM(I64:K64) -> 10500 | R64: =SUM(L64:N64) -> 10500 | S64: =SUM(C64:N64) -> 27500
B65: Miscellaneous | C65: 2500 | D65: =C65 -> 2500 | E65: =D65 -> 2500 | F65: =E65 -> 2500 | G65: 5000 | H65: =G65 -> 5000 | I65: =H65 -> 5000 | J65: =I65 -> 5000 | K65: =J65 -> 5000 | L65: =K65 -> 5000 | M65: =L65 -> 5000 | N65: =M65 -> 5000 | O65: =SUM(C65:E65) -> 7500 | P65: =SUM(F65:H65) -> 12500 | Q65: =SUM(I65:K65) -> 15000 | R65: =SUM(L65:N65) -> 15000 | S65: =SUM(C65:N65) -> 50000
B66: Total SG&A | C66: =SUM(C58:C65) -> 10000 | D66: =SUM(D58:D65) -> 20000 | E66: =SUM(E58:E65) -> 20000 | F66: =SUM(F58:F65) -> 23500 | G66: =SUM(G58:G65) -> 32750 | H66: =SUM(H58:H65) -> 37250 | I66: =SUM(I58:I65) -> 37250 | J66: =SUM(J58:J65) -> 37250 | ... S66: =SUM(S58:S65) -> 367000
A68: Professional Services
B69: Legal | C69: 20000 | D69: 10000 | E69: =D69 -> 10000 | F69: =E69 -> 10000 | G69: 6000 | H69: =G69 -> 6000 | I69: =H69 -> 6000 | J69: =I69 -> 6000 | K69: =J69 -> 6000 | L69: =K69 -> 6000 | M69: =L69 -> 6000 | N69: =M69 -> 6000 | O69: =SUM(C69:E69) -> 40000 | P69: =SUM(F69:H69) -> 22000 | Q69: =SUM(I69:K69) -> 18000 | R69: =SUM(L69:N69) -> 18000 | S69: =SUM(C69:N69) -> 98000
B70: Accounting | C70: 1000 | D70: =C70 -> 1000 | E70: =D70 -> 1000 | F70: =E70 -> 1000 | G70: =F70 -> 1000 | H70: 2000 | I70: =H70 -> 2000 | J70: =I70 -> 2000 | K70: =J70 -> 2000 | L70: =K70 -> 2000 | M70: =L70 -> 2000 | N70: =M70 -> 2000 | O70: =SUM(C70:E70) -> 3000 | P70: =SUM(F70:H70) -> 4000 | Q70: =SUM(I70:K70) -> 6000 | R70: =SUM(L70:N70) -> 6000 | S70: =SUM(C70:N70) -> 19000
B71: Platform Hosting | C71: 4000 | D71: =C71 -> 4000 | E71: =D71 -> 4000 | F71: 4000 | G71: =F71 -> 4000 | H71: =G71 -> 4000 | I71: =H71 -> 4000 | J71: 7000 | K71: =J71 -> 7000 | L71: =K71 -> 7000 | M71: 10000 | N71: =M71 -> 10000 | O71: =SUM(C71:E71) -> 12000 | P71: =SUM(F71:H71) -> 12000 | Q71: =SUM(I71:K71) -> 18000 | R71: =SUM(L71:N71) -> 27000 | S71: =SUM(C71:N71) -> 69000
B72: Total Professional Services | C72: =SUM(C69:C71) -> 25000 | D72: =SUM(D69:D71) -> 15000 | E72: =SUM(E69:E71) -> 15000 | F72: =SUM(F69:F71) -> 15000 | G72: =SUM(G69:G71) -> 11000 | H72: =SUM(H69:H71) -> 12000 | I72: =SUM(I69:I71) -> 12000 | J72: =SUM(J69:J71) -> 15000 | ... R72: =SUM(R69:R71) -> 51000 | S72: =SUM(C72:N72) -> 186000
B74: Total Operating Expense | C74: =C44+C55+C66+C72 -> #REF! | D74: =D44+D55+D66+D72 -> #REF! | E74: =E44+E55+E66+E72 -> #REF! | F74: =F44+F55+F66+F72 -> #REF! | G74: =G44+G55+G66+G72 -> #REF! | H74: =H44+H55+H66+H72 -> #REF! | I74: =I44+I55+I66+I72 -> #REF! | J74: =J44+J55+J66+J72 -> #REF! | ... N74: =N44+N55+N66+N72 -> #REF! | O74: =SUM(C74:E74) -> #REF! | P74: =SUM(F74:H74) -> #REF! | Q74: =SUM(I74:K74) -> #REF! | R74: =SUM(L74:N74) -> #REF! | S74: =SUM(C74:N74) -> #REF!
B76: EBITDA | C76: =C36-C74 -> #REF! | D76: =D36-D74 -> #REF! | E76: =E36-E74 -> #REF! | F76: =F36-F74 -> #REF! | G76: =G36-G74 -> #REF! | H76: =H36-H74 -> #REF! | I76: =I36-I74 -> #REF! | J76: =J36-J74 -> #REF! | ... N76: =N36-N74 -> #REF! | O76: =SUM(C76:E76) -> #REF! | P76: =SUM(F76:H76) -> #REF! | Q76: =SUM(I76:K76) -> #REF! | R76: =SUM(L76:N76) -> #REF! | S76: =SUM(C76:N76) -> #REF!

Sheet P&L - 5 year
A1: YAAS
A2: 60 Month Forecast
D3: 46037 | E3: =D3+30 -> 46067 | F3: =E3+31 -> 46098 | G3: =F3+30 -> 46128 | H3: =G3+31 -> 46159 | I3: =H3+30 -> 46189 | J3: =I3+31 -> 46220 | K3: =J3+31 -> 46251 | L3: =K3+30 -> 46281 | M3: =L3+31 -> 46312 | N3: =M3+31 -> 46343 | O3: =N3+31 -> 46374 | Q3: =O3+31 -> 46405 | R3: =Q3+30 -> 46435 | S3: =R3+31 -> 46466 | T3: =S3+30 -> 46496 | U3: =T3+31 -> 46527 | V3: =U3+30 -> 46557 | W3: =V3+31 -> 46588 | X3: =W3+31 -> 46619 | Y3: =X3+30 -> 46649 | Z3: =Y3+31 -> 46680 | AA3: =Z3+31 -> 46711 | AB3: =AA3+31 -> 46742 | AD3: =AB3+31 -> 46773 | AE3: =AD3+30 -> 46803 | AF3: =AE3+31 -> 46834 | AG3: =AF3+30 -> 46864 | AH3: =AG3+31 -> 46895 | AI3: =AH3+30 -> 46925 | AJ3: =AI3+31 -> 46956 | AK3: =AJ3+31 -> 46987 | AL3: =AK3+30 -> 47017 | AM3: =AL3+31 -> 47048 | AN3: =AM3+31 -> 47079 | AO3: =AN3+31 -> 47110 | AQ3: =AO3+31 -> 47141 | AR3: =AQ3+30 -> 47171 | AS3: =AR3+31 -> 47202 | AT3: =AS3+30 -> 47232 | AU3: =AT3+31 -> 47263 | AV3: =AU3+30 -> 47293 | AW3: =AV3+31 -> 47324 | AX3: =AW3+31 -> 47355 | AY3: =AX3+30 -> 47385 | AZ3: =AY3+31 -> 47416 | BA3: =AZ3+31 -> 47447 | BB3: =BA3+31 -> 47478 | BD3: =BB3+31 -> 47509 | BE3: =BD3+30 -> 47539 | BF3: =BE3+31 -> 47570 | BG3: =BF3+30 -> 47600 | BH3: =BG3+31 -> 47631 | BI3: =BH3+30 -> 47661 | BJ3: =BI3+31 -> 47692 | BK3: =BJ3+31 -> 47723 | BL3: =BK3+30 -> 47753 | BM3: =BL3+31 -> 47784 | BN3: =BM3+31 -> 47815 | BO3: =BN3+31 -> 47846
D4: Month 1 | E4: Month 2 | F4: Month 3 | G4: Month 4 | H4: Month 5 | I4: Month 6 | J4: Month 7 | K4: Month 8 | L4: Month 9 | M4: Month 10 | N4: Month 11 | O4: Month 12 | P4: Year 1 Total | Q4: Month 13 | R4: Month 14 | S4: Month 15 | T4: Month 16 | U4: Month 17 | V4: Month 18 | W4: Month 19 | X4: Month 20 | Y4: Month 21 | Z4: Month 22 | AA4: Month 23 | AB4: Month 24 | AC4: Year 2 Total | AD4: Month 25 | AE4: Month 26 | AF4: Month 27 | AG4: Month 28 | AH4: Month 29 | AI4: Month 30 | AJ4: Month 31 | AK4: Month 32 | AL4: Month 33 | AM4: Month 34 | AN4: Month 35 | AO4: Month 36 | AP4: Year 3 Total | AQ4: Month 37 | AR4: Month 38 | AS4: Month 39 | AT4: Month 40 | AU4: Month 41 | AV4: Month 42 | AW4: Month 43 | AX4: Month 44 | AY4: Month 45 | AZ4: Month 46 | BA4: Month 47 | BB4: Month 48 | BC4: Year 4 Total | BD4: Month 49 | BE4: Month 50 | BF4: Month 51 | BG4: Month 52 | BH4: Month 53 | BI4: Month 54 | BJ4: Month 55 | BK4: Month 56 | BL4: Month 57 | BM4: Month 58 | BN4: Month 59 | BO4: Month 60 | BP4: Year 5 Total | BQ4: Lifetime Total
B5: Revenue
A6: Contract Signed
B7: Card Revenue - BKFC | D7: =BKFC!C98 -> 0 | E7: =BKFC!D98 -> 0 | F7: =BKFC!E98 -> 0 | G7: =BKFC!F98 -> 0 | H7: =BKFC!G98 -> 0 | I7: =BKFC!H98 -> 0 | J7: =BKFC!I98 -> 0 | K7: =BKFC!J98 -> 0 | ... O7: =BKFC!N98 -> 1479311.5 | P7: =SUM(D7:O7) -> 1479311.5 | Q7: =BKFC!P98 -> 1479311.5 | R7: =BKFC!Q98 -> 4583236.5 | S7: =BKFC!R98 -> 4583236.5 | T7: =BKFC!S98 -> 284995.25 | U7: =BKFC!T98 -> 284995.25 | V7: =BKFC!U98 -> 0 | W7: =BKFC!V98 -> 1931912.9 | X7: =BKFC!W98 -> 1931912.9 | ... AB7: =BKFC!AA98 -> 0 | AC7: =SUM(Q7:AB7) -> 27665784 | AD7: =BKFC!AC98 -> 284995.25 | AE7: =BKFC!AD98 -> 284995.25 | AF7: =BKFC!AE98 -> 0 | AG7: =BKFC!AF98 -> 0 | AH7: =BKFC!AG98 -> 0 | AI7: =BKFC!AH98 -> 0 | AJ7: =BKFC!AI98 -> 5703149.2 | AK7: =BKFC!AJ98 -> 0 | ... AO7: =BKFC!AN98 -> 0 | AP7: =SUM(AD7:AO7) -> 23722653 | AQ7: =BKFC!AP98 -> 797986.7 | AR7: =BKFC!AQ98 -> 0 | AS7: =BKFC!AR98 -> 0 | AT7: =BKFC!AS98 -> 0 | AU7: =BKFC!AT98 -> 0 | AV7: =BKFC!AU98 -> 0 | AW7: =BKFC!AV98 -> 6959790.2 | AX7: =BKFC!AW98 -> 0 | ... BB7: =BKFC!BA98 -> 0 | BC7: =SUM(AQ7:BB7) -> 28275344 | BD7: =BKFC!BC98 -> 1139981 | BE7: =BKFC!BD98 -> 0 | BF7: =BKFC!BE98 -> 0 | BG7: =BKFC!BF98 -> 0 | BH7: =BKFC!BG98 -> 0 | BI7: =BKFC!BH98 -> 0 | BJ7: =BKFC!BI98 -> 8216431.2 | BK7: =BKFC!BJ98 -> 0 | ... BO7: =BKFC!BN98 -> 1424976.2 | BP7: =SUM(BD7:BO7) -> 36076943 | BQ7: =P7+AC7+AP7+BC7+BP7 -> 1.1722004e+08
A8: Proposal Verbally Accepted
B9: Card Revenue - Ted Animated Series | D9: =Ted!C98 -> 0 | E9: =Ted!D98 -> 0 | F9: =Ted!E98 -> 0 | G9: =Ted!F98 -> 0 | H9: =Ted!G98 -> 0 | I9: =Ted!H98 -> 0 | J9: =Ted!I98 -> 0 | K9: =Ted!J98 -> 0 | ... O9: =Ted!N98 -> 0 | P9: =SUM(D9:O9) -> 0 | Q9: =Ted!P98 -> 0 | R9: =Ted!Q98 -> 0 | S9: =Ted!R98 -> 0 | T9: =Ted!S98 -> 0 | U9: =Ted!T98 -> 0 | V9: =Ted!U98 -> 0 | W9: =Ted!V98 -> 2258473 | X9: =Ted!W98 -> 0 | ... AB9: =Ted!AA98 -> 0 | AC9: =SUM(Q9:AB9) -> 2258473 | AD9: =Ted!AC98 -> 0 | AE9: =Ted!AD98 -> 0 | AF9: =Ted!AE98 -> 0 | AG9: =Ted!AF98 -> 0 | AH9: =Ted!AG98 -> 0 | AI9: =Ted!AH98 -> 0 | AJ9: =Ted!AI98 -> 3239286.2 | AK9: =Ted!AJ98 -> 0 | ... AO9: =Ted!AN98 -> 0 | AP9: =SUM(AD9:AO9) -> 3239286.2 | AQ9: =Ted!AP98 -> 0 | AR9: =Ted!AQ98 -> 0 | AS9: =Ted!AR98 -> 0 | AT9: =Ted!AS98 -> 0 | AU9: =Ted!AT98 -> 0 | AV9: =Ted!AU98 -> 0 | AW9: =Ted!AV98 -> 4220099.5 | AX9: =Ted!AW98 -> 0 | ... BB9: =Ted!BA98 -> 0 | BC9: =SUM(AQ9:BB9) -> 4220099.5 | BD9: =Ted!BC98 -> 0 | BE9: =Ted!BD98 -> 0 | BF9: =Ted!BE98 -> 0 | BG9: =Ted!BF98 -> 0 | BH9: =Ted!BG98 -> 0 | BI9: =Ted!BH98 -> 0 | BJ9: =Ted!BI98 -> 5200912.8 | BK9: =Ted!BJ98 -> 0 | ... BO9: =Ted!BN98 -> 0 | BP9: =SUM(BD9:BO9) -> 5200912.8 | BQ9: =P9+AC9+AP9+BC9+BP9 -> 14918772
B10: Card Revenue - CareBears | D10: =CareBears!C98 -> 0 | E10: =CareBears!D98 -> 0 | F10: =CareBears!E98 -> 0 | G10: =CareBears!F98 -> 0 | H10: =CareBears!G98 -> 0 | I10: =CareBears!H98 -> 0 | J10: =CareBears!I98 -> 0 | K10: =CareBears!J98 -> 0 | ... O10: =CareBears!N98 -> 0 | P10: =SUM(D10:O10) -> 0 | Q10: =CareBears!P98 -> 0 | R10: =CareBears!Q98 -> 0 | S10: =CareBears!R98 -> 0 | T10: =CareBears!S98 -> 845253 | U10: =CareBears!T98 -> 0 | V10: =CareBears!U98 -> 0 | W10: =CareBears!V98 -> 0 | X10: =CareBears!W98 -> 0 | ... AB10: =CareBears!AA98 -> 0 | AC10: =SUM(Q10:AB10) -> 2797099.2 | AD10: =CareBears!AC98 -> 0 | AE10: =CareBears!AD98 -> 0 | AF10: =CareBears!AE98 -> 0 | AG10: =CareBears!AF98 -> 999235.65 | AH10: =CareBears!AG98 -> 0 | AI10: =CareBears!AH98 -> 0 | AJ10: =CareBears!AI98 -> 0 | AK10: =CareBears!AJ98 -> 0 | ... AO10: =CareBears!AN98 -> 0 | AP10: =SUM(AD10:AO10) -> 1998471.3 | AQ10: =CareBears!AP98 -> 0 | AR10: =CareBears!AQ98 -> 0 | AS10: =CareBears!AR98 -> 0 | AT10: =CareBears!AS98 -> 1046818.3 | AU10: =CareBears!AT98 -> 0 | AV10: =CareBears!AU98 -> 0 | AW10: =CareBears!AV98 -> 0 | AX10: =CareBears!AW98 -> 0 | ... BB10: =CareBears!BA98 -> 0 | BC10: =SUM(AQ10:BB10) -> 2093636.6 | BD10: =CareBears!BC98 -> 0 | BE10: =CareBears!BD98 -> 0 | BF10: =CareBears!BE98 -> 0 | BG10: =CareBears!BF98 -> 0 | BH10: =CareBears!BG98 -> 0 | BI10: =CareBears!BH98 -> 0 | BJ10: =CareBears!BI98 -> 0 | BK10: =CareBears!BJ98 -> 0 | ... BO10: =CareBears!BN98 -> 0 | BP10: =SUM(BD10:BO10) -> 0 | BQ10: =P10+AC10+AP10+BC10+BP10 -> 6889207.2
B11: Card Revenue - Blumhouse | D11: =Blumhouse!C98 -> 0 | E11: =Blumhouse!D98 -> 0 | F11: =Blumhouse!E98 -> 0 | G11: =Blumhouse!F98 -> 0 | H11: =Blumhouse!G98 -> 0 | I11: =Blumhouse!H98 -> 0 | J11: =Blumhouse!I98 -> 0 | K11: =Blumhouse!J98 -> 0 | ... O11: =Blumhouse!N98 -> 0 | P11: =SUM(D11:O11) -> 0 | Q11: =Blumhouse!P98 -> 0 | R11: =Blumhouse!Q98 -> 0 | S11: =Blumhouse!R98 -> 0 | T11: =Blumhouse!S98 -> 0 | U11: =Blumhouse!T98 -> 0 | V11: =Blumhouse!U98 -> 0 | W11: =Blumhouse!V98 -> 1382041 | X11: =Blumhouse!W98 -> 0 | ... AB11: =Blumhouse!AA98 -> 0 | AC11: =SUM(Q11:AB11) -> 1382041 | AD11: =Blumhouse!AC98 -> 0 | AE11: =Blumhouse!AD98 -> 0 | AF11: =Blumhouse!AE98 -> 0 | AG11: =Blumhouse!AF98 -> 0 | AH11: =Blumhouse!AG98 -> 0 | AI11: =Blumhouse!AH98 -> 0 | AJ11: =Blumhouse!AI98 -> 1058151.8 | AK11: =Blumhouse!AJ98 -> 0 | ... AO11: =Blumhouse!AN98 -> 0 | AP11: =SUM(AD11:AO11) -> 1058151.8 | AQ11: =Blumhouse!AP98 -> 0 | AR11: =Blumhouse!AQ98 -> 0 | AS11: =Blumhouse!AR98 -> 0 | AT11: =Blumhouse!AS98 -> 0 | AU11: =Blumhouse!AT98 -> 0 | AV11: =Blumhouse!AU98 -> 0 | AW11: =Blumhouse!AV98 -> 1058151.8 | AX11: =Blumhouse!AW98 -> 0 | ... BB11: =Blumhouse!BA98 -> 0 | BC11: =SUM(AQ11:BB11) -> 1058151.8 | BD11: =Blumhouse!BC98 -> 0 | BE11: =Blumhouse!BD98 -> 0 | BF11: =Blumhouse!BE98 -> 0 | BG11: =Blumhouse!BF98 -> 0 | BH11: =Blumhouse!BG98 -> 0 | BI11: =Blumhouse!BH98 -> 0 | BJ11: =Blumhouse!BI98 -> 1058151.8 | BK11: =Blumhouse!BJ98 -> 0 | ... BO11: =Blumhouse!BN98 -> 0 | BP11: =SUM(BD11:BO11) -> 1058151.8 | BQ11: =P11+AC11+AP11+BC11+BP11 -> 4556496.4
B12: Card Revenue - Tatsunoko | D12: =Tatsunoko!C98 -> 0 | E12: =Tatsunoko!D98 -> 0 | F12: =Tatsunoko!E98 -> 0 | G12: =Tatsunoko!F98 -> 0 | H12: =Tatsunoko!G98 -> 0 | I12: =Tatsunoko!H98 -> 0 | J12: =Tatsunoko!I98 -> 0 | K12: =Tatsunoko!J98 -> 0 | ... O12: =Tatsunoko!N98 -> 0 | P12: =SUM(D12:O12) -> 0 | Q12: =Tatsunoko!P98 -> 0 | R12: =Tatsunoko!Q98 -> 0 | S12: =Tatsunoko!R98 -> 0 | T12: =Tatsunoko!S98 -> 0 | U12: =Tatsunoko!T98 -> 0 | V12: =Tatsunoko!U98 -> 0 | W12: =Tatsunoko!V98 -> 1587227.7 | X12: =Tatsunoko!W98 -> 0 | ... AB12: =Tatsunoko!AA98 -> 0 | AC12: =SUM(Q12:AB12) -> 1587227.7 | AD12: =Tatsunoko!AC98 -> 0 | AE12: =Tatsunoko!AD98 -> 0 | AF12: =Tatsunoko!AE98 -> 0 | AG12: =Tatsunoko!AF98 -> 0 | AH12: =Tatsunoko!AG98 -> 0 | AI12: =Tatsunoko!AH98 -> 0 | AJ12: =Tatsunoko!AI98 -> 1058151.8 | AK12: =Tatsunoko!AJ98 -> 0 | ... AO12: =Tatsunoko!AN98 -> 0 | AP12: =SUM(AD12:AO12) -> 1058151.8 | AQ12: =Tatsunoko!AP98 -> 0 | AR12: =Tatsunoko!AQ98 -> 0 | AS12: =Tatsunoko!AR98 -> 0 | AT12: =Tatsunoko!AS98 -> 0 | AU12: =Tatsunoko!AT98 -> 0 | AV12: =Tatsunoko!AU98 -> 0 | AW12: =Tatsunoko!AV98 -> 1058151.8 | AX12: =Tatsunoko!AW98 -> 0 | ... BB12: =Tatsunoko!BA98 -> 0 | BC12: =SUM(AQ12:BB12) -> 1058151.8 | BD12: =Tatsunoko!BC98 -> 0 | BE12: =Tatsunoko!BD98 -> 0 | BF12: =Tatsunoko!BE98 -> 0 | BG12: =Tatsunoko!BF98 -> 0 | BH12: =Tatsunoko!BG98 -> 0 | BI12: =Tatsunoko!BH98 -> 0 | BJ12: =Tatsunoko!BI98 -> 1058151.8 | BK12: =Tatsunoko!BJ98 -> 0 | ... BO12: =Tatsunoko!BN98 -> 0 | BP12: =SUM(BD12:BO12) -> 1058151.8 | BQ12: =P12+AC12+AP12+BC12+BP12 -> 4761683.1
B13: Card Revenue - PPA/MLP | D13: ='PPA MLP'!C98 -> 0 | E13: ='PPA MLP'!D98 -> 0 | F13: ='PPA MLP'!E98 -> 0 | G13: ='PPA MLP'!F98 -> 0 | H13: ='PPA MLP'!G98 -> 0 | I13: ='PPA MLP'!H98 -> 0 | J13: ='PPA MLP'!I98 -> 0 | K13: ='PPA MLP'!J98 -> 0 | ... O13: ='PPA MLP'!N98 -> 0 | P13: =SUM(D13:O13) -> 0 | Q13: ='PPA MLP'!P98 -> 0 | R13: ='PPA MLP'!Q98 -> 0 | S13: ='PPA MLP'!R98 -> 0 | T13: ='PPA MLP'!S98 -> 0 | U13: ='PPA MLP'!T98 -> 0 | V13: ='PPA MLP'!U98 -> 0 | W13: ='PPA MLP'!V98 -> 551567.81 | X13: ='PPA MLP'!W98 -> 0 | ... AB13: ='PPA MLP'!AA98 -> 0 | AC13: =SUM(Q13:AB13) -> 1026981.5 | AD13: ='PPA MLP'!AC98 -> 0 | AE13: ='PPA MLP'!AD98 -> 0 | AF13: ='PPA MLP'!AE98 -> 0 | AG13: ='PPA MLP'!AF98 -> 0 | AH13: ='PPA MLP'!AG98 -> 0 | AI13: ='PPA MLP'!AH98 -> 0 | AJ13: ='PPA MLP'!AI98 -> 772194.94 | AK13: ='PPA MLP'!AJ98 -> 0 | ... AO13: ='PPA MLP'!AN98 -> 0 | AP13: =SUM(AD13:AO13) -> 1437774.1 | AQ13: ='PPA MLP'!AP98 -> 0 | AR13: ='PPA MLP'!AQ98 -> 0 | AS13: ='PPA MLP'!AR98 -> 0 | AT13: ='PPA MLP'!AS98 -> 0 | AU13: ='PPA MLP'!AT98 -> 0 | AV13: ='PPA MLP'!AU98 -> 0 | AW13: ='PPA MLP'!AV98 -> 1042626.5 | AX13: ='PPA MLP'!AW98 -> 0 | ... BB13: ='PPA MLP'!BA98 -> 0 | BC13: =SUM(AQ13:BB13) -> 1941790.1 | BD13: ='PPA MLP'!BC98 -> 0 | BE13: ='PPA MLP'!BD98 -> 0 | BF13: ='PPA MLP'!BE98 -> 0 | BG13: ='PPA MLP'!BF98 -> 0 | BH13: ='PPA MLP'!BG98 -> 0 | BI13: ='PPA MLP'!BH98 -> 0 | BJ13: ='PPA MLP'!BI98 -> 1354881.4 | BK13: ='PPA MLP'!BJ98 -> 0 | ... BO13: ='PPA MLP'!BN98 -> 142497.62 | BP13: =SUM(BD13:BO13) -> 2666706.9 | BQ13: =P13+AC13+AP13+BC13+BP13 -> 7073252.7
A14: Pipeline (Conservative Estimate)
B15: Card Revenue - Pipeline | D15: 0 | E15: 0 | F15: 0 | G15: 0 | H15: 0 | I15: 0 | J15: 0 | K15: 0 | L15: 0 | M15: 0 | N15: 0 | O15: 0 | P15: =SUM(D15:O15) -> 0 | Q15: 0 | R15: 0 | S15: 0 | T15: 0 | U15: 0 | V15: ='Pipeline (Projected)'!$I$27/12 -> 22916.667 | W15: ='Pipeline (Projected)'!$I$27/12 -> 22916.667 | X15: ='Pipeline (Projected)'!$I$27/12 -> 22916.667 | Y15: ='Pipeline (Projected)'!$I$27/12 -> 22916.667 | Z15: ='Pipeline (Projected)'!$I$27/12 -> 22916.667 | AA15: ='Pipeline (Projected)'!$I$27/12 -> 22916.667 | AB15: ='Pipeline (Projected)'!$I$27/12 -> 22916.667 | AC15: =SUM(Q15:AB15) -> 160416.67 | AD15: ='Pipeline (Projected)'!$I$28/12 -> 1145833.3 | AE15: ='Pipeline (Projected)'!$I$28/12 -> 1145833.3 | AF15: ='Pipeline (Projected)'!$I$28/12 -> 1145833.3 | AG15: ='Pipeline (Projected)'!$I$28/12 -> 1145833.3 | AH15: ='Pipeline (Projected)'!$I$28/12 -> 1145833.3 | AI15: ='Pipeline (Projected)'!$I$28/12 -> 1145833.3 | AJ15: ='Pipeline (Projected)'!$I$28/12 -> 1145833.3 | AK15: ='Pipeline (Projected)'!$I$28/12 -> 1145833.3 | ... AO15: ='Pipeline (Projected)'!$I$28/12 -> 1145833.3 | AP15: =SUM(AD15:AO15) -> 13750000 | AQ15: ='Pipeline (Projected)'!$I$29/12 -> 3300000 | AR15: ='Pipeline (Projected)'!$I$29/12 -> 3300000 | AS15: ='Pipeline (Projected)'!$I$29/12 -> 3300000 | AT15: ='Pipeline (Projected)'!$I$29/12 -> 3300000 | AU15: ='Pipeline (Projected)'!$I$29/12 -> 3300000 | AV15: ='Pipeline (Projected)'!$I$29/12 -> 3300000 | AW15: ='Pipeline (Projected)'!$I$29/12 -> 3300000 | AX15: ='Pipeline (Projected)'!$I$29/12 -> 3300000 | ... BB15: ='Pipeline (Projected)'!$I$29/12 -> 3300000 | BC15: =SUM(AQ15:BB15) -> 39600000 | BD15: ='Pipeline (Projected)'!$I$30/12 -> 5454166.7 | BE15: ='Pipeline (Projected)'!$I$30/12 -> 5454166.7 | BF15: ='Pipeline (Projected)'!$I$30/12 -> 5454166.7 | BG15: ='Pipeline (Projected)'!$I$30/12 -> 5454166.7 | BH15: ='Pipeline (Projected)'!$I$30/12 -> 5454166.7 | BI15: ='Pipeline (Projected)'!$I$30/12 -> 5454166.7 | BJ15: ='Pipeline (Projected)'!$I$31/12 -> 7608333.3 | BK15: ='Pipeline (Projected)'!$I$31/12 -> 7608333.3 | BL15: ='Pipeline (Projected)'!$I$31/12 -> 7608333.3 | BM15: ='Pipeline (Projected)'!$I$31/12 -> 7608333.3 | BN15: ='Pipeline (Projected)'!$I$31/12 -> 7608333.3 | BO15: ='Pipeline (Projected)'!$I$31/12 -> 7608333.3 | BP15: =SUM(BD15:BO15) -> 78375000 | BQ15: =P15+AC15+AP15+BC15+BP15 -> 1.3188542e+08
A16: Frequency (Direct to Consumer Sales)
B17: Card revenue - Frequency | D17: 0 | E17: 0 | F17: 0 | G17: 0 | H17: 0 | I17: 0 | J17: 0 | K17: 0 | L17: 0 | M17: 0 | N17: 0 | O17: 0 | P17: =SUM(D17:O17) -> 0 | Q17: 0 | R17: 0 | S17: 0 | T17: =Frequency!$H$14/12 -> 188921.25 | U17: =Frequency!$H$14/12 -> 188921.25 | V17: =Frequency!$H$14/12 -> 188921.25 | W17: =Frequency!$H$14/12 -> 188921.25 | X17: =Frequency!$H$14/12 -> 188921.25 | Y17: =Frequency!$H$14/12 -> 188921.25 | Z17: =Frequency!$H$14/12 -> 188921.25 | AA17: =Frequency!$H$14/12 -> 188921.25 | AB17: =Frequency!$H$14/12 -> 188921.25 | AC17: =SUM(Q17:AB17) -> 1700291.2 | AD17: =Frequency!$H$14/12 -> 188921.25 | AE17: =Frequency!$H$14/12 -> 188921.25 | AF17: =Frequency!$H$14/12 -> 188921.25 | AG17: =Frequency!$H$24/12 -> 453411 | AH17: =Frequency!$H$24/12 -> 453411 | AI17: =Frequency!$H$24/12 -> 453411 | AJ17: =Frequency!$H$24/12 -> 453411 | AK17: =Frequency!$H$24/12 -> 453411 | AL17: =Frequency!$H$24/12 -> 453411 | AM17: =Frequency!$H$24/12 -> 453411 | AN17: =Frequency!$H$24/12 -> 453411 | AO17: =Frequency!$H$24/12 -> 453411 | AP17: =SUM(AD17:AO17) -> 4647462.8 | AQ17: =Frequency!$H$24/12 -> 453411 | AR17: =Frequency!$H$24/12 -> 453411 | AS17: =Frequency!$H$24/12 -> 453411 | AT17: =Frequency!$H$34/12 -> 816139.8 | AU17: =Frequency!$H$34/12 -> 816139.8 | AV17: =Frequency!$H$34/12 -> 816139.8 | AW17: =Frequency!$H$34/12 -> 816139.8 | AX17: =Frequency!$H$34/12 -> 816139.8 | AY17: =Frequency!$H$34/12 -> 816139.8 | AZ17: =Frequency!$H$34/12 -> 816139.8 | BA17: =Frequency!$H$34/12 -> 816139.8 | BB17: =Frequency!$H$34/12 -> 816139.8 | BC17: =SUM(AQ17:BB17) -> 8705491.2 | BD17: =Frequency!$H$34/12 -> 816139.8 | BE17: =Frequency!$H$34/12 -> 816139.8 | BF17: =Frequency!$H$34/12 -> 816139.8 | BG17: =Frequency!$H$34/12 -> 816139.8 | BH17: =Frequency!$H$34/12 -> 816139.8 | BI17: =Frequency!$H$34/12 -> 816139.8 | BJ17: =Frequency!$H$34/12 -> 816139.8 | BK17: =Frequency!$H$34/12 -> 816139.8 | ... BO17: =Frequency!$H$34/12 -> 816139.8 | BP17: =SUM(BD17:BO17) -> 9793677.6 | BQ17: =P17+AC17+AP17+BC17+BP17 -> 24846923
A18: Non-Card Revenue
B19: Inside Card Revenue | C19: 0.1 | D19: 0 | E19: 0 | F19: 0 | G19: 0 | H19: 0 | I19: 0 | J19: 0 | K19: 0 | L19: 0 | M19: 0 | N19: 0 | O19: =N19*(1+$C19) -> 0 | P19: =SUM(D19:O19) -> 0 | Q19: 10000 | R19: =Q19*(1+$C19) -> 11000 | S19: =R19*(1+$C19) -> 12100 | T19: =S19*(1+$C19) -> 13310 | U19: =T19*(1+$C19) -> 14641 | V19: =U19*(1+$C19) -> 16105.1 | W19: =V19*(1+$C19) -> 17715.61 | X19: =W19*(1+$C19) -> 19487.171 | Y19: =X19*(1+$C19) -> 21435.888 | ... AB19: =AA19*(1+$C19) -> 28531.167 | AC19: =SUM(Q19:AB19) -> 213842.84 | AD19: =AB19*(1+$C19) -> 31384.284 | AE19: =AD19*(1+$C19) -> 34522.712 | AF19: =AE19*(1+$C19) -> 37974.983 | AG19: =AF19*(1+$C19) -> 41772.482 | AH19: =AG19*(1+$C19) -> 45949.73 | AI19: =AH19*(1+$C19) -> 50544.703 | AJ19: =AI19*(1+$C19) -> 55599.173 | AK19: =AJ19*(1+$C19) -> 61159.09 | AL19: =AK19*(1+$C19) -> 67274.999 | ... AO19: =AN19*(1+$C19) -> 89543.024 | AP19: =SUM(AD19:AO19) -> 671130.43 | AQ19: =AO19*(1+$C19) -> 98497.327 | AR19: =AQ19*(1+$C19) -> 108347.06 | AS19: =AR19*(1+$C19) -> 119181.77 | AT19: =AS19*(1+$C19) -> 131099.94 | AU19: =AT19*(1+$C19) -> 144209.94 | AV19: =AU19*(1+$C19) -> 158630.93 | AW19: =AV19*(1+$C19) -> 174494.02 | AX19: =AW19*(1+$C19) -> 191943.42 | AY19: =AX19*(1+$C19) -> 211137.77 | ... BB19: =BA19*(1+$C19) -> 281024.37 | BC19: =SUM(AQ19:BB19) -> 2106294.8 | BD19: =BB19*(1+$C19) -> 309126.81 | BE19: =BD19*(1+$C19) -> 340039.49 | BF19: =BE19*(1+$C19) -> 374043.43 | BG19: =BF19*(1+$C19) -> 411447.78 | BH19: =BG19*(1+$C19) -> 452592.56 | BI19: =BH19*(1+$C19) -> 497851.81 | BJ19: =BI19*(1+$C19) -> 547636.99 | BK19: =BJ19*(1+$C19) -> 602400.69 | BL19: =BK19*(1+$C19) -> 662640.76 | ... BO19: =BN19*(1+$C19) -> 881974.85 | BP19: =SUM(BD19:BO19) -> 6610455.3 | BQ19: =P19+AC19+AP19+BC19+BP19 -> 9601723.4
B20: Sponsorship Revenue | C20: 0.07 | D20: 0 | E20: 0 | F20: 0 | G20: 0 | H20: 0 | I20: 0 | J20: 0 | K20: 0 | L20: 0 | N20: 0 | O20: 0 | P20: =SUM(D20:O20) -> 0 | Q20: 50000 | R20: =Q20 -> 50000 | S20: =R20 -> 50000 | T20: =S20 -> 50000 | U20: =T20 -> 50000 | V20: =U20 -> 50000 | W20: =V20 -> 50000 | X20: =W20 -> 50000 | Y20: =X20 -> 50000 | ... AB20: =AA20 -> 50000 | AC20: =SUM(Q20:AB20) -> 600000 | AD20: =AB20*(1+$C20) -> 53500 | AE20: =AD20*(1+$C20) -> 57245 | AF20: =AE20*(1+$C20) -> 61252.15 | AG20: =AF20*(1+$C20) -> 65539.801 | AH20: =AG20*(1+$C20) -> 70127.587 | AI20: =AH20*(1+$C20) -> 75036.518 | AJ20: =AI20*(1+$C20) -> 80289.074 | AK20: =AJ20*(1+$C20) -> 85909.309 | AL20: =AK20*(1+$C20) -> 91922.961 | ... AO20: =AN20*(1+$C20) -> 112609.58 | AP20: =SUM(AD20:AO20) -> 957032.14 | AQ20: =AO20*(1+$C20) -> 120492.25 | AR20: =AQ20*(1+$C20) -> 128926.71 | AS20: =AR20*(1+$C20) -> 137951.58 | AT20: =AS20*(1+$C20) -> 147608.19 | AU20: =AT20*(1+$C20) -> 157940.76 | AV20: =AU20*(1+$C20) -> 168996.61 | AW20: =AV20*(1+$C20) -> 180826.38 | AX20: =AW20*(1+$C20) -> 193484.22 | AY20: =AX20*(1+$C20) -> 207028.12 | ... BB20: =BA20*(1+$C20) -> 253618.35 | BC20: =SUM(AQ20:BB20) -> 2155419.7 | BD20: =BB20*(1+$C20) -> 271371.63 | BE20: =BD20*(1+$C20) -> 290367.65 | BF20: =BE20*(1+$C20) -> 310693.38 | BG20: =BF20*(1+$C20) -> 332441.92 | BH20: =BG20*(1+$C20) -> 355712.85 | BI20: =BH20*(1+$C20) -> 380612.75 | BJ20: =BI20*(1+$C20) -> 407255.64 | BK20: =BJ20*(1+$C20) -> 435763.54 | BL20: =BK20*(1+$C20) -> 466266.99 | ... BO20: =BN20*(1+$C20) -> 571197.11 | BP20: =SUM(BD20:BO20) -> 4854418.2 | BQ20: =P20+AC20+AP20+BC20+BP20 -> 8566870.1
B21: Services Revenue | C21: 0.1 | D21: 0 | E21: 0 | F21: 0 | G21: 0 | H21: 0 | I21: 0 | J21: 0 | K21: 0 | L21: 0 | M21: 0 | N21: 0 | O21: =N21*(1+$C21) -> 0 | P21: =SUM(D21:O21) -> 0 | Q21: 10000 | R21: =Q21*(1+$C21) -> 11000 | S21: =R21*(1+$C21) -> 12100 | T21: =S21*(1+$C21) -> 13310 | U21: =T21*(1+$C21) -> 14641 | V21: =U21*(1+$C21) -> 16105.1 | W21: =V21*(1+$C21) -> 17715.61 | X21: =W21*(1+$C21) -> 19487.171 | Y21: =X21*(1+$C21) -> 21435.888 | ... AB21: =AA21*(1+$C21) -> 28531.167 | AC21: =SUM(Q21:AB21) -> 213842.84 | AD21: =AB21*(1+$C21) -> 31384.284 | AE21: =AD21*(1+$C21) -> 34522.712 | AF21: =AE21*(1+$C21) -> 37974.983 | AG21: =AF21*(1+$C21) -> 41772.482 | AH21: =AG21*(1+$C21) -> 45949.73 | AI21: =AH21*(1+$C21) -> 50544.703 | AJ21: =AI21*(1+$C21) -> 55599.173 | AK21: =AJ21*(1+$C21) -> 61159.09 | AL21: =AK21*(1+$C21) -> 67274.999 | ... AO21: =AN21*(1+$C21) -> 89543.024 | AP21: =SUM(AD21:AO21) -> 671130.43 | AQ21: =AO21*(1+$C21) -> 98497.327 | AR21: =AQ21*(1+$C21) -> 108347.06 | AS21: =AR21*(1+$C21) -> 119181.77 | AT21: =AS21*(1+$C21) -> 131099.94 | AU21: =AT21*(1+$C21) -> 144209.94 | AV21: =AU21*(1+$C21) -> 158630.93 | AW21: =AV21*(1+$C21) -> 174494.02 | AX21: =AW21*(1+$C21) -> 191943.42 | AY21: =AX21*(1+$C21) -> 211137.77 | ... BB21: =BA21*(1+$C21) -> 281024.37 | BC21: =SUM(AQ21:BB21) -> 2106294.8 | BD21: =BB21*(1+$C21) -> 309126.81 | BE21: =BD21*(1+$C21) -> 340039.49 | BF21: =BE21*(1+$C21) -> 374043.43 | BG21: =BF21*(1+$C21) -> 411447.78 | BH21: =BG21*(1+$C21) -> 452592.56 | BI21: =BH21*(1+$C21) -> 497851.81 | BJ21: =BI21*(1+$C21) -> 547636.99 | BK21: =BJ21*(1+$C21) -> 602400.69 | BL21: =BK21*(1+$C21) -> 662640.76 | ... BO21: =BN21*(1+$C21) -> 881974.85 | BP21: =SUM(BD21:BO21) -> 6610455.3 | BQ21: =P21+AC21+AP21+BC21+BP21 -> 9601723.4
B22: Total Revenue | D22: =SUM(D7:D21) -> 0 | E22: =SUM(E7:E21) -> 0 | F22: =SUM(F7:F21) -> 0 | G22: =SUM(G7:G21) -> 0 | H22: =SUM(H7:H21) -> 0 | I22: =SUM(I7:I21) -> 0 | J22: =SUM(J7:J21) -> 0 | K22: =SUM(K7:K21) -> 0 | ... BQ22: =SUM(BQ7:BQ21) -> 3.399221e+08
B24: Cost of Goods Sold
A25: Cost of Goods Sold
B26: Cards & Packaging - BKFC | D26: =BKFC!C99 -> 0 | E26: =BKFC!D99 -> 0 | F26: =BKFC!E99 -> 0 | G26: =BKFC!F99 -> 0 | H26: =BKFC!G99 -> 0 | I26: =BKFC!H99 -> 0 | J26: =BKFC!I99 -> 0 | K26: =BKFC!J99 -> 0 | ... O26: =BKFC!N99 -> 0 | P26: =SUM(D26:O26) -> 417165.84 | Q26: =BKFC!P99 -> 1292472.7 | R26: =BKFC!Q99 -> 973386.97 | S26: =BKFC!R99 -> 80368.662 | T26: =BKFC!S99 -> 3015769.6 | U26: =BKFC!T99 -> 187526.88 | V26: =BKFC!U99 -> 544799.43 | W26: =BKFC!V99 -> 0 | X26: =BKFC!W99 -> 1271198.7 | ... AB26: =BKFC!AA99 -> 80368.662 | AC26: =SUM(Q26:AB26) -> 13361398 | AD26: =BKFC!AC99 -> 267895.54 | AE26: =BKFC!AD99 -> 187526.88 | AF26: =BKFC!AE99 -> 0 | AG26: =BKFC!AF99 -> 0 | AH26: =BKFC!AG99 -> 804144.04 | AI26: =BKFC!AH99 -> 0 | AJ26: =BKFC!AI99 -> 1876336.1 | AK26: =BKFC!AJ99 -> 2460381.4 | ... AO26: =BKFC!AN99 -> 0 | AP26: =SUM(AD26:AO26) -> 11449690 | AQ26: =BKFC!AP99 -> 262537.62 | AR26: =BKFC!AQ99 -> 0 | AS26: =BKFC!AR99 -> 0 | AT26: =BKFC!AS99 -> 0 | AU26: =BKFC!AT99 -> 981330.43 | AV26: =BKFC!AU99 -> 0 | AW26: =BKFC!AV99 -> 2289771 | AX26: =BKFC!AW99 -> 2892977 | ... BB26: =BKFC!BA99 -> 0 | BC26: =SUM(AQ26:BB26) -> 13337633 | BD26: =BKFC!BC99 -> 375053.75 | BE26: =BKFC!BD99 -> 0 | BF26: =BKFC!BE99 -> 0 | BG26: =BKFC!BF99 -> 0 | BH26: =BKFC!BG99 -> 1158516.8 | BI26: =BKFC!BH99 -> 0 | BJ26: =BKFC!BI99 -> 2703205.9 | BK26: =BKFC!BJ99 -> 3566673.1 | ... BO26: =BKFC!BN99 -> 468817.19 | BP26: =SUM(BD26:BO26) -> 16795426 | BQ26: =P26+AC26+AP26+BC26+BP26 -> 55361312
B27: Cards & Packaging - Ted | D27: =Ted!C99 -> 0 | E27: =Ted!D99 -> 0 | F27: =Ted!E99 -> 0 | G27: =Ted!F99 -> 0 | H27: =Ted!G99 -> 0 | I27: =Ted!H99 -> 0 | J27: =Ted!I99 -> 0 | K27: =Ted!J99 -> 0 | ... O27: =Ted!N99 -> 0 | P27: =SUM(D27:O27) -> 0 | Q27: =Ted!P99 -> 0 | R27: =Ted!Q99 -> 0 | S27: =Ted!R99 -> 0 | T27: =Ted!S99 -> 0 | U27: =Ted!T99 -> 0 | V27: =Ted!U99 -> 0 | W27: =Ted!V99 -> 1129236.5 | X27: =Ted!W99 -> 0 | ... AB27: =Ted!AA99 -> 0 | AC27: =SUM(Q27:AB27) -> 1129236.5 | AD27: =Ted!AC99 -> 0 | AE27: =Ted!AD99 -> 0 | AF27: =Ted!AE99 -> 0 | AG27: =Ted!AF99 -> 0 | AH27: =Ted!AG99 -> 0 | AI27: =Ted!AH99 -> 0 | AJ27: =Ted!AI99 -> 1619643.1 | AK27: =Ted!AJ99 -> 0 | ... AO27: =Ted!AN99 -> 0 | AP27: =SUM(AD27:AO27) -> 1619643.1 | AQ27: =Ted!AP99 -> 0 | AR27: =Ted!AQ99 -> 0 | AS27: =Ted!AR99 -> 0 | AT27: =Ted!AS99 -> 0 | AU27: =Ted!AT99 -> 0 | AV27: =Ted!AU99 -> 0 | AW27: =Ted!AV99 -> 2110049.8 | AX27: =Ted!AW99 -> 0 | ... BB27: =Ted!BA99 -> 0 | BC27: =SUM(AQ27:BB27) -> 2110049.8 | BD27: =Ted!BC99 -> 0 | BE27: =Ted!BD99 -> 0 | BF27: =Ted!BE99 -> 0 | BG27: =Ted!BF99 -> 0 | BH27: =Ted!BG99 -> 0 | BI27: =Ted!BH99 -> 0 | BJ27: =Ted!BI99 -> 2600456.4 | BK27: =Ted!BJ99 -> 0 | ... BO27: =Ted!BN99 -> 0 | BP27: =SUM(BD27:BO27) -> 2600456.4 | BQ27: =P27+AC27+AP27+BC27+BP27 -> 7459385.8
B28: Cards & Packaging - CareBears | D28: =CareBears!C99 -> 0 | E28: =CareBears!D99 -> 0 | F28: =CareBears!E99 -> 0 | G28: =CareBears!F99 -> 0 | H28: =CareBears!G99 -> 0 | I28: =CareBears!H99 -> 0 | J28: =CareBears!I99 -> 0 | K28: =CareBears!J99 -> 0 | ... O28: =CareBears!N99 -> 0 | P28: =SUM(D28:O28) -> 0 | Q28: =CareBears!P99 -> 0 | R28: =CareBears!Q99 -> 0 | S28: =CareBears!R99 -> 0 | T28: =CareBears!S99 -> 422626.5 | U28: =CareBears!T99 -> 0 | V28: =CareBears!U99 -> 0 | W28: =CareBears!V99 -> 0 | X28: =CareBears!W99 -> 0 | ... AB28: =CareBears!AA99 -> 0 | AC28: =SUM(Q28:AB28) -> 1398549.6 | AD28: =CareBears!AC99 -> 0 | AE28: =CareBears!AD99 -> 0 | AF28: =CareBears!AE99 -> 0 | AG28: =CareBears!AF99 -> 499617.83 | AH28: =CareBears!AG99 -> 0 | AI28: =CareBears!AH99 -> 0 | AJ28: =CareBears!AI99 -> 0 | AK28: =CareBears!AJ99 -> 0 | ... AO28: =CareBears!AN99 -> 0 | AP28: =SUM(AD28:AO28) -> 999235.66 | AQ28: =CareBears!AP99 -> 0 | AR28: =CareBears!AQ99 -> 0 | AS28: =CareBears!AR99 -> 0 | AT28: =CareBears!AS99 -> 523409.15 | AU28: =CareBears!AT99 -> 0 | AV28: =CareBears!AU99 -> 0 | AW28: =CareBears!AV99 -> 0 | AX28: =CareBears!AW99 -> 0 | ... BB28: =CareBears!BA99 -> 0 | BC28: =SUM(AQ28:BB28) -> 1046818.3 | BD28: =CareBears!BC99 -> 0 | BE28: =CareBears!BD99 -> 0 | BF28: =CareBears!BE99 -> 0 | BG28: =CareBears!BF99 -> 0 | BH28: =CareBears!BG99 -> 0 | BI28: =CareBears!BH99 -> 0 | BJ28: =CareBears!BI99 -> 0 | BK28: =CareBears!BJ99 -> 0 | ... BO28: =CareBears!BN99 -> 0 | BP28: =SUM(BD28:BO28) -> 0 | BQ28: =P28+AC28+AP28+BC28+BP28 -> 3444603.6
B29: Cards & Packaging - Blumhouse | D29: =Blumhouse!C99 -> 0 | E29: =Blumhouse!D99 -> 0 | F29: =Blumhouse!E99 -> 0 | G29: =Blumhouse!F99 -> 0 | H29: =Blumhouse!G99 -> 0 | I29: =Blumhouse!H99 -> 0 | J29: =Blumhouse!I99 -> 0 | K29: =Blumhouse!J99 -> 0 | ... O29: =Blumhouse!N99 -> 0 | P29: =SUM(D29:O29) -> 0 | Q29: =Blumhouse!P99 -> 0 | R29: =Blumhouse!Q99 -> 0 | S29: =Blumhouse!R99 -> 0 | T29: =Blumhouse!S99 -> 0 | U29: =Blumhouse!T99 -> 0 | V29: =Blumhouse!U99 -> 0 | W29: =Blumhouse!V99 -> 691020.5 | X29: =Blumhouse!W99 -> 0 | ... AB29: =Blumhouse!AA99 -> 0 | AC29: =SUM(Q29:AB29) -> 691020.5 | AD29: =Blumhouse!AC99 -> 0 | AE29: =Blumhouse!AD99 -> 0 | AF29: =Blumhouse!AE99 -> 0 | AG29: =Blumhouse!AF99 -> 0 | AH29: =Blumhouse!AG99 -> 0 | AI29: =Blumhouse!AH99 -> 0 | AJ29: =Blumhouse!AI99 -> 529075.9 | AK29: =Blumhouse!AJ99 -> 0 | ... AO29: =Blumhouse!AN99 -> 0 | AP29: =SUM(AD29:AO29) -> 529075.9 | AQ29: =Blumhouse!AP99 -> 0 | AR29: =Blumhouse!AQ99 -> 0 | AS29: =Blumhouse!AR99 -> 0 | AT29: =Blumhouse!AS99 -> 0 | AU29: =Blumhouse!AT99 -> 0 | AV29: =Blumhouse!AU99 -> 0 | AW29: =Blumhouse!AV99 -> 529075.9 | AX29: =Blumhouse!AW99 -> 0 | ... BB29: =Blumhouse!BA99 -> 0 | BC29: =SUM(AQ29:BB29) -> 529075.9 | BD29: =Blumhouse!BC99 -> 0 | BE29: =Blumhouse!BD99 -> 0 | BF29: =Blumhouse!BE99 -> 0 | BG29: =Blumhouse!BF99 -> 0 | BH29: =Blumhouse!BG99 -> 0 | BI29: =Blumhouse!BH99 -> 0 | BJ29: =Blumhouse!BI99 -> 529075.9 | BK29: =Blumhouse!BJ99 -> 0 | ... BO29: =Blumhouse!BN99 -> 0 | BP29: =SUM(BD29:BO29) -> 529075.9 | BQ29: =P29+AC29+AP29+BC29+BP29 -> 2278248.2
B30: Cards & Packaging - Tatsunoko | D30: =Tatsunoko!C99 -> 0 | E30: =Tatsunoko!D99 -> 0 | F30: =Tatsunoko!E99 -> 0 | G30: =Tatsunoko!F99 -> 0 | H30: =Tatsunoko!G99 -> 0 | I30: =Tatsunoko!H99 -> 0 | J30: =Tatsunoko!I99 -> 0 | K30: =Tatsunoko!J99 -> 0 | ... O30: =Tatsunoko!N99 -> 0 | P30: =SUM(D30:O30) -> 0 | Q30: =Tatsunoko!P99 -> 0 | R30: =Tatsunoko!Q99 -> 0 | S30: =Tatsunoko!R99 -> 0 | T30: =Tatsunoko!S99 -> 0 | U30: =Tatsunoko!T99 -> 0 | V30: =Tatsunoko!U99 -> 0 | W30: =Tatsunoko!V99 -> 793613.85 | X30: =Tatsunoko!W99 -> 0 | ... AB30: =Tatsunoko!AA99 -> 0 | AC30: =SUM(Q30:AB30) -> 793613.85 | AD30: =Tatsunoko!AC99 -> 0 | AE30: =Tatsunoko!AD99 -> 0 | AF30: =Tatsunoko!AE99 -> 0 | AG30: =Tatsunoko!AF99 -> 0 | AH30: =Tatsunoko!AG99 -> 0 | AI30: =Tatsunoko!AH99 -> 0 | AJ30: =Tatsunoko!AI99 -> 529075.9 | AK30: =Tatsunoko!AJ99 -> 0 | ... AO30: =Tatsunoko!AN99 -> 0 | AP30: =SUM(AD30:AO30) -> 529075.9 | AQ30: =Tatsunoko!AP99 -> 0 | AR30: =Tatsunoko!AQ99 -> 0 | AS30: =Tatsunoko!AR99 -> 0 | AT30: =Tatsunoko!AS99 -> 0 | AU30: =Tatsunoko!AT99 -> 0 | AV30: =Tatsunoko!AU99 -> 0 | AW30: =Tatsunoko!AV99 -> 529075.9 | AX30: =Tatsunoko!AW99 -> 0 | ... BB30: =Tatsunoko!BA99 -> 0 | BC30: =SUM(AQ30:BB30) -> 529075.9 | BD30: =Tatsunoko!BC99 -> 0 | BE30: =Tatsunoko!BD99 -> 0 | BF30: =Tatsunoko!BE99 -> 0 | BG30: =Tatsunoko!BF99 -> 0 | BH30: =Tatsunoko!BG99 -> 0 | BI30: =Tatsunoko!BH99 -> 0 | BJ30: =Tatsunoko!BI99 -> 529075.9 | BK30: =Tatsunoko!BJ99 -> 0 | ... BO30: =Tatsunoko!BN99 -> 0 | BP30: =SUM(BD30:BO30) -> 529075.9 | BQ30: =P30+AC30+AP30+BC30+BP30 -> 2380841.5
B31: Cards & Packaging - PPA/MLP | D31: ='PPA MLP'!C99 -> 0 | E31: ='PPA MLP'!D99 -> 0 | F31: ='PPA MLP'!E99 -> 0 | G31: ='PPA MLP'!F99 -> 0 | H31: ='PPA MLP'!G99 -> 0 | I31: ='PPA MLP'!H99 -> 0 | J31: ='PPA MLP'!I99 -> 0 | K31: ='PPA MLP'!J99 -> 0 | ... O31: ='PPA MLP'!N99 -> 0 | P31: =SUM(D31:O31) -> 0 | Q31: ='PPA MLP'!P99 -> 0 | R31: ='PPA MLP'!Q99 -> 0 | S31: ='PPA MLP'!R99 -> 0 | T31: ='PPA MLP'!S99 -> 0 | U31: ='PPA MLP'!T99 -> 0 | V31: ='PPA MLP'!U99 -> 0 | W31: ='PPA MLP'!V99 -> 275783.91 | X31: ='PPA MLP'!W99 -> 0 | ... AB31: ='PPA MLP'!AA99 -> 0 | AC31: =SUM(Q31:AB31) -> 513490.77 | AD31: ='PPA MLP'!AC99 -> 0 | AE31: ='PPA MLP'!AD99 -> 0 | AF31: ='PPA MLP'!AE99 -> 0 | AG31: ='PPA MLP'!AF99 -> 0 | AH31: ='PPA MLP'!AG99 -> 0 | AI31: ='PPA MLP'!AH99 -> 0 | AJ31: ='PPA MLP'!AI99 -> 386097.47 | AK31: ='PPA MLP'!AJ99 -> 0 | ... AO31: ='PPA MLP'!AN99 -> 0 | AP31: =SUM(AD31:AO31) -> 718887.08 | AQ31: ='PPA MLP'!AP99 -> 0 | AR31: ='PPA MLP'!AQ99 -> 0 | AS31: ='PPA MLP'!AR99 -> 0 | AT31: ='PPA MLP'!AS99 -> 0 | AU31: ='PPA MLP'!AT99 -> 0 | AV31: ='PPA MLP'!AU99 -> 0 | AW31: ='PPA MLP'!AV99 -> 521313.25 | AX31: ='PPA MLP'!AW99 -> 0 | ... BB31: ='PPA MLP'!BA99 -> 0 | BC31: =SUM(AQ31:BB31) -> 970895.06 | BD31: ='PPA MLP'!BC99 -> 0 | BE31: ='PPA MLP'!BD99 -> 0 | BF31: ='PPA MLP'!BE99 -> 0 | BG31: ='PPA MLP'!BF99 -> 0 | BH31: ='PPA MLP'!BG99 -> 0 | BI31: ='PPA MLP'!BH99 -> 0 | BJ31: ='PPA MLP'!BI99 -> 677440.73 | BK31: ='PPA MLP'!BJ99 -> 0 | ... BO31: ='PPA MLP'!BN99 -> 71248.81 | BP31: =SUM(BD31:BO31) -> 1333353.5 | BQ31: =P31+AC31+AP31+BC31+BP31 -> 3536626.4
B32: Cards & Packaging - Pipeline | D32: 0 | E32: 0 | F32: 0 | G32: 0 | H32: 0 | I32: 0 | J32: 0 | K32: 0 | L32: 0 | M32: 0 | P32: =SUM(D32:O32) -> 0 | Q32: 0 | R32: 0 | S32: 0 | T32: 0 | U32: 0 | V32: =-'Pipeline (Projected)'!$J$27/12 -> 11200 | W32: =-'Pipeline (Projected)'!$J$27/12 -> 11200 | X32: =-'Pipeline (Projected)'!$J$27/12 -> 11200 | Y32: =-'Pipeline (Projected)'!$J$27/12 -> 11200 | Z32: =-'Pipeline (Projected)'!$J$28/12 -> 414400 | AA32: =-'Pipeline (Projected)'!$J$28/12 -> 414400 | AB32: =-'Pipeline (Projected)'!$J$28/12 -> 414400 | AC32: =SUM(Q32:AB32) -> 1288000 | AD32: =-'Pipeline (Projected)'!$J$28/12 -> 414400 | AE32: =-'Pipeline (Projected)'!$J$28/12 -> 414400 | AF32: =-'Pipeline (Projected)'!$J$28/12 -> 414400 | AG32: =-'Pipeline (Projected)'!$J$28/12 -> 414400 | AH32: =-'Pipeline (Projected)'!$J$28/12 -> 414400 | AI32: =-'Pipeline (Projected)'!$J$28/12 -> 414400 | AJ32: =-'Pipeline (Projected)'!$J$28/12 -> 414400 | AK32: =-'Pipeline (Projected)'!$J$28/12 -> 414400 | AL32: =-'Pipeline (Projected)'!$J$28/12 -> 414400 | AM32: =-'Pipeline (Projected)'!$J$29/12 -> 1097600 | AN32: =-'Pipeline (Projected)'!$J$29/12 -> 1097600 | AO32: =-'Pipeline (Projected)'!$J$29/12 -> 1097600 | AP32: =SUM(AD32:AO32) -> 7022400 | AQ32: =-'Pipeline (Projected)'!$J$29/12 -> 1097600 | AR32: =-'Pipeline (Projected)'!$J$29/12 -> 1097600 | AS32: =-'Pipeline (Projected)'!$J$29/12 -> 1097600 | AT32: =-'Pipeline (Projected)'!$J$29/12 -> 1097600 | AU32: =-'Pipeline (Projected)'!$J$29/12 -> 1097600 | AV32: =-'Pipeline (Projected)'!$J$29/12 -> 1097600 | AW32: =-'Pipeline (Projected)'!$J$29/12 -> 1097600 | AX32: =-'Pipeline (Projected)'!$J$29/12 -> 1097600 | AY32: =-'Pipeline (Projected)'!$J$29/12 -> 1097600 | AZ32: =-'Pipeline (Projected)'!$J$30/12 -> 1780800 | BA32: =-'Pipeline (Projected)'!$J$30/12 -> 1780800 | BB32: =-'Pipeline (Projected)'!$J$30/12 -> 1780800 | BC32: =SUM(AQ32:BB32) -> 15220800 | BD32: =-'Pipeline (Projected)'!$J$30/12 -> 1780800 | BE32: =-'Pipeline (Projected)'!$J$30/12 -> 1780800 | BF32: =-'Pipeline (Projected)'!$J$30/12 -> 1780800 | BG32: =-'Pipeline (Projected)'!$J$31/12 -> 2464000 | BH32: =-'Pipeline (Projected)'!$J$31/12 -> 2464000 | BI32: =-'Pipeline (Projected)'!$J$31/12 -> 2464000 | BJ32: =-'Pipeline (Projected)'!$J$31/12 -> 2464000 | BK32: =-'Pipeline (Projected)'!$J$31/12 -> 2464000 | BL32: =-'Pipeline (Projected)'!$J$31/12 -> 2464000 | BM32: =-'Pipeline (Projected)'!$J$31/12 -> 2464000 | BN32: =-'Pipeline (Projected)'!$J$31/12 -> 2464000 | BO32: =-'Pipeline (Projected)'!$J$31/12 -> 2464000 | BP32: =SUM(BD32:BO32) -> 27518400 | BQ32: =P32+AC32+AP32+BC32+BP32 -> 51049600
B33: Cards & Packaging - Frequency | D33: 0 | E33: 0 | F33: 0 | G33: 0 | H33: 0 | I33: 0 | J33: 0 | K33: 0 | L33: 0 | M33: 0 | P33: =SUM(D33:O33) -> 0 | Q33: 0 | R33: 0 | S33: 0 | T33: =Frequency!$J$14/12 -> 2756.25 | U33: =Frequency!$J$14/12 -> 2756.25 | V33: =Frequency!$J$14/12 -> 2756.25 | W33: =Frequency!$J$14/12 -> 2756.25 | X33: =Frequency!$J$14/12 -> 2756.25 | Y33: =Frequency!$J$14/12 -> 2756.25 | Z33: =Frequency!$J$14/12 -> 2756.25 | AA33: =Frequency!$J$14/12 -> 2756.25 | AB33: =Frequency!$J$14/12 -> 2756.25 | AC33: =SUM(Q33:AB33) -> 24806.25 | AD33: =Frequency!$J$14/12 -> 2756.25 | AE33: =Frequency!$J$14/12 -> 2756.25 | AF33: =Frequency!$J$14/12 -> 2756.25 | AG33: =Frequency!$J$24/12 -> 6615 | AH33: =Frequency!$J$24/12 -> 6615 | AI33: =Frequency!$J$24/12 -> 6615 | AJ33: =Frequency!$J$24/12 -> 6615 | AK33: =Frequency!$J$24/12 -> 6615 | AL33: =Frequency!$J$24/12 -> 6615 | AM33: =Frequency!$J$24/12 -> 6615 | AN33: =Frequency!$J$24/12 -> 6615 | AO33: =Frequency!$J$24/12 -> 6615 | AP33: =SUM(AD33:AO33) -> 67803.75 | AQ33: =Frequency!$J$24/12 -> 6615 | AR33: =Frequency!$J$24/12 -> 6615 | AS33: =Frequency!$J$24/12 -> 6615 | AT33: =Frequency!$J$34/12 -> 11907 | AU33: =Frequency!$J$34/12 -> 11907 | AV33: =Frequency!$J$34/12 -> 11907 | AW33: =Frequency!$J$34/12 -> 11907 | AX33: =Frequency!$J$34/12 -> 11907 | AY33: =Frequency!$J$34/12 -> 11907 | AZ33: =Frequency!$J$34/12 -> 11907 | BA33: =Frequency!$J$34/12 -> 11907 | BB33: =Frequency!$J$34/12 -> 11907 | BC33: =SUM(AQ33:BB33) -> 127008 | BD33: =Frequency!$J$34/12 -> 11907 | BE33: =Frequency!$J$34/12 -> 11907 | BF33: =Frequency!$J$34/12 -> 11907 | BG33: =Frequency!$J$34/12 -> 11907 | BH33: =Frequency!$J$34/12 -> 11907 | BI33: =Frequency!$J$34/12 -> 11907 | BJ33: =Frequency!$J$34/12 -> 11907 | BK33: =Frequency!$J$34/12 -> 11907 | ... BO33: =Frequency!$J$34/12 -> 11907 | BP33: =SUM(BD33:BO33) -> 142884 | BQ33: =P33+AC33+AP33+BC33+BP33 -> 362502
B34: Freight & Fulfillment - BKFC | D34: =BKFC!C100 -> 0 | E34: =BKFC!D100 -> 0 | F34: =BKFC!E100 -> 0 | G34: =BKFC!F100 -> 0 | H34: =BKFC!G100 -> 0 | I34: =BKFC!H100 -> 0 | J34: =BKFC!I100 -> 0 | K34: =BKFC!J100 -> 0 | ... O34: =BKFC!N100 -> 29586.23 | P34: =SUM(D34:O34) -> 29586.23 | Q34: =BKFC!P100 -> 0 | R34: =BKFC!Q100 -> 91664.731 | S34: =BKFC!R100 -> 0 | T34: =BKFC!S100 -> 5699.905 | U34: =BKFC!T100 -> 0 | V34: =BKFC!U100 -> 0 | W34: =BKFC!V100 -> 38638.257 | X34: =BKFC!W100 -> 0 | ... AB34: =BKFC!AA100 -> 0 | AC34: =SUM(Q34:AB34) -> 261864.73 | AD34: =BKFC!AC100 -> 5699.905 | AE34: =BKFC!AD100 -> 0 | AF34: =BKFC!AE100 -> 0 | AG34: =BKFC!AF100 -> 0 | AH34: =BKFC!AG100 -> 0 | AI34: =BKFC!AH100 -> 0 | AJ34: =BKFC!AI100 -> 57031.493 | AK34: =BKFC!AJ100 -> 0 | ... AO34: =BKFC!AN100 -> 0 | AP34: =SUM(AD34:AO34) -> 237226.53 | AQ34: =BKFC!AP100 -> 7979.867 | AR34: =BKFC!AQ100 -> 0 | AS34: =BKFC!AR100 -> 0 | AT34: =BKFC!AS100 -> 0 | AU34: =BKFC!AT100 -> 0 | AV34: =BKFC!AU100 -> 0 | AW34: =BKFC!AV100 -> 69597.902 | AX34: =BKFC!AW100 -> 0 | ... BB34: =BKFC!BA100 -> 0 | BC34: =SUM(AQ34:BB34) -> 282753.44 | BD34: =BKFC!BC100 -> 11399.81 | BE34: =BKFC!BD100 -> 0 | BF34: =BKFC!BE100 -> 0 | BG34: =BKFC!BF100 -> 0 | BH34: =BKFC!BG100 -> 0 | BI34: =BKFC!BH100 -> 0 | BJ34: =BKFC!BI100 -> 82164.312 | BK34: =BKFC!BJ100 -> 0 | ... BO34: =BKFC!BN100 -> 14249.763 | BP34: =SUM(BD34:BO34) -> 360769.43 | BQ34: =P34+AC34+AP34+BC34+BP34 -> 1172200.4
B35: Freight & Fulfillment - Ted | D35: =Ted!C100 -> 0 | E35: =Ted!D100 -> 0 | F35: =Ted!E100 -> 0 | G35: =Ted!F100 -> 0 | H35: =Ted!G100 -> 0 | I35: =Ted!H100 -> 0 | J35: =Ted!I100 -> 0 | K35: =Ted!J100 -> 0 | ... O35: =Ted!N100 -> 0 | P35: =SUM(D35:O35) -> 0 | Q35: =Ted!P100 -> 0 | R35: =Ted!Q100 -> 0 | S35: =Ted!R100 -> 0 | T35: =Ted!S100 -> 0 | U35: =Ted!T100 -> 0 | V35: =Ted!U100 -> 0 | W35: =Ted!V100 -> 22584.73 | X35: =Ted!W100 -> 0 | ... AB35: =Ted!AA100 -> 0 | AC35: =SUM(Q35:AB35) -> 22584.73 | AD35: =Ted!AC100 -> 0 | AE35: =Ted!AD100 -> 0 | AF35: =Ted!AE100 -> 0 | AG35: =Ted!AF100 -> 0 | AH35: =Ted!AG100 -> 0 | AI35: =Ted!AH100 -> 0 | AJ35: =Ted!AI100 -> 32392.862 | AK35: =Ted!AJ100 -> 0 | ... AO35: =Ted!AN100 -> 0 | AP35: =SUM(AD35:AO35) -> 32392.862 | AQ35: =Ted!AP100 -> 0 | AR35: =Ted!AQ100 -> 0 | AS35: =Ted!AR100 -> 0 | AT35: =Ted!AS100 -> 0 | AU35: =Ted!AT100 -> 0 | AV35: =Ted!AU100 -> 0 | AW35: =Ted!AV100 -> 42200.995 | AX35: =Ted!AW100 -> 0 | ... BB35: =Ted!BA100 -> 0 | BC35: =SUM(AQ35:BB35) -> 42200.995 | BD35: =Ted!BC100 -> 0 | BE35: =Ted!BD100 -> 0 | BF35: =Ted!BE100 -> 0 | BG35: =Ted!BF100 -> 0 | BH35: =Ted!BG100 -> 0 | BI35: =Ted!BH100 -> 0 | BJ35: =Ted!BI100 -> 52009.128 | BK35: =Ted!BJ100 -> 0 | ... BO35: =Ted!BN100 -> 0 | BP35: =SUM(BD35:BO35) -> 52009.128 | BQ35: =P35+AC35+AP35+BC35+BP35 -> 149187.71
B36: Freight & Fulfillment - CareBears | D36: =CareBears!C100 -> 0 | E36: =CareBears!D100 -> 0 | F36: =CareBears!E100 -> 0 | G36: =CareBears!F100 -> 0 | H36: =CareBears!G100 -> 0 | I36: =CareBears!H100 -> 0 | J36: =CareBears!I100 -> 0 | K36: =CareBears!J100 -> 0 | ... O36: =CareBears!N100 -> 0 | P36: =SUM(D36:O36) -> 0 | Q36: =CareBears!P100 -> 0 | R36: =CareBears!Q100 -> 0 | S36: =CareBears!R100 -> 0 | T36: =CareBears!S100 -> 8452.53 | U36: =CareBears!T100 -> 0 | V36: =CareBears!U100 -> 0 | W36: =CareBears!V100 -> 0 | X36: =CareBears!W100 -> 0 | ... AB36: =CareBears!AA100 -> 0 | AC36: =SUM(Q36:AB36) -> 27970.993 | AD36: =CareBears!AC100 -> 0 | AE36: =CareBears!AD100 -> 0 | AF36: =CareBears!AE100 -> 0 | AG36: =CareBears!AF100 -> 9992.3565 | AH36: =CareBears!AG100 -> 0 | AI36: =CareBears!AH100 -> 0 | AJ36: =CareBears!AI100 -> 0 | AK36: =CareBears!AJ100 -> 0 | ... AO36: =CareBears!AN100 -> 0 | AP36: =SUM(AD36:AO36) -> 19984.713 | AQ36: =CareBears!AP100 -> 0 | AR36: =CareBears!AQ100 -> 0 | AS36: =CareBears!AR100 -> 0 | AT36: =CareBears!AS100 -> 10468.183 | AU36: =CareBears!AT100 -> 0 | AV36: =CareBears!AU100 -> 0 | AW36: =CareBears!AV100 -> 0 | AX36: =CareBears!AW100 -> 0 | ... BB36: =CareBears!BA100 -> 0 | BC36: =SUM(AQ36:BB36) -> 20936.366 | BD36: =CareBears!BC100 -> 0 | BE36: =CareBears!BD100 -> 0 | BF36: =CareBears!BE100 -> 0 | BG36: =CareBears!BF100 -> 0 | BH36: =CareBears!BG100 -> 0 | BI36: =CareBears!BH100 -> 0 | BJ36: =CareBears!BI100 -> 0 | BK36: =CareBears!BJ100 -> 0 | ... BO36: =CareBears!BN100 -> 0 | BP36: =SUM(BD36:BO36) -> 0 | BQ36: =P36+AC36+AP36+BC36+BP36 -> 68892.071
B37: Freight & Fulfillment - Blumhouse | D37: =Blumhouse!C100 -> 0 | E37: =Blumhouse!D100 -> 0 | F37: =Blumhouse!E100 -> 0 | G37: =Blumhouse!F100 -> 0 | H37: =Blumhouse!G100 -> 0 | I37: =Blumhouse!H100 -> 0 | J37: =Blumhouse!I100 -> 0 | K37: =Blumhouse!J100 -> 0 | ... O37: =Blumhouse!N100 -> 0 | P37: =SUM(D37:O37) -> 0 | Q37: =Blumhouse!P100 -> 0 | R37: =Blumhouse!Q100 -> 0 | S37: =Blumhouse!R100 -> 0 | T37: =Blumhouse!S100 -> 0 | U37: =Blumhouse!T100 -> 0 | V37: =Blumhouse!U100 -> 0 | W37: =Blumhouse!V100 -> 13820.41 | X37: =Blumhouse!W100 -> 0 | ... AB37: =Blumhouse!AA100 -> 0 | AC37: =SUM(Q37:AB37) -> 13820.41 | AD37: =Blumhouse!AC100 -> 0 | AE37: =Blumhouse!AD100 -> 0 | AF37: =Blumhouse!AE100 -> 0 | AG37: =Blumhouse!AF100 -> 0 | AH37: =Blumhouse!AG100 -> 0 | AI37: =Blumhouse!AH100 -> 0 | AJ37: =Blumhouse!AI100 -> 10581.518 | AK37: =Blumhouse!AJ100 -> 0 | ... AO37: =Blumhouse!AN100 -> 0 | AP37: =SUM(AD37:AO37) -> 10581.518 | AQ37: =Blumhouse!AP100 -> 0 | AR37: =Blumhouse!AQ100 -> 0 | AS37: =Blumhouse!AR100 -> 0 | AT37: =Blumhouse!AS100 -> 0 | AU37: =Blumhouse!AT100 -> 0 | AV37: =Blumhouse!AU100 -> 0 | AW37: =Blumhouse!AV100 -> 10581.518 | AX37: =Blumhouse!AW100 -> 0 | ... BB37: =Blumhouse!BA100 -> 0 | BC37: =SUM(AQ37:BB37) -> 10581.518 | BD37: =Blumhouse!BC100 -> 0 | BE37: =Blumhouse!BD100 -> 0 | BF37: =Blumhouse!BE100 -> 0 | BG37: =Blumhouse!BF100 -> 0 | BH37: =Blumhouse!BG100 -> 0 | BI37: =Blumhouse!BH100 -> 0 | BJ37: =Blumhouse!BI100 -> 10581.518 | BK37: =Blumhouse!BJ100 -> 0 | ... BO37: =Blumhouse!BN100 -> 0 | BP37: =SUM(BD37:BO37) -> 10581.518 | BQ37: =P37+AC37+AP37+BC37+BP37 -> 45564.964
B38: Freight & Fulfillment - Tatsunoko | D38: =Tatsunoko!C100 -> 0 | E38: =Tatsunoko!D100 -> 0 | F38: =Tatsunoko!E100 -> 0 | G38: =Tatsunoko!F100 -> 0 | H38: =Tatsunoko!G100 -> 0 | I38: =Tatsunoko!H100 -> 0 | J38: =Tatsunoko!I100 -> 0 | K38: =Tatsunoko!J100 -> 0 | ... O38: =Tatsunoko!N100 -> 0 | P38: =SUM(D38:O38) -> 0 | Q38: =Tatsunoko!P100 -> 0 | R38: =Tatsunoko!Q100 -> 0 | S38: =Tatsunoko!R100 -> 0 | T38: =Tatsunoko!S100 -> 0 | U38: =Tatsunoko!T100 -> 0 | V38: =Tatsunoko!U100 -> 0 | W38: =Tatsunoko!V100 -> 15872.277 | X38: =Tatsunoko!W100 -> 0 | ... AB38: =Tatsunoko!AA100 -> 0 | AC38: =SUM(Q38:AB38) -> 15872.277 | AD38: =Tatsunoko!AC100 -> 0 | AE38: =Tatsunoko!AD100 -> 0 | AF38: =Tatsunoko!AE100 -> 0 | AG38: =Tatsunoko!AF100 -> 0 | AH38: =Tatsunoko!AG100 -> 0 | AI38: =Tatsunoko!AH100 -> 0 | AJ38: =Tatsunoko!AI100 -> 10581.518 | AK38: =Tatsunoko!AJ100 -> 0 | ... AO38: =Tatsunoko!AN100 -> 0 | AP38: =SUM(AD38:AO38) -> 10581.518 | AQ38: =Tatsunoko!AP100 -> 0 | AR38: =Tatsunoko!AQ100 -> 0 | AS38: =Tatsunoko!AR100 -> 0 | AT38: =Tatsunoko!AS100 -> 0 | AU38: =Tatsunoko!AT100 -> 0 | AV38: =Tatsunoko!AU100 -> 0 | AW38: =Tatsunoko!AV100 -> 10581.518 | AX38: =Tatsunoko!AW100 -> 0 | ... BB38: =Tatsunoko!BA100 -> 0 | BC38: =SUM(AQ38:BB38) -> 10581.518 | BD38: =Tatsunoko!BC100 -> 0 | BE38: =Tatsunoko!BD100 -> 0 | BF38: =Tatsunoko!BE100 -> 0 | BG38: =Tatsunoko!BF100 -> 0 | BH38: =Tatsunoko!BG100 -> 0 | BI38: =Tatsunoko!BH100 -> 0 | BJ38: =Tatsunoko!BI100 -> 10581.518 | BK38: =Tatsunoko!BJ100 -> 0 | ... BO38: =Tatsunoko!BN100 -> 0 | BP38: =SUM(BD38:BO38) -> 10581.518 | BQ38: =P38+AC38+AP38+BC38+BP38 -> 47616.831
B39: Freight & Fulfillment - PPA/MLP | D39: ='PPA MLP'!C100 -> 0 | E39: ='PPA MLP'!D100 -> 0 | F39: ='PPA MLP'!E100 -> 0 | G39: ='PPA MLP'!F100 -> 0 | H39: ='PPA MLP'!G100 -> 0 | I39: ='PPA MLP'!H100 -> 0 | J39: ='PPA MLP'!I100 -> 0 | K39: ='PPA MLP'!J100 -> 0 | ... O39: ='PPA MLP'!N100 -> 0 | P39: =SUM(D39:O39) -> 0 | Q39: ='PPA MLP'!P100 -> 0 | R39: ='PPA MLP'!Q100 -> 0 | S39: ='PPA MLP'!R100 -> 0 | T39: ='PPA MLP'!S100 -> 0 | U39: ='PPA MLP'!T100 -> 0 | V39: ='PPA MLP'!U100 -> 0 | W39: ='PPA MLP'!V100 -> 5515.6781 | X39: ='PPA MLP'!W100 -> 0 | ... AB39: ='PPA MLP'!AA100 -> 0 | AC39: =SUM(Q39:AB39) -> 10269.815 | AD39: ='PPA MLP'!AC100 -> 0 | AE39: ='PPA MLP'!AD100 -> 0 | AF39: ='PPA MLP'!AE100 -> 0 | AG39: ='PPA MLP'!AF100 -> 0 | AH39: ='PPA MLP'!AG100 -> 0 | AI39: ='PPA MLP'!AH100 -> 0 | AJ39: ='PPA MLP'!AI100 -> 7721.9494 | AK39: ='PPA MLP'!AJ100 -> 0 | ... AO39: ='PPA MLP'!AN100 -> 0 | AP39: =SUM(AD39:AO39) -> 14377.742 | AQ39: ='PPA MLP'!AP100 -> 0 | AR39: ='PPA MLP'!AQ100 -> 0 | AS39: ='PPA MLP'!AR100 -> 0 | AT39: ='PPA MLP'!AS100 -> 0 | AU39: ='PPA MLP'!AT100 -> 0 | AV39: ='PPA MLP'!AU100 -> 0 | AW39: ='PPA MLP'!AV100 -> 10426.265 | AX39: ='PPA MLP'!AW100 -> 0 | ... BB39: ='PPA MLP'!BA100 -> 0 | BC39: =SUM(AQ39:BB39) -> 19417.901 | BD39: ='PPA MLP'!BC100 -> 0 | BE39: ='PPA MLP'!BD100 -> 0 | BF39: ='PPA MLP'!BE100 -> 0 | BG39: ='PPA MLP'!BF100 -> 0 | BH39: ='PPA MLP'!BG100 -> 0 | BI39: ='PPA MLP'!BH100 -> 0 | BJ39: ='PPA MLP'!BI100 -> 13548.815 | BK39: ='PPA MLP'!BJ100 -> 0 | ... BO39: ='PPA MLP'!BN100 -> 1424.9762 | BP39: =SUM(BD39:BO39) -> 26667.069 | BQ39: =P39+AC39+AP39+BC39+BP39 -> 70732.527
B40: Freight & Fulfillment - Pipeline | C40: ='Model Assumptions'!D41 -> 0.008 | D40: =D15*$C40 -> 0 | E40: =E15*$C40 -> 0 | F40: =F15*$C40 -> 0 | G40: =G15*$C40 -> 0 | H40: =H15*$C40 -> 0 | I40: =I15*$C40 -> 0 | J40: =J15*$C40 -> 0 | K40: =K15*$C40 -> 0 | ... O40: =O15*$C40 -> 0 | P40: =SUM(D40:O40) -> 0 | Q40: =Q15*$C40 -> 0 | R40: =R15*$C40 -> 0 | S40: =S15*$C40 -> 0 | T40: =T15*$C40 -> 0 | U40: =U15*$C40 -> 0 | V40: =V15*$C40 -> 183.33333 | W40: =W15*$C40 -> 183.33333 | X40: =X15*$C40 -> 183.33333 | ... AB40: =AB15*$C40 -> 183.33333 | AC40: =SUM(Q40:AB40) -> 1283.3333 | AD40: =AD15*$C40 -> 9166.6667 | AE40: =AE15*$C40 -> 9166.6667 | AF40: =AF15*$C40 -> 9166.6667 | AG40: =AG15*$C40 -> 9166.6667 | AH40: =AH15*$C40 -> 9166.6667 | AI40: =AI15*$C40 -> 9166.6667 | AJ40: =AJ15*$C40 -> 9166.6667 | AK40: =AK15*$C40 -> 9166.6667 | ... AO40: =AO15*$C40 -> 9166.6667 | AP40: =SUM(AD40:AO40) -> 110000 | AQ40: =AQ15*$C40 -> 26400 | AR40: =AR15*$C40 -> 26400 | AS40: =AS15*$C40 -> 26400 | AT40: =AT15*$C40 -> 26400 | AU40: =AU15*$C40 -> 26400 | AV40: =AV15*$C40 -> 26400 | AW40: =AW15*$C40 -> 26400 | AX40: =AX15*$C40 -> 26400 | ... BB40: =BB15*$C40 -> 26400 | BC40: =SUM(AQ40:BB40) -> 316800 | BD40: =BD15*$C40 -> 43633.333 | BE40: =BE15*$C40 -> 43633.333 | BF40: =BF15*$C40 -> 43633.333 | BG40: =BG15*$C40 -> 43633.333 | BH40: =BH15*$C40 -> 43633.333 | BI40: =BI15*$C40 -> 43633.333 | BJ40: =BJ15*$C40 -> 60866.667 | BK40: =BK15*$C40 -> 60866.667 | ... BO40: =BO15*$C40 -> 60866.667 | BP40: =SUM(BD40:BO40) -> 627000 | BQ40: =P40+AC40+AP40+BC40+BP40 -> 1055083.3
B41: Freight & Fulfillment - Frequency | C41: ='Model Assumptions'!D42 -> 0 | D41: =D16*$C41 -> 0 | E41: =E16*$C41 -> 0 | F41: =F16*$C41 -> 0 | G41: =G16*$C41 -> 0 | H41: =H16*$C41 -> 0 | I41: =I16*$C41 -> 0 | J41: =J16*$C41 -> 0 | K41: =K16*$C41 -> 0 | ... O41: =O16*$C41 -> 0 | P41: =SUM(D41:O41) -> 0 | Q41: =Q16*$C41 -> 0 | R41: =R16*$C41 -> 0 | S41: =S16*$C41 -> 0 | T41: =Frequency!$K$14/12 -> 62606.25 | U41: =Frequency!$K$14/12 -> 62606.25 | V41: =Frequency!$K$14/12 -> 62606.25 | W41: =Frequency!$K$14/12 -> 62606.25 | X41: =Frequency!$K$14/12 -> 62606.25 | Y41: =Frequency!$K$14/12 -> 62606.25 | Z41: =Frequency!$K$14/12 -> 62606.25 | AA41: =Frequency!$K$14/12 -> 62606.25 | AB41: =Frequency!$K$14/12 -> 62606.25 | AC41: =SUM(Q41:AB41) -> 563456.25 | AD41: =Frequency!$K$14/12 -> 62606.25 | AE41: =Frequency!$K$14/12 -> 62606.25 | AF41: =Frequency!$K$14/12 -> 62606.25 | AG41: =Frequency!$K$24/12 -> 150255 | AH41: =Frequency!$K$24/12 -> 150255 | AI41: =Frequency!$K$24/12 -> 150255 | AJ41: =Frequency!$K$24/12 -> 150255 | AK41: =Frequency!$K$24/12 -> 150255 | AL41: =Frequency!$K$24/12 -> 150255 | AM41: =Frequency!$K$24/12 -> 150255 | AN41: =Frequency!$K$24/12 -> 150255 | AO41: =Frequency!$K$24/12 -> 150255 | AP41: =SUM(AD41:AO41) -> 1540113.8 | AQ41: =Frequency!$K$24/12 -> 150255 | AR41: =Frequency!$K$24/12 -> 150255 | AS41: =Frequency!$K$24/12 -> 150255 | AT41: =Frequency!$K$34/12 -> 270459 | AU41: =Frequency!$K$34/12 -> 270459 | AV41: =Frequency!$K$34/12 -> 270459 | AW41: =Frequency!$K$34/12 -> 270459 | AX41: =Frequency!$K$34/12 -> 270459 | AY41: =Frequency!$K$34/12 -> 270459 | AZ41: =Frequency!$K$34/12 -> 270459 | BA41: =Frequency!$K$34/12 -> 270459 | BB41: =Frequency!$K$34/12 -> 270459 | BC41: =SUM(AQ41:BB41) -> 2884896 | BD41: =Frequency!$K$34/12 -> 270459 | BE41: =Frequency!$K$34/12 -> 270459 | BF41: =Frequency!$K$34/12 -> 270459 | BG41: =Frequency!$K$34/12 -> 270459 | BH41: =Frequency!$K$34/12 -> 270459 | BI41: =Frequency!$K$34/12 -> 270459 | BJ41: =Frequency!$K$34/12 -> 270459 | BK41: =Frequency!$K$34/12 -> 270459 | ... BO41: =Frequency!$K$34/12 -> 270459 | BP41: =SUM(BD41:BO41) -> 3245508 | BQ41: =P41+AC41+AP41+BC41+BP41 -> 8233974
B42: Total COGS | D42: =SUM(D26:D40) -> 0 | E42: =SUM(E26:E40) -> 0 | F42: =SUM(F26:F40) -> 0 | G42: =SUM(G26:G40) -> 0 | H42: =SUM(H26:H40) -> 0 | I42: =SUM(I26:I40) -> 0 | J42: =SUM(J26:J40) -> 0 | K42: =SUM(K26:K40) -> 0 | ... BQ42: =SUM(BQ26:BQ40) -> 1.284824e+08
B44: League & Fighter Rev Share
A45: Rev Share
B46: BKFC - Rev Share | D46: =BKFC!C101 -> 0 | E46: =BKFC!D101 -> 0 | F46: =BKFC!E101 -> 0 | G46: =BKFC!F101 -> 0 | H46: =BKFC!G101 -> 0 | I46: =BKFC!H101 -> 0 | J46: =BKFC!I101 -> 0 | K46: =BKFC!J101 -> 0 | ... O46: =BKFC!N101 -> 200000 | P46: =SUM(D46:O46) -> 200000 | Q46: =BKFC!P101 -> 505631.59 | R46: =BKFC!Q101 -> 0 | S46: =BKFC!R101 -> 0 | T46: =BKFC!S101 -> 2186203.8 | U46: =BKFC!T101 -> 0 | V46: =BKFC!U101 -> 0 | W46: =BKFC!V101 -> 135942.73 | X46: =BKFC!W101 -> 0 | ... AB46: =BKFC!AA101 -> 0 | AC46: =SUM(Q46:AB46) -> 3749300.6 | AD46: =BKFC!AC101 -> 3001804.7 | AE46: =BKFC!AD101 -> 0 | AF46: =BKFC!AE101 -> 0 | AG46: =BKFC!AF101 -> 135942.73 | AH46: =BKFC!AG101 -> 0 | AI46: =BKFC!AH101 -> 0 | AJ46: =BKFC!AI101 -> 1360201.1 | AK46: =BKFC!AJ101 -> 0 | ... AO46: =BKFC!AN101 -> 0 | AP46: =SUM(AD46:AO46) -> 8659657.5 | AQ46: =BKFC!AP101 -> 190319.83 | AR46: =BKFC!AQ101 -> 0 | AS46: =BKFC!AR101 -> 0 | AT46: =BKFC!AS101 -> 0 | AU46: =BKFC!AT101 -> 0 | AV46: =BKFC!AU101 -> 0 | AW46: =BKFC!AV101 -> 1659910 | AX46: =BKFC!AW101 -> 0 | ... BB46: =BKFC!BA101 -> 0 | BC46: =SUM(AQ46:BB46) -> 6743669.5 | BD46: =BKFC!BC101 -> 271885.47 | BE46: =BKFC!BD101 -> 0 | BF46: =BKFC!BE101 -> 0 | BG46: =BKFC!BF101 -> 0 | BH46: =BKFC!BG101 -> 0 | BI46: =BKFC!BH101 -> 0 | BJ46: =BKFC!BI101 -> 1959618.9 | BK46: =BKFC!BJ101 -> 0 | ... BO46: =BKFC!BN101 -> 339856.84 | BP46: =SUM(BD46:BO46) -> 8604350.8 | BQ46: =P46+AC46+AP46+BC46+BP46 -> 27956978
B47: Ted - Rev Share | D47: =Ted!C101 -> 0 | E47: =Ted!D101 -> 0 | F47: =Ted!E101 -> 0 | G47: =Ted!F101 -> 0 | H47: =Ted!G101 -> 0 | I47: =Ted!H101 -> 0 | J47: =Ted!I101 -> 0 | K47: =Ted!J101 -> 0 | ... O47: =Ted!N101 -> 0 | P47: =SUM(D47:O47) -> 25000 | Q47: =Ted!P101 -> 0 | R47: =Ted!Q101 -> 0 | S47: =Ted!R101 -> 0 | T47: =Ted!S101 -> 0 | U47: =Ted!T101 -> 0 | V47: =Ted!U101 -> 25000 | W47: =Ted!V101 -> 0 | X47: =Ted!W101 -> 0 | ... AB47: =Ted!AA101 -> 0 | AC47: =SUM(Q47:AB47) -> 200847 | AD47: =Ted!AC101 -> 0 | AE47: =Ted!AD101 -> 0 | AF47: =Ted!AE101 -> 0 | AG47: =Ted!AF101 -> 0 | AH47: =Ted!AG101 -> 0 | AI47: =Ted!AH101 -> 0 | AJ47: =Ted!AI101 -> 0 | AK47: =Ted!AJ101 -> 323929 | ... AO47: =Ted!AN101 -> 0 | AP47: =SUM(AD47:AO47) -> 323929 | AQ47: =Ted!AP101 -> 0 | AR47: =Ted!AQ101 -> 0 | AS47: =Ted!AR101 -> 0 | AT47: =Ted!AS101 -> 0 | AU47: =Ted!AT101 -> 0 | AV47: =Ted!AU101 -> 0 | AW47: =Ted!AV101 -> 0 | AX47: =Ted!AW101 -> 422010 | ... BB47: =Ted!BA101 -> 0 | BC47: =SUM(AQ47:BB47) -> 422010 | BD47: =Ted!BC101 -> 0 | BE47: =Ted!BD101 -> 0 | BF47: =Ted!BE101 -> 0 | BG47: =Ted!BF101 -> 0 | BH47: =Ted!BG101 -> 0 | BI47: =Ted!BH101 -> 0 | BJ47: =Ted!BI101 -> 0 | BK47: =Ted!BJ101 -> 520091 | ... BO47: =Ted!BN101 -> 0 | BP47: =SUM(BD47:BO47) -> 520091 | BQ47: =P47+AC47+AP47+BC47+BP47 -> 1491877
B48: CareBears - Rev Share | D48: =CareBears!C101 -> 0 | E48: =CareBears!D101 -> 0 | F48: =CareBears!E101 -> 0 | G48: =CareBears!F101 -> 0 | H48: =CareBears!G101 -> 0 | I48: =CareBears!H101 -> 0 | J48: =CareBears!I101 -> 0 | K48: =CareBears!J101 -> 0 | ... O48: =CareBears!N101 -> 0 | P48: =SUM(D48:O48) -> 100000 | Q48: =CareBears!P101 -> 0 | R48: =CareBears!Q101 -> 0 | S48: =CareBears!R101 -> 0 | T48: =CareBears!S101 -> 0 | U48: =CareBears!T101 -> 0 | V48: =CareBears!U101 -> 0 | W48: =CareBears!V101 -> 0 | X48: =CareBears!W101 -> 0 | ... AB48: =CareBears!AA101 -> 0 | AC48: =SUM(Q48:AB48) -> 100000 | AD48: =CareBears!AC101 -> 95185 | AE48: =CareBears!AD101 -> 0 | AF48: =CareBears!AE101 -> 0 | AG48: =CareBears!AF101 -> 0 | AH48: =CareBears!AG101 -> 0 | AI48: =CareBears!AH101 -> 0 | AJ48: =CareBears!AI101 -> 99924 | AK48: =CareBears!AJ101 -> 0 | ... AO48: =CareBears!AN101 -> 0 | AP48: =SUM(AD48:AO48) -> 195109 | AQ48: =CareBears!AP101 -> 99924 | AR48: =CareBears!AQ101 -> 0 | AS48: =CareBears!AR101 -> 0 | AT48: =CareBears!AS101 -> 0 | AU48: =CareBears!AT101 -> 0 | AV48: =CareBears!AU101 -> 0 | AW48: =CareBears!AV101 -> 104682 | AX48: =CareBears!AW101 -> 0 | ... BB48: =CareBears!BA101 -> 0 | BC48: =SUM(AQ48:BB48) -> 204606 | BD48: =CareBears!BC101 -> 104682 | BE48: =CareBears!BD101 -> 0 | BF48: =CareBears!BE101 -> 0 | BG48: =CareBears!BF101 -> 0 | BH48: =CareBears!BG101 -> 0 | BI48: =CareBears!BH101 -> 0 | BJ48: =CareBears!BI101 -> 0 | BK48: =CareBears!BJ101 -> 0 | ... BO48: =CareBears!BN101 -> 0 | BP48: =SUM(BD48:BO48) -> 104682 | BQ48: =P48+AC48+AP48+BC48+BP48 -> 704397
B49: Blumhouse - Rev Share | D49: =Blumhouse!C101 -> 0 | E49: =Blumhouse!D101 -> 0 | F49: =Blumhouse!E101 -> 0 | G49: =Blumhouse!F101 -> 0 | H49: =Blumhouse!G101 -> 0 | I49: =Blumhouse!H101 -> 0 | J49: =Blumhouse!I101 -> 0 | K49: =Blumhouse!J101 -> 0 | ... O49: =Blumhouse!N101 -> 0 | P49: =SUM(D49:O49) -> 25000 | Q49: =Blumhouse!P101 -> 0 | R49: =Blumhouse!Q101 -> 0 | S49: =Blumhouse!R101 -> 0 | T49: =Blumhouse!S101 -> 0 | U49: =Blumhouse!T101 -> 0 | V49: =Blumhouse!U101 -> 25000 | W49: =Blumhouse!V101 -> 0 | X49: =Blumhouse!W101 -> 0 | ... AB49: =Blumhouse!AA101 -> 0 | AC49: =SUM(Q49:AB49) -> 113204 | AD49: =Blumhouse!AC101 -> 0 | AE49: =Blumhouse!AD101 -> 0 | AF49: =Blumhouse!AE101 -> 0 | AG49: =Blumhouse!AF101 -> 0 | AH49: =Blumhouse!AG101 -> 0 | AI49: =Blumhouse!AH101 -> 0 | AJ49: =Blumhouse!AI101 -> 0 | AK49: =Blumhouse!AJ101 -> 105815 | ... AO49: =Blumhouse!AN101 -> 0 | AP49: =SUM(AD49:AO49) -> 105815 | AQ49: =Blumhouse!AP101 -> 0 | AR49: =Blumhouse!AQ101 -> 0 | AS49: =Blumhouse!AR101 -> 0 | AT49: =Blumhouse!AS101 -> 0 | AU49: =Blumhouse!AT101 -> 0 | AV49: =Blumhouse!AU101 -> 0 | AW49: =Blumhouse!AV101 -> 0 | AX49: =Blumhouse!AW101 -> 105815 | ... BB49: =Blumhouse!BA101 -> 0 | BC49: =SUM(AQ49:BB49) -> 105815 | BD49: =Blumhouse!BC101 -> 0 | BE49: =Blumhouse!BD101 -> 0 | BF49: =Blumhouse!BE101 -> 0 | BG49: =Blumhouse!BF101 -> 0 | BH49: =Blumhouse!BG101 -> 0 | BI49: =Blumhouse!BH101 -> 0 | BJ49: =Blumhouse!BI101 -> 0 | BK49: =Blumhouse!BJ101 -> 105815 | ... BO49: =Blumhouse!BN101 -> 0 | BP49: =SUM(BD49:BO49) -> 105815 | BQ49: =P49+AC49+AP49+BC49+BP49 -> 455649
B50: Tatsunoko - Rev Share | D50: =Tatsunoko!C101 -> 0 | E50: =Tatsunoko!D101 -> 0 | F50: =Tatsunoko!E101 -> 0 | G50: =Tatsunoko!F101 -> 0 | H50: =Tatsunoko!G101 -> 0 | I50: =Tatsunoko!H101 -> 0 | J50: =Tatsunoko!I101 -> 0 | K50: =Tatsunoko!J101 -> 0 | ... O50: =Tatsunoko!N101 -> 0 | P50: =SUM(D50:O50) -> 30000 | Q50: =Tatsunoko!P101 -> 0 | R50: =Tatsunoko!Q101 -> 0 | S50: =Tatsunoko!R101 -> 0 | T50: =Tatsunoko!S101 -> 0 | U50: =Tatsunoko!T101 -> 0 | V50: =Tatsunoko!U101 -> 0 | W50: =Tatsunoko!V101 -> 0 | X50: =Tatsunoko!W101 -> 30000 | ... AB50: =Tatsunoko!AA101 -> 0 | AC50: =SUM(Q50:AB50) -> 128723 | AD50: =Tatsunoko!AC101 -> 0 | AE50: =Tatsunoko!AD101 -> 0 | AF50: =Tatsunoko!AE101 -> 0 | AG50: =Tatsunoko!AF101 -> 0 | AH50: =Tatsunoko!AG101 -> 0 | AI50: =Tatsunoko!AH101 -> 0 | AJ50: =Tatsunoko!AI101 -> 0 | AK50: =Tatsunoko!AJ101 -> 105815 | ... AO50: =Tatsunoko!AN101 -> 0 | AP50: =SUM(AD50:AO50) -> 105815 | AQ50: =Tatsunoko!AP101 -> 0 | AR50: =Tatsunoko!AQ101 -> 0 | AS50: =Tatsunoko!AR101 -> 0 | AT50: =Tatsunoko!AS101 -> 0 | AU50: =Tatsunoko!AT101 -> 0 | AV50: =Tatsunoko!AU101 -> 0 | AW50: =Tatsunoko!AV101 -> 0 | AX50: =Tatsunoko!AW101 -> 105815 | ... BB50: =Tatsunoko!BA101 -> 0 | BC50: =SUM(AQ50:BB50) -> 105815 | BD50: =Tatsunoko!BC101 -> 0 | BE50: =Tatsunoko!BD101 -> 0 | BF50: =Tatsunoko!BE101 -> 0 | BG50: =Tatsunoko!BF101 -> 0 | BH50: =Tatsunoko!BG101 -> 0 | BI50: =Tatsunoko!BH101 -> 0 | BJ50: =Tatsunoko!BI101 -> 0 | BK50: =Tatsunoko!BJ101 -> 105815 | ... BO50: =Tatsunoko!BN101 -> 0 | BP50: =SUM(BD50:BO50) -> 105815 | BQ50: =P50+AC50+AP50+BC50+BP50 -> 476168
B51: PPA/MLP - Rev Share | D51: ='PPA MLP'!C101 -> 0 | E51: ='PPA MLP'!D101 -> 0 | F51: ='PPA MLP'!E101 -> 0 | G51: ='PPA MLP'!F101 -> 0 | H51: ='PPA MLP'!G101 -> 0 | I51: ='PPA MLP'!H101 -> 0 | J51: ='PPA MLP'!I101 -> 0 | K51: ='PPA MLP'!J101 -> 0 | ... O51: ='PPA MLP'!N101 -> 0 | P51: =SUM(D51:O51) -> 250000 | Q51: ='PPA MLP'!P101 -> 0 | R51: ='PPA MLP'!Q101 -> 0 | S51: ='PPA MLP'!R101 -> 0 | T51: ='PPA MLP'!S101 -> 0 | U51: ='PPA MLP'!T101 -> 0 | V51: ='PPA MLP'!U101 -> 0 | W51: ='PPA MLP'!V101 -> 0 | X51: ='PPA MLP'!W101 -> 0 | ... AB51: ='PPA MLP'!AA101 -> 0 | AC51: =SUM(Q51:AB51) -> 0 | AD51: ='PPA MLP'!AC101 -> 0 | AE51: ='PPA MLP'!AD101 -> 0 | AF51: ='PPA MLP'!AE101 -> 0 | AG51: ='PPA MLP'!AF101 -> 0 | AH51: ='PPA MLP'!AG101 -> 0 | AI51: ='PPA MLP'!AH101 -> 0 | AJ51: ='PPA MLP'!AI101 -> 0 | AK51: ='PPA MLP'!AJ101 -> 0 | ... AO51: ='PPA MLP'!AN101 -> 0 | AP51: =SUM(AD51:AO51) -> 0 | AQ51: ='PPA MLP'!AP101 -> 0 | AR51: ='PPA MLP'!AQ101 -> 0 | AS51: ='PPA MLP'!AR101 -> 0 | AT51: ='PPA MLP'!AS101 -> 0 | AU51: ='PPA MLP'!AT101 -> 0 | AV51: ='PPA MLP'!AU101 -> 0 | AW51: ='PPA MLP'!AV101 -> 0 | AX51: ='PPA MLP'!AW101 -> 0 | ... BB51: ='PPA MLP'!BA101 -> 0 | BC51: =SUM(AQ51:BB51) -> 100737.65 | BD51: ='PPA MLP'!BC101 -> 89916.361 | BE51: ='PPA MLP'!BD101 -> 0 | BF51: ='PPA MLP'!BE101 -> 0 | BG51: ='PPA MLP'!BF101 -> 0 | BH51: ='PPA MLP'!BG101 -> 0 | BI51: ='PPA MLP'!BH101 -> 0 | BJ51: ='PPA MLP'!BI101 -> 0 | BK51: ='PPA MLP'!BJ101 -> 0 | ... BO51: ='PPA MLP'!BN101 -> 0 | BP51: =SUM(BD51:BO51) -> 225404.51 | BQ51: =P51+AC51+AP51+BC51+BP51 -> 576142.16
B52: Pipeline Rev Share/Prepaid License Fees | D52: 0 | E52: 0 | F52: 0 | G52: 0 | H52: 0 | I52: 0 | J52: 0 | K52: 0 | L52: 0 | M52: 0 | N52: 0 | O52: 0 | P52: =SUM(D52:O52) -> 0 | Q52: 0 | R52: 0 | S52: 0 | T52: 0 | U52: 0 | V52: =-'Pipeline (Projected)'!$K$27/12 -> 2291.6667 | W52: =-'Pipeline (Projected)'!$K$27/12 -> 2291.6667 | X52: =-'Pipeline (Projected)'!$K$27/12 -> 2291.6667 | Y52: =-'Pipeline (Projected)'!$K$27/12 -> 2291.6667 | Z52: =-'Pipeline (Projected)'!$K$28/12 -> 114583.33 | AA52: =-'Pipeline (Projected)'!$K$28/12 -> 114583.33 | AB52: =-'Pipeline (Projected)'!$K$28/12 -> 114583.33 | AC52: =SUM(Q52:AB52) -> 352916.67 | AD52: =-'Pipeline (Projected)'!$K$28/12 -> 114583.33 | AE52: =-'Pipeline (Projected)'!$K$28/12 -> 114583.33 | AF52: =-'Pipeline (Projected)'!$K$28/12 -> 114583.33 | AG52: =-'Pipeline (Projected)'!$K$28/12 -> 114583.33 | AH52: =-'Pipeline (Projected)'!$K$28/12 -> 114583.33 | AI52: =-'Pipeline (Projected)'!$K$28/12 -> 114583.33 | AJ52: =-'Pipeline (Projected)'!$K$28/12 -> 114583.33 | AK52: =-'Pipeline (Projected)'!$K$28/12 -> 114583.33 | AL52: =-'Pipeline (Projected)'!$K$28/12 -> 114583.33 | AM52: =-'Pipeline (Projected)'!$K$29/12 -> 330000 | AN52: =-'Pipeline (Projected)'!$K$29/12 -> 330000 | AO52: =-'Pipeline (Projected)'!$K$29/12 -> 330000 | AP52: =SUM(AD52:AO52) -> 2021250 | AQ52: =-'Pipeline (Projected)'!$K$29/12 -> 330000 | AR52: =-'Pipeline (Projected)'!$K$29/12 -> 330000 | AS52: =-'Pipeline (Projected)'!$K$29/12 -> 330000 | AT52: =-'Pipeline (Projected)'!$K$29/12 -> 330000 | AU52: =-'Pipeline (Projected)'!$K$29/12 -> 330000 | AV52: =-'Pipeline (Projected)'!$K$29/12 -> 330000 | AW52: =-'Pipeline (Projected)'!$K$29/12 -> 330000 | AX52: =-'Pipeline (Projected)'!$K$29/12 -> 330000 | AY52: =-'Pipeline (Projected)'!$K$29/12 -> 330000 | AZ52: =-'Pipeline (Projected)'!$K$30/12 -> 545416.67 | BA52: =-'Pipeline (Projected)'!$K$30/12 -> 545416.67 | BB52: =-'Pipeline (Projected)'!$K$30/12 -> 545416.67 | BC52: =SUM(AQ52:BB52) -> 4606250 | BD52: =-'Pipeline (Projected)'!$K$30/12 -> 545416.67 | BE52: =-'Pipeline (Projected)'!$K$30/12 -> 545416.67 | BF52: =-'Pipeline (Projected)'!$K$30/12 -> 545416.67 | BG52: =-'Pipeline (Projected)'!$K$31/12 -> 760833.33 | BH52: =-'Pipeline (Projected)'!$K$31/12 -> 760833.33 | BI52: =-'Pipeline (Projected)'!$K$31/12 -> 760833.33 | BJ52: =-'Pipeline (Projected)'!$K$31/12 -> 760833.33 | BK52: =-'Pipeline (Projected)'!$K$31/12 -> 760833.33 | BL52: =-'Pipeline (Projected)'!$K$31/12 -> 760833.33 | BM52: =-'Pipeline (Projected)'!$K$31/12 -> 760833.33 | BN52: =-'Pipeline (Projected)'!$K$31/12 -> 760833.33 | BO52: =-'Pipeline (Projected)'!$K$31/12 -> 760833.33 | BP52: =SUM(BD52:BO52) -> 8483750 | BQ52: =P52+AC52+AP52+BC52+BP52 -> 15464167
B53: Frequency Rev Share | C53: 0.1 | D53: =D$17*$C$53 -> 0 | E53: =E$17*$C$53 -> 0 | F53: =F$17*$C$53 -> 0 | G53: =G$17*$C$53 -> 0 | H53: =H$17*$C$53 -> 0 | I53: =I$17*$C$53 -> 0 | J53: =J$17*$C$53 -> 0 | K53: =K$17*$C$53 -> 0 | ... O53: =O$17*$C$53 -> 0 | P53: =SUM(D53:O53) -> 0 | Q53: =Q$17*$C$53 -> 0 | R53: =R$17*$C$53 -> 0 | S53: =S$17*$C$53 -> 0 | T53: =T$17*$C$53 -> 18892.125 | U53: =U$17*$C$53 -> 18892.125 | V53: =V$17*$C$53 -> 18892.125 | W53: =W$17*$C$53 -> 18892.125 | X53: =X$17*$C$53 -> 18892.125 | ... AB53: =AB$17*$C$53 -> 18892.125 | AC53: =SUM(Q53:AB53) -> 170029.12 | AD53: =AD$17*$C$53 -> 18892.125 | AE53: =AE$17*$C$53 -> 18892.125 | AF53: =AF$17*$C$53 -> 18892.125 | AG53: =AG$17*$C$53 -> 45341.1 | AH53: =AH$17*$C$53 -> 45341.1 | AI53: =AI$17*$C$53 -> 45341.1 | AJ53: =AJ$17*$C$53 -> 45341.1 | AK53: =AK$17*$C$53 -> 45341.1 | ... AO53: =AO$17*$C$53 -> 45341.1 | AP53: =SUM(AD53:AO53) -> 464746.27 | AQ53: =AQ$17*$C$53 -> 45341.1 | AR53: =AR$17*$C$53 -> 45341.1 | AS53: =AS$17*$C$53 -> 45341.1 | AT53: =AT$17*$C$53 -> 81613.98 | AU53: =AU$17*$C$53 -> 81613.98 | AV53: =AV$17*$C$53 -> 81613.98 | AW53: =AW$17*$C$53 -> 81613.98 | AX53: =AX$17*$C$53 -> 81613.98 | ... BB53: =BB$17*$C$53 -> 81613.98 | BC53: =SUM(AQ53:BB53) -> 870549.12 | BD53: =BD$17*$C$53 -> 81613.98 | BE53: =BE$17*$C$53 -> 81613.98 | BF53: =BF$17*$C$53 -> 81613.98 | BG53: =BG$17*$C$53 -> 81613.98 | BH53: =BH$17*$C$53 -> 81613.98 | BI53: =BI$17*$C$53 -> 81613.98 | BJ53: =BJ$17*$C$53 -> 81613.98 | BK53: =BK$17*$C$53 -> 81613.98 | ... BO53: =BO$17*$C$53 -> 81613.98 | BP53: =SUM(BD53:BO53) -> 979367.76 | BQ53: =P53+AC53+AP53+BC53+BP53 -> 2484692.3
B54: Inside Card Rev Share | D54: =D19*'Model Assumptions'!$D$10 -> 0 | E54: =E19*'Model Assumptions'!$D$10 -> 0 | F54: =F19*'Model Assumptions'!$D$10 -> 0 | G54: =G19*'Model Assumptions'!$D$10 -> 0 | H54: =H19*'Model Assumptions'!$D$10 -> 0 | I54: =I19*'Model Assumptions'!$D$10 -> 0 | J54: =J19*'Model Assumptions'!$D$10 -> 0 | K54: =K19*'Model Assumptions'!$D$10 -> 0 | ... O54: =O19*'Model Assumptions'!$D$10 -> 0 | P54: =SUM(H54:O54) -> 0 | Q54: =Q19*'Model Assumptions'!$D$10 -> 4500 | R54: =R19*'Model Assumptions'!$D$10 -> 4950 | S54: =S19*'Model Assumptions'!$D$10 -> 5445 | T54: =T19*'Model Assumptions'!$D$10 -> 5989.5 | U54: =U19*'Model Assumptions'!$D$10 -> 6588.45 | V54: =V19*'Model Assumptions'!$D$10 -> 7247.295 | W54: =W19*'Model Assumptions'!$D$10 -> 7972.0245 | X54: =X19*'Model Assumptions'!$D$10 -> 8769.227 | ... AB54: =AB19*'Model Assumptions'!$D$10 -> 12839.025 | AC54: =SUM(Q54:AB54) -> 96229.277 | AD54: =AD19*'Model Assumptions'!$D$10 -> 14122.928 | AE54: =AE19*'Model Assumptions'!$D$10 -> 15535.22 | AF54: =AF19*'Model Assumptions'!$D$10 -> 17088.743 | AG54: =AG19*'Model Assumptions'!$D$10 -> 18797.617 | AH54: =AH19*'Model Assumptions'!$D$10 -> 20677.378 | AI54: =AI19*'Model Assumptions'!$D$10 -> 22745.116 | AJ54: =AJ19*'Model Assumptions'!$D$10 -> 25019.628 | AK54: =AK19*'Model Assumptions'!$D$10 -> 27521.591 | ... AO54: =AO19*'Model Assumptions'!$D$10 -> 40294.361 | AP54: =SUM(AD54:AO54) -> 302008.69 | AQ54: =AQ19*'Model Assumptions'!$D$10 -> 44323.797 | AR54: =AR19*'Model Assumptions'!$D$10 -> 48756.177 | AS54: =AS19*'Model Assumptions'!$D$10 -> 53631.794 | AT54: =AT19*'Model Assumptions'!$D$10 -> 58994.974 | AU54: =AU19*'Model Assumptions'!$D$10 -> 64894.471 | AV54: =AV19*'Model Assumptions'!$D$10 -> 71383.918 | AW54: =AW19*'Model Assumptions'!$D$10 -> 78522.31 | AX54: =AX19*'Model Assumptions'!$D$10 -> 86374.541 | ... BB54: =BB19*'Model Assumptions'!$D$10 -> 126460.97 | BC54: =SUM(AQ54:BB54) -> 947832.65 | BD54: =BD19*'Model Assumptions'!$D$10 -> 139107.06 | BE54: =BE19*'Model Assumptions'!$D$10 -> 153017.77 | BF54: =BF19*'Model Assumptions'!$D$10 -> 168319.55 | BG54: =BG19*'Model Assumptions'!$D$10 -> 185151.5 | BH54: =BH19*'Model Assumptions'!$D$10 -> 203666.65 | BI54: =BI19*'Model Assumptions'!$D$10 -> 224033.32 | BJ54: =BJ19*'Model Assumptions'!$D$10 -> 246436.65 | BK54: =BK19*'Model Assumptions'!$D$10 -> 271080.31 | ... BO54: =BO19*'Model Assumptions'!$D$10 -> 396888.68 | BP54: =SUM(BD54:BO54) -> 2974704.9 | BQ54: =P54+AC54+AP54+BC54+BP54 -> 4320775.5
B55: Sponsorship Rev Share | D55: 0 | E55: 0 | F55: 0 | G55: =SUM(D20:F20)*'Model Assumptions'!$D$11 -> 0 | H55: 0 | I55: 0 | J55: =SUM(G20:I20)*'Model Assumptions'!$D$11 -> 0 | K55: 0 | L55: 0 | M55: =SUM(J20:L20)*'Model Assumptions'!$D$11 -> 0 | N55: 0 | O55: 0 | P55: =SUM(H55:O55) -> 0 | Q55: =(M20+N20+O20)*'Model Assumptions'!$D$11 -> 0 | R55: 0 | S55: 0 | T55: =SUM(Q20:S20)*'Model Assumptions'!$D$11 -> 67500 | U55: 0 | V55: 0 | W55: =SUM(T20:V20)*'Model Assumptions'!$D$11 -> 67500 | X55: 0 | Y55: 0 | Z55: =SUM(W20:Y20)*'Model Assumptions'!$D$11 -> 67500 | AA55: 0 | AB55: 0 | AC55: =SUM(U55:AB55) -> 135000 | AD55: =(Z20+AA20+AB20)*'Model Assumptions'!$D$11 -> 67500 | AE55: 0 | AF55: 0 | AG55: =SUM(AD20:AF20)*'Model Assumptions'!$D$11 -> 77398.717 | AH55: 0 | AI55: 0 | AJ55: =SUM(AG20:AI20)*'Model Assumptions'!$D$11 -> 94816.757 | AK55: 0 | AL55: 0 | AM55: =SUM(AJ20:AL20)*'Model Assumptions'!$D$11 -> 116154.6 | AN55: 0 | AO55: 0 | AP55: =SUM(AH55:AO55) -> 210971.36 | AQ55: =(AM20+AN20+AO20)*'Model Assumptions'!$D$11 -> 142294.39 | AR55: 0 | AS55: 0 | AT55: =SUM(AQ20:AS20)*'Model Assumptions'!$D$11 -> 174316.74 | AU55: 0 | AV55: 0 | AW55: =SUM(AT20:AV20)*'Model Assumptions'!$D$11 -> 213545.5 | AX55: 0 | AY55: 0 | AZ55: =SUM(AW20:AY20)*'Model Assumptions'!$D$11 -> 261602.42 | BA55: 0 | BB55: 0 | BC55: =SUM(AU55:BB55) -> 475147.93 | BD55: =(AZ20+BA20+BB20)*'Model Assumptions'!$D$11 -> 320474.22 | BE55: =BE20*'Model Assumptions'!$D$11 -> 130665.44 | BF55: =BF20*'Model Assumptions'!$D$11 -> 139812.02 | BG55: =BG20*'Model Assumptions'!$D$11 -> 149598.86 | BH55: =BH20*'Model Assumptions'!$D$11 -> 160070.78 | BI55: =BI20*'Model Assumptions'!$D$11 -> 171275.74 | BJ55: =BJ20*'Model Assumptions'!$D$11 -> 183265.04 | BK55: =BK20*'Model Assumptions'!$D$11 -> 196093.59 | BL55: =BL20*'Model Assumptions'!$D$11 -> 209820.14 | ... BO55: =BO20*'Model Assumptions'!$D$11 -> 257038.7 | BP55: =SUM(BD55:BO55) -> 2382845.2 | BQ55: =P55+AC55+AP55+BC55+BP55 -> 3203964.5
B56: Services Rev Share | D56: =D21*'Model Assumptions'!$D$12 -> 0 | E56: =E21*'Model Assumptions'!$D$12 -> 0 | F56: =F21*'Model Assumptions'!$D$12 -> 0 | G56: =G21*'Model Assumptions'!$D$12 -> 0 | H56: =H21*'Model Assumptions'!$D$12 -> 0 | I56: =I21*'Model Assumptions'!$D$12 -> 0 | J56: =J21*'Model Assumptions'!$D$12 -> 0 | K56: =K21*'Model Assumptions'!$D$12 -> 0 | ... O56: =O21*'Model Assumptions'!$D$12 -> 0 | P56: =SUM(D56:O56) -> 0 | Q56: =Q21*'Model Assumptions'!$D$12 -> 6000 | R56: =R21*'Model Assumptions'!$D$12 -> 6600 | S56: =S21*'Model Assumptions'!$D$12 -> 7260 | T56: =T21*'Model Assumptions'!$D$12 -> 7986 | U56: =U21*'Model Assumptions'!$D$12 -> 8784.6 | V56: =V21*'Model Assumptions'!$D$12 -> 9663.06 | W56: =W21*'Model Assumptions'!$D$12 -> 10629.366 | X56: =X21*'Model Assumptions'!$D$12 -> 11692.303 | ... AB56: =AB21*'Model Assumptions'!$D$12 -> 17118.7 | AC56: =SUM(Q56:AB56) -> 128305.7 | AD56: =AD21*'Model Assumptions'!$D$12 -> 18830.57 | AE56: =AE21*'Model Assumptions'!$D$12 -> 20713.627 | AF56: =AF21*'Model Assumptions'!$D$12 -> 22784.99 | AG56: =AG21*'Model Assumptions'!$D$12 -> 25063.489 | AH56: =AH21*'Model Assumptions'!$D$12 -> 27569.838 | AI56: =AI21*'Model Assumptions'!$D$12 -> 30326.822 | AJ56: =AJ21*'Model Assumptions'!$D$12 -> 33359.504 | AK56: =AK21*'Model Assumptions'!$D$12 -> 36695.454 | ... AO56: =AO21*'Model Assumptions'!$D$12 -> 53725.815 | AP56: =SUM(AD56:AO56) -> 402678.26 | AQ56: =AQ21*'Model Assumptions'!$D$12 -> 59098.396 | AR56: =AR21*'Model Assumptions'!$D$12 -> 65008.236 | AS56: =AS21*'Model Assumptions'!$D$12 -> 71509.059 | AT56: =AT21*'Model Assumptions'!$D$12 -> 78659.965 | AU56: =AU21*'Model Assumptions'!$D$12 -> 86525.962 | AV56: =AV21*'Model Assumptions'!$D$12 -> 95178.558 | AW56: =AW21*'Model Assumptions'!$D$12 -> 104696.41 | AX56: =AX21*'Model Assumptions'!$D$12 -> 115166.05 | ... BB56: =BB21*'Model Assumptions'!$D$12 -> 168614.62 | BC56: =SUM(AQ56:BB56) -> 1263776.9 | BD56: =BD21*'Model Assumptions'!$D$12 -> 185476.08 | BE56: =BE21*'Model Assumptions'!$D$12 -> 204023.69 | BF56: =BF21*'Model Assumptions'!$D$12 -> 224426.06 | BG56: =BG21*'Model Assumptions'!$D$12 -> 246868.67 | BH56: =BH21*'Model Assumptions'!$D$12 -> 271555.53 | BI56: =BI21*'Model Assumptions'!$D$12 -> 298711.09 | BJ56: =BJ21*'Model Assumptions'!$D$12 -> 328582.2 | BK56: =BK21*'Model Assumptions'!$D$12 -> 361440.41 | ... BO56: =BO21*'Model Assumptions'!$D$12 -> 529184.91 | BP56: =SUM(BD56:BO56) -> 3966273.2 | BQ56: =P56+AC56+AP56+BC56+BP56 -> 5761034
B57: League & Fighter Rev Share | D57: =SUM(D46:D56) -> 0 | E57: =SUM(E46:E56) -> 0 | F57: =SUM(F46:F56) -> 0 | G57: =SUM(G46:G56) -> 0 | H57: =SUM(H46:H56) -> 0 | I57: =SUM(I46:I56) -> 0 | J57: =SUM(J46:J56) -> 0 | K57: =SUM(K46:K56) -> 0 | ... BQ57: =SUM(BQ46:BQ56) -> 62895845
B59: Gross Margin
B60: Gross Margin | D60: =D22-D42-D57 -> 0 | E60: =E22-E42-E57 -> 0 | F60: =F22-F42-F57 -> 0 | G60: =G22-G42-G57 -> 0 | H60: =H22-H42-H57 -> 0 | I60: =I22-I42-I57 -> 0 | J60: =J22-J42-J57 -> 0 | K60: =K22-K42-K57 -> 0 | ... O60: =O22-O42-O57 -> 1249725.3 | P60: =SUM(D60:O60) -> 402559.43 | Q60: =Q22-Q42-Q57 -> -259292.78 | R60: =R22-R42-R57 -> 3578634.8 | S60: =S22-S42-S57 -> 4564362.9 | T60: =T22-T42-T57 -> -4346086.8 | U60: =U22-U42-U57 -> 328650.2 | V60: =V22-V42-V57 -> -352985.04 | W60: =W22-W42-W57 -> 4765037.9 | X60: =X22-X42-X57 -> 875741.56 | ... AB60: =AB22-AB42-AB57 -> -342241.18 | AC60: =SUM(Q60:AB60) -> 14810163 | AD60: =AD22-AD42-AD57 -> -2294818.6 | AE60: =AE22-AE42-AE57 -> 962466.16 | AF60: =AF22-AF42-AF57 -> 872284.59 | AG60: =AG22-AG42-AG57 -> 1390645.9 | AH60: =AH22-AH42-AH57 -> 318774.02 | AI60: =AI22-AI42-AI57 -> 1132192.2 | AJ60: =AJ22-AJ42-AJ57 -> 6359700.9 | AK60: =AK22-AK42-AK57 -> -1842791.7 | ... AO60: =AO22-AO42-AO57 -> 308197.02 | AP60: =SUM(AD60:AO60) -> 16903409 | AQ60: =AQ22-AQ42-AQ57 -> 2556450.6 | AR60: =AR22-AR42-AR57 -> 2479311.3 | AS60: =AS22-AS42-AS57 -> 2498629.2 | AT60: =AT22-AT42-AT57 -> 3179396.2 | AU60: =AU22-AU42-AU57 -> 1882228.6 | AV60: =AV22-AV42-AV57 -> 2888314.8 | AW60: =AW22-AW42-AW57 -> 9153222.9 | AX60: =AX22-AX42-AX57 -> -582167.66 | ... BB60: =BB22-BB42-BB57 -> 2190593.7 | BC60: =SUM(AQ60:BB60) -> 42583226 | BD60: =BD22-BD42-BD57 -> 4338547 | BE60: =BE22-BE42-BE57 -> 4289675.2 | BF60: =BF22-BF42-BF57 -> 4333158.1 | BG60: =BG22-BG42-BG57 -> 3482037.3 | BH60: =BH22-BH42-BH57 -> 2375407 | BI60: =BI22-BI42-BI57 -> 3590615.1 | BJ60: =BJ22-BJ42-BJ57 -> 13510268 | BK60: =BK22-BK42-BK57 -> 1558808.6 | ... BO60: =BO22-BO42-BO57 -> 6869163 | BP60: =SUM(BD60:BO60) -> 73315493 | BQ60: =P60+AC60+AP60+BC60+BP60 -> 1.4801485e+08
B61: Total Gross Margin | D61: =SUM(D60) -> 0 | E61: =SUM(E60) -> 0 | F61: =SUM(F60) -> 0 | G61: =SUM(G60) -> 0 | H61: =SUM(H60) -> 0 | I61: =SUM(I60) -> 0 | J61: =SUM(J60) -> 0 | K61: =SUM(K60) -> 0 | ... BQ61: =SUM(BQ60) -> 1.4801485e+08
B63: Operational Expenses
A64: Salaries & Contractors
B65: Salaries | D65: ='Utilization and Salaries'!T102 -> 145416.67 | E65: ='Utilization and Salaries'!U102 -> 150833.33 | F65: ='Utilization and Salaries'!V102 -> 167500 | G65: ='Utilization and Salaries'!W102 -> 195416.67 | H65: ='Utilization and Salaries'!X102 -> 195416.67 | I65: ='Utilization and Salaries'!Y102 -> 195416.67 | J65: ='Utilization and Salaries'!Z102 -> 195416.67 | K65: ='Utilization and Salaries'!AA102 -> 195416.67 | ... O65: ='Utilization and Salaries'!AE102 -> 195416.67 | P65: =SUM(D65:O65) -> 2122500 | Q65: ='Utilization and Salaries'!AG102 -> 203233.33 | R65: ='Utilization and Salaries'!AH102 -> 203233.33 | S65: ='Utilization and Salaries'!AI102 -> 203233.33 | T65: ='Utilization and Salaries'!AJ102 -> 218233.33 | U65: ='Utilization and Salaries'!AK102 -> 246566.67 | V65: ='Utilization and Salaries'!AL102 -> 299483.33 | W65: ='Utilization and Salaries'!AM102 -> 439900 | X65: ='Utilization and Salaries'!AN102 -> 439900 | ... AB65: ='Utilization and Salaries'!AR102 -> 439900 | AC65: =SUM(Q65:AB65) -> 4013383.3 | AD65: ='Utilization and Salaries'!AT102 -> 859579.33 | AE65: ='Utilization and Salaries'!AU102 -> 859579.33 | AF65: ='Utilization and Salaries'!AV102 -> 859579.33 | AG65: ='Utilization and Salaries'!AW102 -> 876246 | AH65: ='Utilization and Salaries'!AX102 -> 876246 | AI65: ='Utilization and Salaries'!AY102 -> 876246 | AJ65: ='Utilization and Salaries'!AZ102 -> 876246 | AK65: ='Utilization and Salaries'!BA102 -> 876246 | ... AO65: ='Utilization and Salaries'!BE102 -> 876246 | AP65: =SUM(AD65:AO65) -> 10464952 | AQ65: ='Utilization and Salaries'!BG102 -> 911295.84 | AR65: ='Utilization and Salaries'!BH102 -> 911295.84 | AS65: ='Utilization and Salaries'!BI102 -> 911295.84 | AT65: ='Utilization and Salaries'!BJ102 -> 911295.84 | AU65: ='Utilization and Salaries'!BK102 -> 911295.84 | AV65: ='Utilization and Salaries'!BL102 -> 911295.84 | AW65: ='Utilization and Salaries'!BM102 -> 911295.84 | AX65: ='Utilization and Salaries'!BN102 -> 911295.84 | ... BB65: ='Utilization and Salaries'!BR102 -> 911295.84 | BC65: =SUM(AQ65:BB65) -> 10935550 | BD65: ='Utilization and Salaries'!BT102 -> 947747.67 | BE65: ='Utilization and Salaries'!BU102 -> 947747.67 | BF65: ='Utilization and Salaries'!BV102 -> 947747.67 | BG65: ='Utilization and Salaries'!BW102 -> 947747.67 | BH65: ='Utilization and Salaries'!BX102 -> 947747.67 | BI65: ='Utilization and Salaries'!BY102 -> 947747.67 | BJ65: ='Utilization and Salaries'!BZ102 -> 947747.67 | BK65: ='Utilization and Salaries'!CA102 -> 947747.67 | ... BO65: ='Utilization and Salaries'!CE102 -> 947747.67 | BP65: =SUM(BD65:BO65) -> 11372972 | BQ65: =P65+AC65+AP65+BC65+BP65 -> 38909357
B66: Payroll Taxes | D66: =D65*0.1 -> 14541.667 | E66: =E65*0.1 -> 15083.333 | F66: =F65*0.1 -> 16750 | G66: =G65*0.1 -> 19541.667 | H66: =H65*0.1 -> 19541.667 | I66: =I65*0.1 -> 19541.667 | J66: =J65*0.1 -> 19541.667 | K66: =K65*0.1 -> 19541.667 | ... O66: =O65*0.1 -> 19541.667 | P66: =SUM(D66:O66) -> 212250 | Q66: =Q65*0.1 -> 20323.333 | R66: =R65*0.1 -> 20323.333 | S66: =S65*0.1 -> 20323.333 | T66: =T65*0.1 -> 21823.333 | U66: =U65*0.1 -> 24656.667 | V66: =V65*0.1 -> 29948.333 | W66: =W65*0.1 -> 43990 | X66: =X65*0.1 -> 43990 | ... AB66: =AB65*0.1 -> 43990 | AC66: =SUM(Q66:AB66) -> 401338.33 | AD66: =AD65*0.1 -> 85957.933 | AE66: =AE65*0.1 -> 85957.933 | AF66: =AF65*0.1 -> 85957.933 | AG66: =AG65*0.1 -> 87624.6 | AH66: =AH65*0.1 -> 87624.6 | AI66: =AI65*0.1 -> 87624.6 | AJ66: =AJ65*0.1 -> 87624.6 | AK66: =AK65*0.1 -> 87624.6 | ... AO66: =AO65*0.1 -> 87624.6 | AP66: =SUM(AD66:AO66) -> 1046495.2 | AQ66: =AQ65*0.1 -> 91129.584 | AR66: =AR65*0.1 -> 91129.584 | AS66: =AS65*0.1 -> 91129.584 | AT66: =AT65*0.1 -> 91129.584 | AU66: =AU65*0.1 -> 91129.584 | AV66: =AV65*0.1 -> 91129.584 | AW66: =AW65*0.1 -> 91129.584 | AX66: =AX65*0.1 -> 91129.584 | ... BB66: =BB65*0.1 -> 91129.584 | BC66: =SUM(AQ66:BB66) -> 1093555 | BD66: =BD65*0.1 -> 94774.767 | BE66: =BE65*0.1 -> 94774.767 | BF66: =BF65*0.1 -> 94774.767 | BG66: =BG65*0.1 -> 94774.767 | BH66: =BH65*0.1 -> 94774.767 | BI66: =BI65*0.1 -> 94774.767 | BJ66: =BJ65*0.1 -> 94774.767 | BK66: =BK65*0.1 -> 94774.767 | ... BO66: =BO65*0.1 -> 94774.767 | BP66: =SUM(BD66:BO66) -> 1137297.2 | BQ66: =P66+AC66+AP66+BC66+BP66 -> 3890935.7
B67: Benefits (Health, Dental, 401K, etc.) | D67: =D65*0.07 -> 10179.167 | E67: =E65*0.07 -> 10558.333 | F67: =F65*0.07 -> 11725 | G67: =G65*0.07 -> 13679.167 | H67: =H65*0.07 -> 13679.167 | I67: =I65*0.07 -> 13679.167 | J67: =J65*0.07 -> 13679.167 | K67: =K65*0.07 -> 13679.167 | L67: =K67 -> 13679.167 | M67: =M65*0.07 -> 13679.167 | N67: =N65*0.07 -> 13679.167 | O67: =O65*0.07 -> 13679.167 | P67: =SUM(D67:O67) -> 155575 | Q67: =Q65*0.07 -> 14226.333 | R67: =R65*0.07 -> 14226.333 | S67: =S65*0.07 -> 14226.333 | T67: =T65*0.07 -> 15276.333 | U67: =U65*0.07 -> 17259.667 | V67: =V65*0.07 -> 20963.833 | W67: =W65*0.07 -> 30793 | X67: =X65*0.07 -> 30793 | ... AB67: =AB65*0.07 -> 30793 | AC67: =SUM(Q67:AB67) -> 280936.83 | AD67: =AD65*0.07 -> 60170.553 | AE67: =AE65*0.07 -> 60170.553 | AF67: =AF65*0.07 -> 60170.553 | AG67: =AG65*0.07 -> 61337.22 | AH67: =AH65*0.07 -> 61337.22 | AI67: =AI65*0.07 -> 61337.22 | AJ67: =AJ65*0.07 -> 61337.22 | AK67: =AK65*0.07 -> 61337.22 | ... AO67: =AO65*0.07 -> 61337.22 | AP67: =SUM(AD67:AO67) -> 732546.64 | AQ67: =AQ65*0.07 -> 63790.709 | AR67: =AR65*0.07 -> 63790.709 | AS67: =AS65*0.07 -> 63790.709 | AT67: =AT65*0.07 -> 63790.709 | AU67: =AU65*0.07 -> 63790.709 | AV67: =AV65*0.07 -> 63790.709 | AW67: =AW65*0.07 -> 63790.709 | AX67: =AX65*0.07 -> 63790.709 | ... BB67: =BB65*0.07 -> 63790.709 | BC67: =SUM(AQ67:BB67) -> 765488.51 | BD67: =BD65*0.07 -> 66342.337 | BE67: =BE65*0.07 -> 66342.337 | BF67: =BF65*0.07 -> 66342.337 | BG67: =BG65*0.07 -> 66342.337 | BH67: =BH65*0.07 -> 66342.337 | BI67: =BI65*0.07 -> 66342.337 | BJ67: =BJ65*0.07 -> 66342.337 | BK67: =BK65*0.07 -> 66342.337 | ... BO67: =BO65*0.07 -> 66342.337 | BP67: =SUM(BD67:BO67) -> 796108.05 | BQ67: =P67+AC67+AP67+BC67+BP67 -> 2730655
B68: Contractors/Other | D68: ='Utilization and Salaries'!T126 -> 24583.333 | E68: ='Utilization and Salaries'!U126 -> 53916.667 | F68: ='Utilization and Salaries'!V126 -> 45516.667 | G68: ='Utilization and Salaries'!W126 -> 75242.667 | H68: ='Utilization and Salaries'!X126 -> 78016.667 | I68: ='Utilization and Salaries'!Y126 -> 49516.667 | J68: ='Utilization and Salaries'!Z126 -> 78016.667 | K68: ='Utilization and Salaries'!AA126 -> 49516.667 | ... O68: ='Utilization and Salaries'!AE126 -> 49516.667 | P68: =SUM(D68:O68) -> 637392.67 | Q68: ='Utilization and Salaries'!AG126 -> 45340 | R68: ='Utilization and Salaries'!AH126 -> 45340 | S68: ='Utilization and Salaries'!AI126 -> 45340 | T68: ='Utilization and Salaries'!AJ126 -> 45340 | U68: ='Utilization and Salaries'!AK126 -> 45340 | V68: ='Utilization and Salaries'!AL126 -> 45340 | W68: ='Utilization and Salaries'!AM126 -> 10140 | X68: ='Utilization and Salaries'!AN126 -> 10140 | ... AB68: ='Utilization and Salaries'!AR126 -> 10140 | AC68: =SUM(Q68:AB68) -> 332880 | AD68: ='Utilization and Salaries'!AT126 -> 10545.6 | AE68: ='Utilization and Salaries'!AU126 -> 10545.6 | AF68: ='Utilization and Salaries'!AV126 -> 10545.6 | AG68: ='Utilization and Salaries'!AW126 -> 10545.6 | AH68: ='Utilization and Salaries'!AX126 -> 10545.6 | AI68: ='Utilization and Salaries'!AY126 -> 10545.6 | AJ68: ='Utilization and Salaries'!AZ126 -> 10545.6 | AK68: ='Utilization and Salaries'!BA126 -> 10545.6 | ... AO68: ='Utilization and Salaries'!BE126 -> 10545.6 | AP68: =SUM(AD68:AO68) -> 126547.2 | AQ68: ='Utilization and Salaries'!BG126 -> 10967.424 | AR68: ='Utilization and Salaries'!BH126 -> 10967.424 | AS68: ='Utilization and Salaries'!BI126 -> 10967.424 | AT68: ='Utilization and Salaries'!BJ126 -> 10967.424 | AU68: ='Utilization and Salaries'!BK126 -> 10967.424 | AV68: ='Utilization and Salaries'!BL126 -> 10967.424 | AW68: ='Utilization and Salaries'!BM126 -> 10967.424 | AX68: ='Utilization and Salaries'!BN126 -> 10967.424 | ... BB68: ='Utilization and Salaries'!BR126 -> 10967.424 | BC68: =SUM(AQ68:BB68) -> 131609.09 | BD68: ='Utilization and Salaries'!BT126 -> 11406.121 | BE68: ='Utilization and Salaries'!BU126 -> 11406.121 | BF68: ='Utilization and Salaries'!BV126 -> 11406.121 | BG68: ='Utilization and Salaries'!BW126 -> 11406.121 | BH68: ='Utilization and Salaries'!BX126 -> 11406.121 | BI68: ='Utilization and Salaries'!BY126 -> 11406.121 | BJ68: ='Utilization and Salaries'!BZ126 -> 11406.121 | BK68: ='Utilization and Salaries'!CA126 -> 11406.121 | ... BO68: ='Utilization and Salaries'!CE126 -> 11406.121 | BP68: =SUM(BD68:BO68) -> 136873.45 | BQ68: =P68+AC68+AP68+BC68+BP68 -> 1365302.4
B69: Total Salaries and Contractors | D69: =SUM(D65:D68) -> 194720.83 | E69: =SUM(E65:E68) -> 230391.67 | F69: =SUM(F65:F68) -> 241491.67 | G69: =SUM(G65:G68) -> 303880.17 | H69: =SUM(H65:H68) -> 306654.17 | I69: =SUM(I65:I68) -> 278154.17 | J69: =SUM(J65:J68) -> 306654.17 | K69: =SUM(K65:K68) -> 278154.17 | ... BQ69: =SUM(BQ65:BQ68) -> 46896251
A71: Marketing & Development (Outsourced)
B72: Digital Assets Product/UXUI | C72: 0.03 | D72: 0 | E72: =D72 -> 0 | F72: =E72 -> 0 | G72: =F72*(1+$C72) -> 0 | H72: =G72*(1+$C72) -> 0 | I72: =H72*(1+$C72) -> 0 | J72: =I72*(1+$C72) -> 0 | K72: =J72*(1+$C72) -> 0 | L72: =K72*(1+$C72) -> 0 | M72: =L72*(1+$C72) -> 0 | N72: =M72*(1+$C72) -> 0 | O72: =N72*(1+$C72) -> 0 | P72: =SUM(D72:O72) -> 0 | Q72: =O72*(1+$C72) -> 0 | R72: =Q72*(1+$C72) -> 0 | S72: =R72*(1+$C72) -> 0 | T72: =S72*(1+$C72) -> 0 | U72: =T72*(1+$C72) -> 0 | V72: =U72*(1+$C72) -> 0 | W72: =V72*(1+$C72) -> 0 | X72: =W72*(1+$C72) -> 0 | Y72: =X72*(1+$C72) -> 0 | ... AB72: =AA72*(1+$C72) -> 0 | AC72: =SUM(Q72:AB72) -> 0 | AD72: =AB72*(1+$C72) -> 0 | AE72: =AD72*(1+$C72) -> 0 | AF72: =AE72*(1+$C72) -> 0 | AG72: =AF72*(1+$C72) -> 0 | AH72: =AG72*(1+$C72) -> 0 | AI72: =AH72*(1+$C72) -> 0 | AJ72: =AI72*(1+$C72) -> 0 | AK72: =AJ72*(1+$C72) -> 0 | AL72: =AK72*(1+$C72) -> 0 | ... AO72: =AN72*(1+$C72) -> 0 | AP72: =SUM(AD72:AO72) -> 0 | AQ72: =AO72*(1+$C72) -> 0 | AR72: =AQ72*(1+$C72) -> 0 | AS72: =AR72*(1+$C72) -> 0 | AT72: =AS72*(1+$C72) -> 0 | AU72: =AT72*(1+$C72) -> 0 | AV72: =AU72*(1+$C72) -> 0 | AW72: =AV72*(1+$C72) -> 0 | AX72: =AW72*(1+$C72) -> 0 | AY72: =AX72*(1+$C72) -> 0 | ... BB72: =BA72*(1+$C72) -> 0 | BC72: =SUM(AQ72:BB72) -> 0 | BD72: =BB72*(1+$C72) -> 0 | BE72: =BD72*(1+$C72) -> 0 | BF72: =BE72*(1+$C72) -> 0 | BG72: =BF72*(1+$C72) -> 0 | BH72: =BG72*(1+$C72) -> 0 | BI72: =BH72*(1+$C72) -> 0 | BJ72: =BI72*(1+$C72) -> 0 | BK72: =BJ72*(1+$C72) -> 0 | BL72: =BK72*(1+$C72) -> 0 | ... BO72: =BN72*(1+$C72) -> 0 | BP72: =SUM(BD72:BO72) -> 0 | BQ72: =P72+AC72+AP72+BC72+BP72 -> 0
B73: Video Production | C73: 0.03 | D73: 0 | E73: =D73 -> 0 | F73: 5000 | G73: 1500 | H73: =G73*(1+$C73) -> 1545 | I73: =H73*(1+$C73) -> 1591.35 | J73: =I73*(1+$C73) -> 1639.0905 | K73: =J73*(1+$C73) -> 1688.2632 | L73: =K73*(1+$C73) -> 1738.9111 | M73: =L73*(1+$C73) -> 1791.0784 | N73: =M73*(1+$C73) -> 1844.8108 | O73: =N73*(1+$C73) -> 1900.1551 | P73: =SUM(D73:O73) -> 20238.659 | Q73: =O73*(1+$C73) -> 1957.1598 | R73: =Q73*(1+$C73) -> 2015.8746 | S73: =R73*(1+$C73) -> 2076.3508 | T73: =S73*(1+$C73) -> 2138.6413 | U73: =T73*(1+$C73) -> 2202.8006 | V73: =U73*(1+$C73) -> 2268.8846 | W73: =V73*(1+$C73) -> 2336.9511 | X73: =W73*(1+$C73) -> 2407.0597 | Y73: =X73*(1+$C73) -> 2479.2714 | ... AB73: =AA73*(1+$C73) -> 2709.1669 | AC73: =SUM(Q73:AB73) -> 27776.069 | AD73: =AB73*(1+$C73) -> 2790.4419 | AE73: =AD73*(1+$C73) -> 2874.1551 | AF73: =AE73*(1+$C73) -> 2960.3798 | AG73: =AF73*(1+$C73) -> 3049.1912 | AH73: =AG73*(1+$C73) -> 3140.6669 | AI73: =AH73*(1+$C73) -> 3234.8869 | AJ73: =AI73*(1+$C73) -> 3331.9335 | AK73: =AJ73*(1+$C73) -> 3431.8915 | AL73: =AK73*(1+$C73) -> 3534.8483 | ... AO73: =AN73*(1+$C73) -> 3862.6241 | AP73: =SUM(AD73:AO73) -> 39602.033 | AQ73: =AO73*(1+$C73) -> 3978.5029 | AR73: =AQ73*(1+$C73) -> 4097.8579 | AS73: =AR73*(1+$C73) -> 4220.7937 | AT73: =AS73*(1+$C73) -> 4347.4175 | AU73: =AT73*(1+$C73) -> 4477.84 | AV73: =AU73*(1+$C73) -> 4612.1752 | AW73: =AV73*(1+$C73) -> 4750.5405 | AX73: =AW73*(1+$C73) -> 4893.0567 | AY73: =AX73*(1+$C73) -> 5039.8484 | ... BB73: =BA73*(1+$C73) -> 5507.1784 | BC73: =SUM(AQ73:BB73) -> 56463.03 | BD73: =BB73*(1+$C73) -> 5672.3938 | BE73: =BD73*(1+$C73) -> 5842.5656 | BF73: =BE73*(1+$C73) -> 6017.8425 | BG73: =BF73*(1+$C73) -> 6198.3778 | BH73: =BG73*(1+$C73) -> 6384.3292 | BI73: =BH73*(1+$C73) -> 6575.859 | BJ73: =BI73*(1+$C73) -> 6773.1348 | BK73: =BJ73*(1+$C73) -> 6976.3288 | BL73: =BK73*(1+$C73) -> 7185.6187 | ... BO73: =BN73*(1+$C73) -> 7851.9196 | BP73: =SUM(BD73:BO73) -> 80502.78 | BQ73: =P73+AC73+AP73+BC73+BP73 -> 224582.57
B74: Contractor Development/QA | C74: 0.03 | D74: 0 | E74: 0 | F74: =E74*(1+$C74) -> 0 | G74: =F74*(1+$C74) -> 0 | H74: =G74*(1+$C74) -> 0 | I74: =H74*(1+$C74) -> 0 | J74: =I74*(1+$C74) -> 0 | K74: =J74*(1+$C74) -> 0 | L74: =K74*(1+$C74) -> 0 | O74: 0 | P74: =SUM(D74:O74) -> 0 | Q74: =O74*(1+$C74) -> 0 | R74: =Q74*(1+$C74) -> 0 | S74: =R74*(1+$C74) -> 0 | T74: =S74*(1+$C74) -> 0 | U74: =T74*(1+$C74) -> 0 | V74: =U74*(1+$C74) -> 0 | W74: =V74*(1+$C74) -> 0 | X74: =W74*(1+$C74) -> 0 | Y74: =X74*(1+$C74) -> 0 | ... AB74: =AA74*(1+$C74) -> 0 | AC74: =SUM(Q74:AB74) -> 0 | AD74: =AB74*(1+$C74) -> 0 | AE74: =AD74*(1+$C74) -> 0 | AF74: =AE74*(1+$C74) -> 0 | AG74: =AF74*(1+$C74) -> 0 | AH74: =AG74*(1+$C74) -> 0 | AI74: =AH74*(1+$C74) -> 0 | AJ74: =AI74*(1+$C74) -> 0 | AK74: =AJ74*(1+$C74) -> 0 | AL74: =AK74*(1+$C74) -> 0 | ... AO74: =AN74*(1+$C74) -> 0 | AP74: =SUM(AD74:AO74) -> 0 | AQ74: =AO74*(1+$C74) -> 0 | AR74: =AQ74*(1+$C74) -> 0 | AS74: =AR74*(1+$C74) -> 0 | AT74: =AS74*(1+$C74) -> 0 | AU74: =AT74*(1+$C74) -> 0 | AV74: =AU74*(1+$C74) -> 0 | AW74: =AV74*(1+$C74) -> 0 | AX74: =AW74*(1+$C74) -> 0 | AY74: =AX74*(1+$C74) -> 0 | ... BB74: =BA74*(1+$C74) -> 0 | BC74: =SUM(AQ74:BB74) -> 0 | BD74: =BB74*(1+$C74) -> 0 | BE74: =BD74*(1+$C74) -> 0 | BF74: =BE74*(1+$C74) -> 0 | BG74: =BF74*(1+$C74) -> 0 | BH74: =BG74*(1+$C74) -> 0 | BI74: =BH74*(1+$C74) -> 0 | BJ74: =BI74*(1+$C74) -> 0 | BK74: =BJ74*(1+$C74) -> 0 | BL74: =BK74*(1+$C74) -> 0 | ... BO74: =BN74*(1+$C74) -> 0 | BP74: =SUM(BD74:BO74) -> 0 | BQ74: =P74+AC74+AP74+BC74+BP74 -> 0
B75: Public Relations | C75: 0.03 | D75: 0 | E75: =D75 -> 0 | F75: 0 | G75: =F75*(1+$C75) -> 0 | H75: =G75*(1+$C75) -> 0 | I75: =H75*(1+$C75) -> 0 | J75: =I75*(1+$C75) -> 0 | K75: =J75*(1+$C75) -> 0 | L75: =K75*(1+$C75) -> 0 | O75: 10000 | P75: =SUM(D75:O75) -> 10000 | Q75: =O75*(1+$C75) -> 10300 | R75: =Q75*(1+$C75) -> 10609 | S75: =R75*(1+$C75) -> 10927.27 | T75: =S75*(1+$C75) -> 11255.088 | U75: =T75*(1+$C75) -> 11592.741 | V75: =U75*(1+$C75) -> 11940.523 | W75: =V75*(1+$C75) -> 12298.739 | X75: =W75*(1+$C75) -> 12667.701 | Y75: =X75*(1+$C75) -> 13047.732 | ... AB75: =AA75*(1+$C75) -> 14257.609 | AC75: =SUM(Q75:AB75) -> 146177.9 | AD75: =AB75*(1+$C75) -> 14685.337 | AE75: =AD75*(1+$C75) -> 15125.897 | AF75: =AE75*(1+$C75) -> 15579.674 | AG75: =AF75*(1+$C75) -> 16047.064 | AH75: =AG75*(1+$C75) -> 16528.476 | AI75: =AH75*(1+$C75) -> 17024.331 | AJ75: =AI75*(1+$C75) -> 17535.061 | AK75: =AJ75*(1+$C75) -> 18061.112 | AL75: =AK75*(1+$C75) -> 18602.946 | ... AO75: =AN75*(1+$C75) -> 20327.941 | AP75: =SUM(AD75:AO75) -> 208414.74 | AQ75: =AO75*(1+$C75) -> 20937.779 | AR75: =AQ75*(1+$C75) -> 21565.913 | AS75: =AR75*(1+$C75) -> 22212.89 | AT75: =AS75*(1+$C75) -> 22879.277 | AU75: =AT75*(1+$C75) -> 23565.655 | AV75: =AU75*(1+$C75) -> 24272.625 | AW75: =AV75*(1+$C75) -> 25000.803 | AX75: =AW75*(1+$C75) -> 25750.828 | AY75: =AX75*(1+$C75) -> 26523.352 | ... BB75: =BA75*(1+$C75) -> 28982.783 | BC75: =SUM(AQ75:BB75) -> 297149.58 | BD75: =BB75*(1+$C75) -> 29852.267 | BE75: =BD75*(1+$C75) -> 30747.835 | BF75: =BE75*(1+$C75) -> 31670.27 | BG75: =BF75*(1+$C75) -> 32620.378 | BH75: =BG75*(1+$C75) -> 33598.989 | BI75: =BH75*(1+$C75) -> 34606.959 | BJ75: =BI75*(1+$C75) -> 35645.168 | BK75: =BJ75*(1+$C75) -> 36714.523 | BL75: =BK75*(1+$C75) -> 37815.958 | ... BO75: =BN75*(1+$C75) -> 41322.519 | BP75: =SUM(BD75:BO75) -> 423664.25 | BQ75: =P75+AC75+AP75+BC75+BP75 -> 1085406.5
B76: Total Marketing & Development | D76: =SUM(D72:D75) -> 0 | E76: =SUM(E72:E75) -> 0 | F76: =SUM(F72:F75) -> 5000 | G76: =SUM(G72:G75) -> 1500 | H76: =SUM(H72:H75) -> 1545 | I76: =SUM(I72:I75) -> 1591.35 | J76: =SUM(J72:J75) -> 1639.0905 | K76: =SUM(K72:K75) -> 1688.2632 | ... BQ76: =SUM(BQ72:BQ75) -> 1309989.1
A78: SG&A
B79: Insurance | D79: 0 | E79: 7900 | F79: 3150 | G79: =F79 -> 3150 | H79: =G79 -> 3150 | I79: =H79 -> 3150 | J79: =I79 -> 3150 | K79: =J79 -> 3150 | L79: =K79 -> 3150 | M79: =L79 -> 3150 | N79: =M79 -> 3150 | O79: =N79 -> 3150 | P79: =SUM(D79:O79) -> 39400 | Q79: 5000 | R79: =Q79 -> 5000 | S79: =R79 -> 5000 | T79: =S79 -> 5000 | U79: =T79 -> 5000 | V79: =U79 -> 5000 | W79: =V79 -> 5000 | X79: =W79 -> 5000 | Y79: =X79 -> 5000 | ... AB79: =AA79 -> 5000 | AC79: =SUM(Q79:AB79) -> 60000 | AD79: 10000 | AE79: =AD79 -> 10000 | AF79: =AE79 -> 10000 | AG79: =AF79 -> 10000 | AH79: =AG79 -> 10000 | AI79: =AH79 -> 10000 | AJ79: =AI79 -> 10000 | AK79: =AJ79 -> 10000 | AL79: =AK79 -> 10000 | ... AO79: =AN79 -> 10000 | AP79: =SUM(AD79:AO79) -> 120000 | AQ79: 15000 | AR79: =AQ79 -> 15000 | AS79: =AR79 -> 15000 | AT79: =AS79 -> 15000 | AU79: =AT79 -> 15000 | AV79: =AU79 -> 15000 | AW79: =AV79 -> 15000 | AX79: =AW79 -> 15000 | AY79: =AX79 -> 15000 | ... BB79: =BA79 -> 15000 | BC79: =SUM(AQ79:BB79) -> 180000 | BD79: 20000 | BE79: =BD79 -> 20000 | BF79: =BE79 -> 20000 | BG79: =BF79 -> 20000 | BH79: =BG79 -> 20000 | BI79: =BH79 -> 20000 | BJ79: =BI79 -> 20000 | BK79: =BJ79 -> 20000 | BL79: =BK79 -> 20000 | ... BO79: =BN79 -> 20000 | BP79: =SUM(BD79:BO79) -> 240000 | BQ79: =P79+AC79+AP79+BC79+BP79 -> 639400
B80: Rent | D80: 0 | E80: =D80 -> 0 | F80: =E80 -> 0 | G80: =F80 -> 0 | H80: =G80 -> 0 | I80: =H80 -> 0 | J80: =I80 -> 0 | K80: =J80 -> 0 | L80: =K80 -> 0 | M80: =L80 -> 0 | P80: =SUM(D80:O80) -> 0 | Q80: 10000 | R80: =Q80 -> 10000 | S80: =R80 -> 10000 | T80: =S80 -> 10000 | U80: =T80 -> 10000 | V80: =U80 -> 10000 | W80: =V80 -> 10000 | X80: =W80 -> 10000 | Y80: =X80 -> 10000 | ... AB80: =AA80 -> 10000 | AC80: =SUM(Q80:AB80) -> 120000 | AD80: 15000 | AE80: =AD80 -> 15000 | AF80: =AE80 -> 15000 | AG80: =AF80 -> 15000 | AH80: =AG80 -> 15000 | AI80: =AH80 -> 15000 | AJ80: =AI80 -> 15000 | AK80: =AJ80 -> 15000 | AL80: =AK80 -> 15000 | ... AO80: =AN80 -> 15000 | AP80: =SUM(AD80:AO80) -> 180000 | AQ80: 20000 | AR80: =AQ80 -> 20000 | AS80: =AR80 -> 20000 | AT80: =AS80 -> 20000 | AU80: =AT80 -> 20000 | AV80: =AU80 -> 20000 | AW80: =AV80 -> 20000 | AX80: =AW80 -> 20000 | AY80: =AX80 -> 20000 | ... BB80: =BA80 -> 20000 | BC80: =SUM(AQ80:BB80) -> 240000 | BD80: 35000 | BE80: =BD80 -> 35000 | BF80: =BE80 -> 35000 | BG80: =BF80 -> 35000 | BH80: =BG80 -> 35000 | BI80: =BH80 -> 35000 | BJ80: =BI80 -> 35000 | BK80: =BJ80 -> 35000 | BL80: =BK80 -> 35000 | ... BO80: =BN80 -> 35000 | BP80: =SUM(BD80:BO80) -> 420000 | BQ80: =P80+AC80+AP80+BC80+BP80 -> 960000
B81: Storage | D81: 0 | E81: 0 | F81: =E81 -> 0 | G81: =F81 -> 0 | H81: =G81 -> 0 | I81: =H81 -> 0 | J81: =I81 -> 0 | K81: =J81 -> 0 | L81: =K81 -> 0 | M81: =L81 -> 0 | ... O81: =N81 -> 0 | P81: =SUM(D81:O81) -> 0 | Q81: =O81*1.5 -> 0 | R81: =Q81 -> 0 | S81: =R81 -> 0 | T81: =S81 -> 0 | U81: =T81 -> 0 | V81: =U81 -> 0 | W81: =V81 -> 0 | X81: =W81 -> 0 | Y81: =X81 -> 0 | ... AB81: =AA81 -> 0 | AC81: =SUM(Q81:AB81) -> 0 | AD81: =AB81*1.5 -> 0 | AE81: =AD81 -> 0 | AF81: =AE81 -> 0 | AG81: =AF81 -> 0 | AH81: =AG81 -> 0 | AI81: =AH81 -> 0 | AJ81: =AI81 -> 0 | AK81: =AJ81 -> 0 | AL81: =AK81 -> 0 | ... AO81: =AN81 -> 0 | AP81: =SUM(AD81:AO81) -> 0 | AQ81: =AO81*1.5 -> 0 | AR81: =AQ81 -> 0 | AS81: =AR81 -> 0 | AT81: =AS81 -> 0 | AU81: =AT81 -> 0 | AV81: =AU81 -> 0 | AW81: =AV81 -> 0 | AX81: =AW81 -> 0 | AY81: =AX81 -> 0 | ... BB81: =BA81 -> 0 | BC81: =SUM(AQ81:BB81) -> 0 | BD81: =BB81*1.5 -> 0 | BE81: =BD81 -> 0 | BF81: =BE81 -> 0 | BG81: =BF81 -> 0 | BH81: =BG81 -> 0 | BI81: =BH81 -> 0 | BJ81: =BI81 -> 0 | BK81: =BJ81 -> 0 | BL81: =BK81 -> 0 | ... BO81: =BN81 -> 0 | BP81: =SUM(BD81:BO81) -> 0 | BQ81: =P81+AC81+AP81+BC81+BP81 -> 0
B82: Office supplies/collateral | C82: 0.03 | D82: 0 | E82: 65 | F82: 1500 | G82: 15 | H82: 15 | I82: 1800 | J82: =I82*(1+$C82) -> 1854 | K82: =J82*(1+$C82) -> 1909.62 | L82: =K82*(1+$C82) -> 1966.9086 | M82: =L82*(1+$C82) -> 2025.9159 | N82: =M82*(1+$C82) -> 2086.6933 | O82: =N82*(1+$C82) -> 2149.2941 | P82: =SUM(D82:O82) -> 15387.432 | Q82: =O82*(1+$C82) -> 2213.773 | R82: =Q82*(1+$C82) -> 2280.1861 | S82: =R82*(1+$C82) -> 2348.5917 | T82: =S82*(1+$C82) -> 2419.0495 | U82: =T82*(1+$C82) -> 2491.621 | V82: =U82*(1+$C82) -> 2566.3696 | W82: =V82*(1+$C82) -> 2643.3607 | X82: =W82*(1+$C82) -> 2722.6615 | Y82: =X82*(1+$C82) -> 2804.3413 | ... AB82: =AA82*(1+$C82) -> 3064.3795 | AC82: =SUM(Q82:AB82) -> 31417.931 | AD82: =AB82*(1+$C82) -> 3156.3109 | AE82: =AD82*(1+$C82) -> 3251.0002 | AF82: =AE82*(1+$C82) -> 3348.5302 | AG82: =AF82*(1+$C82) -> 3448.9861 | AH82: =AG82*(1+$C82) -> 3552.4557 | AI82: =AH82*(1+$C82) -> 3659.0294 | AJ82: =AI82*(1+$C82) -> 3768.8003 | AK82: =AJ82*(1+$C82) -> 3881.8643 | AL82: =AK82*(1+$C82) -> 3998.3202 | ... AO82: =AN82*(1+$C82) -> 4369.0724 | AP82: =SUM(AD82:AO82) -> 44794.458 | AQ82: =AO82*(1+$C82) -> 4500.1446 | AR82: =AQ82*(1+$C82) -> 4635.149 | AS82: =AR82*(1+$C82) -> 4774.2034 | AT82: =AS82*(1+$C82) -> 4917.4295 | AU82: =AT82*(1+$C82) -> 5064.9524 | AV82: =AU82*(1+$C82) -> 5216.901 | AW82: =AV82*(1+$C82) -> 5373.408 | AX82: =AW82*(1+$C82) -> 5534.6103 | AY82: =AX82*(1+$C82) -> 5700.6486 | ... BB82: =BA82*(1+$C82) -> 6229.2526 | BC82: =SUM(AQ82:BB82) -> 63866.186 | BD82: =BB82*(1+$C82) -> 6416.1302 | BE82: =BD82*(1+$C82) -> 6608.6141 | BF82: =BE82*(1+$C82) -> 6806.8725 | BG82: =BF82*(1+$C82) -> 7011.0787 | BH82: =BG82*(1+$C82) -> 7221.4111 | BI82: =BH82*(1+$C82) -> 7438.0534 | BJ82: =BI82*(1+$C82) -> 7661.195 | BK82: =BJ82*(1+$C82) -> 7891.0308 | BL82: =BK82*(1+$C82) -> 8127.7618 | ... BO82: =BN82*(1+$C82) -> 8881.4247 | BP82: =SUM(BD82:BO82) -> 91057.909 | BQ82: =P82+AC82+AP82+BC82+BP82 -> 246523.92
B83: Travel | C83: 0.03 | D83: 0 | E83: 1810 | F83: 7861 | G83: 3552 | H83: 2935 | I83: 7470 | J83: 5000 | K83: =J83*(1+$C83) -> 5150 | L83: =K83*(1+$C83) -> 5304.5 | M83: =L83*(1+$C83) -> 5463.635 | N83: =M83*(1+$C83) -> 5627.5441 | O83: =N83*(1+$C83) -> 5796.3704 | P83: =SUM(D83:O83) -> 55970.049 | Q83: =O83*(1+$C83) -> 5970.2615 | R83: =Q83*(1+$C83) -> 6149.3693 | S83: =R83*(1+$C83) -> 6333.8504 | T83: =S83*(1+$C83) -> 6523.8659 | U83: =T83*(1+$C83) -> 6719.5819 | V83: =U83*(1+$C83) -> 6921.1694 | W83: =V83*(1+$C83) -> 7128.8044 | X83: =W83*(1+$C83) -> 7342.6686 | Y83: =X83*(1+$C83) -> 7562.9486 | ... AB83: =AA83*(1+$C83) -> 8264.2382 | AC83: =SUM(Q83:AB83) -> 84730.127 | AD83: =AB83*(1+$C83) -> 8512.1653 | AE83: =AD83*(1+$C83) -> 8767.5303 | AF83: =AE83*(1+$C83) -> 9030.5562 | AG83: =AF83*(1+$C83) -> 9301.4729 | AH83: =AG83*(1+$C83) -> 9580.517 | AI83: =AH83*(1+$C83) -> 9867.9326 | AJ83: =AI83*(1+$C83) -> 10163.971 | AK83: =AJ83*(1+$C83) -> 10468.89 | AL83: =AK83*(1+$C83) -> 10782.956 | ... AO83: =AN83*(1+$C83) -> 11782.828 | AP83: =SUM(AD83:AO83) -> 120804.9 | AQ83: =AO83*(1+$C83) -> 12136.312 | AR83: =AQ83*(1+$C83) -> 12500.402 | AS83: =AR83*(1+$C83) -> 12875.414 | AT83: =AS83*(1+$C83) -> 13261.676 | AU83: =AT83*(1+$C83) -> 13659.526 | AV83: =AU83*(1+$C83) -> 14069.312 | AW83: =AV83*(1+$C83) -> 14491.392 | AX83: =AW83*(1+$C83) -> 14926.133 | AY83: =AX83*(1+$C83) -> 15373.917 | ... BB83: =BA83*(1+$C83) -> 16799.495 | BC83: =SUM(AQ83:BB83) -> 172238.9 | BD83: =BB83*(1+$C83) -> 17303.479 | BE83: =BD83*(1+$C83) -> 17822.584 | BF83: =BE83*(1+$C83) -> 18357.261 | BG83: =BF83*(1+$C83) -> 18907.979 | BH83: =BG83*(1+$C83) -> 19475.219 | BI83: =BH83*(1+$C83) -> 20059.475 | BJ83: =BI83*(1+$C83) -> 20661.259 | BK83: =BJ83*(1+$C83) -> 21281.097 | BL83: =BK83*(1+$C83) -> 21919.53 | ... BO83: =BN83*(1+$C83) -> 23952.062 | BP83: =SUM(BD83:BO83) -> 245571.49 | BQ83: =P83+AC83+AP83+BC83+BP83 -> 679315.47
B84: Computers/Equipment | D84: 8500 | E84: 13000 | F84: 6000 | G84: 2000 | H84: 0 | I84: 0 | J84: 0 | K84: =J84 -> 0 | L84: =K84 -> 0 | M84: =L84 -> 0 | N84: =M84 -> 0 | O84: =N84 -> 0 | P84: =SUM(D84:O84) -> 29500 | Q84: 2500 | R84: =Q84 -> 2500 | S84: =R84 -> 2500 | T84: =S84 -> 2500 | U84: =T84 -> 2500 | V84: 2500 | W84: =V84 -> 2500 | X84: =W84 -> 2500 | Y84: =X84 -> 2500 | Z84: =Y84 -> 2500 | AA84: =Z84 -> 2500 | AB84: =AA84 -> 2500 | AC84: =SUM(Q84:AB84) -> 30000 | AD84: 5000 | AE84: =AD84 -> 5000 | AF84: =AE84 -> 5000 | AG84: =AF84 -> 5000 | AH84: =AG84 -> 5000 | AI84: =AH84 -> 5000 | AJ84: =AI84 -> 5000 | AK84: =AJ84 -> 5000 | AL84: =AK84 -> 5000 | ... AO84: =AN84 -> 5000 | AP84: =SUM(AD84:AO84) -> 60000 | AQ84: 10000 | AR84: =AQ84 -> 10000 | AS84: =AR84 -> 10000 | AT84: =AS84 -> 10000 | AU84: =AT84 -> 10000 | AV84: =AU84 -> 10000 | AW84: =AV84 -> 10000 | AX84: =AW84 -> 10000 | AY84: =AX84 -> 10000 | ... BB84: =BA84 -> 10000 | BC84: =SUM(AQ84:BB84) -> 120000 | BD84: 15000 | BE84: =BD84 -> 15000 | BF84: =BE84 -> 15000 | BG84: =BF84 -> 15000 | BH84: =BG84 -> 15000 | BI84: =BH84 -> 15000 | BJ84: =BI84 -> 15000 | BK84: =BJ84 -> 15000 | BL84: =BK84 -> 15000 | ... BO84: =BN84 -> 15000 | BP84: =SUM(BD84:BO84) -> 180000 | BQ84: =P84+AC84+AP84+BC84+BP84 -> 419500
B85: software licensing (CRM, analytics, dev) | D85: 3720 | E85: 3150 | F85: 2525 | G85: 4860 | H85: 3885 | I85: 24000 | J85: 8000 | K85: =J85 -> 8000 | L85: =K85 -> 8000 | M85: =L85 -> 8000 | N85: =M85 -> 8000 | O85: =N85 -> 8000 | P85: =SUM(D85:O85) -> 90140 | Q85: =O85 -> 8000 | R85: =Q85 -> 8000 | S85: =R85 -> 8000 | T85: =S85 -> 8000 | U85: =T85 -> 8000 | V85: =U85 -> 8000 | W85: =V85 -> 8000 | X85: =W85 -> 8000 | Y85: =X85 -> 8000 | ... AB85: =AA85 -> 8000 | AC85: =SUM(Q85:AB85) -> 96000 | AD85: 5000 | AE85: =AD85 -> 5000 | AF85: =AE85 -> 5000 | AG85: =AF85 -> 5000 | AH85: =AG85 -> 5000 | AI85: =AH85 -> 5000 | AJ85: =AI85 -> 5000 | AK85: =AJ85 -> 5000 | AL85: =AK85 -> 5000 | ... AO85: =AN85 -> 5000 | AP85: =SUM(AD85:AO85) -> 60000 | AQ85: 10000 | AR85: =AQ85 -> 10000 | AS85: =AR85 -> 10000 | AT85: =AS85 -> 10000 | AU85: =AT85 -> 10000 | AV85: =AU85 -> 10000 | AW85: =AV85 -> 10000 | AX85: =AW85 -> 10000 | AY85: =AX85 -> 10000 | ... BB85: =BA85 -> 10000 | BC85: =SUM(AQ85:BB85) -> 120000 | BD85: 15000 | BE85: =BD85 -> 15000 | BF85: =BE85 -> 15000 | BG85: =BF85 -> 15000 | BH85: =BG85 -> 15000 | BI85: =BH85 -> 15000 | BJ85: =BI85 -> 15000 | BK85: =BJ85 -> 15000 | BL85: =BK85 -> 15000 | ... BO85: =BN85 -> 15000 | BP85: =SUM(BD85:BO85) -> 180000 | BQ85: =P85+AC85+AP85+BC85+BP85 -> 546140
B86: Miscellaneous | C86: 0.05 | D86: 1500 | E86: =D86*(1+$C86) -> 1575 | F86: =E86*(1+$C86) -> 1653.75 | G86: =F86*(1+$C86) -> 1736.4375 | H86: =G86*(1+$C86) -> 1823.2594 | I86: =H86*(1+$C86) -> 1914.4223 | J86: =I86*(1+$C86) -> 2010.1435 | K86: =J86*(1+$C86) -> 2110.6506 | L86: =K86*(1+$C86) -> 2216.1832 | ... O86: =N86*(1+$C86) -> 2565.509 | P86: =SUM(D86:O86) -> 23875.69 | Q86: =O86*(1+$C86) -> 2693.7845 | R86: =Q86*(1+$C86) -> 2828.4737 | S86: =R86*(1+$C86) -> 2969.8974 | T86: =S86*(1+$C86) -> 3118.3923 | U86: =T86*(1+$C86) -> 3274.3119 | V86: =U86*(1+$C86) -> 3438.0275 | W86: =V86*(1+$C86) -> 3609.9289 | X86: =W86*(1+$C86) -> 3790.4253 | Y86: =X86*(1+$C86) -> 3979.9466 | ... AB86: =AA86*(1+$C86) -> 4607.2856 | AC86: =SUM(Q86:AB86) -> 42877.309 | AD86: =AB86*(1+$C86) -> 4837.6499 | AE86: =AD86*(1+$C86) -> 5079.5324 | AF86: =AE86*(1+$C86) -> 5333.509 | AG86: =AF86*(1+$C86) -> 5600.1845 | AH86: =AG86*(1+$C86) -> 5880.1937 | AI86: =AH86*(1+$C86) -> 6174.2034 | AJ86: =AI86*(1+$C86) -> 6482.9136 | AK86: =AJ86*(1+$C86) -> 6807.0592 | AL86: =AK86*(1+$C86) -> 7147.4122 | ... AO86: =AN86*(1+$C86) -> 8274.0231 | AP86: =SUM(AD86:AO86) -> 77001.486 | AQ86: =AO86*(1+$C86) -> 8687.7242 | AR86: =AQ86*(1+$C86) -> 9122.1104 | AS86: =AR86*(1+$C86) -> 9578.2159 | AT86: =AS86*(1+$C86) -> 10057.127 | AU86: =AT86*(1+$C86) -> 10559.983 | AV86: =AU86*(1+$C86) -> 11087.982 | AW86: =AV86*(1+$C86) -> 11642.381 | AX86: =AW86*(1+$C86) -> 12224.5 | AY86: =AX86*(1+$C86) -> 12835.725 | ... BB86: =BA86*(1+$C86) -> 14858.957 | BC86: =SUM(AQ86:BB86) -> 138283.61 | BD86: =BB86*(1+$C86) -> 15601.904 | BE86: =BD86*(1+$C86) -> 16382 | BF86: =BE86*(1+$C86) -> 17201.1 | BG86: =BF86*(1+$C86) -> 18061.155 | BH86: =BG86*(1+$C86) -> 18964.212 | BI86: =BH86*(1+$C86) -> 19912.423 | BJ86: =BI86*(1+$C86) -> 20908.044 | BK86: =BJ86*(1+$C86) -> 21953.446 | BL86: =BK86*(1+$C86) -> 23051.119 | ... BO86: =BN86*(1+$C86) -> 26684.551 | BP86: =SUM(BD86:BO86) -> 248337.49 | BQ86: =P86+AC86+AP86+BC86+BP86 -> 530375.58
B87: Total SG&A | D87: =SUM(D79:D86) -> 13720 | E87: =SUM(E79:E86) -> 27500 | F87: =SUM(F79:F86) -> 22689.75 | G87: =SUM(G79:G86) -> 15313.438 | H87: =SUM(H79:H86) -> 11808.259 | I87: =SUM(I79:I86) -> 38334.422 | J87: =SUM(J79:J86) -> 20014.143 | K87: =SUM(K79:K86) -> 20320.271 | ... BQ87: =SUM(BQ79:BQ86) -> 4021255
A89: Professional Services
B90: Legal | D90: 22000 | E90: 5000 | F90: 13000 | G90: 4000 | H90: 2000 | I90: =H90 -> 2000 | J90: =I90 -> 2000 | K90: =J90 -> 2000 | L90: =K90 -> 2000 | M90: =L90 -> 2000 | N90: =M90 -> 2000 | O90: =N90 -> 2000 | P90: =SUM(D90:O90) -> 60000 | Q90: 10000 | R90: =Q90 -> 10000 | S90: =R90 -> 10000 | T90: =S90 -> 10000 | U90: =T90 -> 10000 | V90: =U90 -> 10000 | W90: =V90 -> 10000 | X90: =W90 -> 10000 | Y90: =X90 -> 10000 | ... AB90: =AA90 -> 10000 | AC90: =SUM(Q90:AB90) -> 120000 | AD90: 15000 | AE90: =AD90 -> 15000 | AF90: =AE90 -> 15000 | AG90: =AF90 -> 15000 | AH90: =AG90 -> 15000 | AI90: =AH90 -> 15000 | AJ90: =AI90 -> 15000 | AK90: =AJ90 -> 15000 | AL90: =AK90 -> 15000 | ... AO90: =AN90 -> 15000 | AP90: =SUM(AD90:AO90) -> 180000 | AQ90: 20000 | AR90: =AQ90 -> 20000 | AS90: =AR90 -> 20000 | AT90: =AS90 -> 20000 | AU90: =AT90 -> 20000 | AV90: =AU90 -> 20000 | AW90: =AV90 -> 20000 | AX90: =AW90 -> 20000 | AY90: =AX90 -> 20000 | ... BB90: =BA90 -> 20000 | BC90: =SUM(AQ90:BB90) -> 240000 | BD90: =BB90 -> 20000 | BE90: =BD90 -> 20000 | BF90: =BE90 -> 20000 | BG90: =BF90 -> 20000 | BH90: =BG90 -> 20000 | BI90: =BH90 -> 20000 | BJ90: =BI90 -> 20000 | BK90: =BJ90 -> 20000 | BL90: =BK90 -> 20000 | ... BO90: =BN90 -> 20000 | BP90: =SUM(BD90:BO90) -> 240000 | BQ90: =P90+AC90+AP90+BC90+BP90 -> 840000
B91: Accounting | D91: 0 | E91: =D91 -> 0 | F91: =E91 -> 0 | G91: =F91 -> 0 | H91: =G91 -> 0 | I91: 0 | J91: =I91 -> 0 | K91: =J91 -> 0 | L91: =K91 -> 0 | M91: =L91 -> 0 | N91: =M91 -> 0 | O91: =N91 -> 0 | P91: =SUM(D91:O91) -> 0 | Q91: 4000 | R91: =Q91 -> 4000 | S91: =R91 -> 4000 | T91: =S91 -> 4000 | U91: =T91 -> 4000 | V91: =U91 -> 4000 | W91: =V91 -> 4000 | X91: =W91 -> 4000 | Y91: =X91 -> 4000 | ... AB91: =AA91 -> 4000 | AC91: =SUM(Q91:AB91) -> 48000 | AD91: 6500 | AE91: =AD91 -> 6500 | AF91: =AE91 -> 6500 | AG91: =AF91 -> 6500 | AH91: =AG91 -> 6500 | AI91: =AH91 -> 6500 | AJ91: =AI91 -> 6500 | AK91: =AJ91 -> 6500 | AL91: =AK91 -> 6500 | ... AO91: =AN91 -> 6500 | AP91: =SUM(AD91:AO91) -> 78000 | AQ91: 10000 | AR91: =AQ91 -> 10000 | AS91: =AR91 -> 10000 | AT91: =AS91 -> 10000 | AU91: =AT91 -> 10000 | AV91: =AU91 -> 10000 | AW91: =AV91 -> 10000 | AX91: =AW91 -> 10000 | AY91: =AX91 -> 10000 | ... BB91: =BA91 -> 10000 | BC91: =SUM(AQ91:BB91) -> 120000 | BD91: =BB91 -> 10000 | BE91: =BD91 -> 10000 | BF91: =BE91 -> 10000 | BG91: =BF91 -> 10000 | BH91: =BG91 -> 10000 | BI91: =BH91 -> 10000 | BJ91: =BI91 -> 10000 | BK91: =BJ91 -> 10000 | BL91: =BK91 -> 10000 | ... BO91: =BN91 -> 10000 | BP91: =SUM(BD91:BO91) -> 120000 | BQ91: =P91+AC91+AP91+BC91+BP91 -> 366000
B92: Platform Hosting | D92: 0 | E92: =D92 -> 0 | F92: =E92 -> 0 | G92: =F92 -> 0 | H92: =G92 -> 0 | I92: =H92 -> 0 | J92: 7000 | K92: =J92 -> 7000 | L92: =K92 -> 7000 | M92: =L92 -> 7000 | N92: =M92 -> 7000 | O92: =N92 -> 7000 | P92: =SUM(D92:O92) -> 42000 | Q92: 15000 | R92: =Q92 -> 15000 | S92: =R92 -> 15000 | T92: =S92 -> 15000 | U92: =T92 -> 15000 | V92: =U92 -> 15000 | W92: =V92 -> 15000 | X92: =W92 -> 15000 | Y92: =X92 -> 15000 | ... AB92: =AA92 -> 15000 | AC92: =SUM(Q92:AB92) -> 180000 | AD92: 20000 | AE92: =AD92 -> 20000 | AF92: =AE92 -> 20000 | AG92: =AF92 -> 20000 | AH92: =AG92 -> 20000 | AI92: =AH92 -> 20000 | AJ92: =AI92 -> 20000 | AK92: =AJ92 -> 20000 | AL92: =AK92 -> 20000 | ... AO92: =AN92 -> 20000 | AP92: =SUM(AD92:AO92) -> 240000 | AQ92: 25000 | AR92: =AQ92 -> 25000 | AS92: =AR92 -> 25000 | AT92: =AS92 -> 25000 | AU92: =AT92 -> 25000 | AV92: =AU92 -> 25000 | AW92: =AV92 -> 25000 | AX92: =AW92 -> 25000 | AY92: =AX92 -> 25000 | ... BB92: =BA92 -> 25000 | BC92: =SUM(AQ92:BB92) -> 300000 | BD92: 30000 | BE92: =BD92 -> 30000 | BF92: =BE92 -> 30000 | BG92: =BF92 -> 30000 | BH92: =BG92 -> 30000 | BI92: =BH92 -> 30000 | BJ92: =BI92 -> 30000 | BK92: =BJ92 -> 30000 | BL92: =BK92 -> 30000 | ... BO92: =BN92 -> 30000 | BP92: =SUM(BD92:BO92) -> 360000 | BQ92: =P92+AC92+AP92+BC92+BP92 -> 1122000
B93: Total Professional Services | D93: =SUM(D90:D92) -> 22000 | E93: =SUM(E90:E92) -> 5000 | F93: =SUM(F90:F92) -> 13000 | G93: =SUM(G90:G92) -> 4000 | H93: =SUM(H90:H92) -> 2000 | I93: =SUM(I90:I92) -> 2000 | J93: =SUM(J90:J92) -> 9000 | K93: =SUM(K90:K92) -> 9000 | ... BQ93: =SUM(BQ90:BQ92) -> 2328000
A95: Debt & Interest Payments
D96: =D97 -> 0 | E96: =D96+E97 -> 0 | F96: =E96+F97 -> 0 | G96: =F96+G97 -> 0 | H96: =G96+H97 -> 0 | I96: =H96+I97 -> 0 | J96: =I96+J97 -> 0 | K96: =J96+K97 -> 0 | L96: =K96+L97 -> 0 | ... O96: =N96+O97 -> 87480.769 | P96: =O96 -> 87480.769 | Q96: =O96+Q97 -> 87480.769 | R96: =Q96+R97 -> 337985.21 | S96: =R96+S97 -> 657490.61 | T96: =S96+T97 -> 657490.61 | U96: =T96+U97 -> 680496.12 | V96: =U96+V97 -> 680496.12 | W96: =V96+W97 -> 1014048.8 | X96: =W96+X97 -> 1075350.7 | Y96: =X96+Y97 -> 1075350.7 | ... AB96: =AA96+AB97 -> 1602178.7 | AC96: =AB96 -> 1602178.7 | AD96: =AB96+AD97 -> 1602178.7 | AE96: =AD96+AE97 -> 1669551.4 | AF96: =AE96+AF97 -> 1730611.3 | AG96: =AF96+AG97 -> 1827956.5 | AH96: =AG96+AH97 -> 1850270.7 | AI96: =AH96+AI97 -> 1900000 | AJ96: =AI96+AJ97 -> 1900000 | AK96: =AJ96+AK97 -> 1900000 | AL96: =AK96+AL97 -> 1900000 | ... AO96: =AN96+AO97 -> 1900000 | AP96: =AO96 -> 1900000 | AQ96: =AO96+AQ97 -> 1900000 | AR96: =AQ96+AR97 -> 1900000 | AS96: =AR96+AS97 -> 1900000 | AT96: =AS96+AT97 -> 1900000 | AU96: =AT96+AU97 -> 1900000 | AV96: =AU96+AV97 -> 1900000 | AW96: =AV96+AW97 -> 1900000 | AX96: =AW96+AX97 -> 1900000 | AY96: =AX96+AY97 -> 1900000 | ... BB96: =BA96+BB97 -> 1900000 | BC96: =BB96 -> 1900000 | BD96: =BB96+BD97 -> 1900000 | BE96: =BD96+BE97 -> 1900000 | BF96: =BE96+BF97 -> 1900000 | BG96: =BF96+BG97 -> 1900000 | BH96: =BG96+BH97 -> 1900000 | BI96: =BH96+BI97 -> 1900000 | BJ96: =BI96+BJ97 -> 1900000 | BK96: =BJ96+BK97 -> 1900000 | BL96: =BK96+BL97 -> 1900000 | ... BO96: =BN96+BO97 -> 1900000
B97: Angel Investor Debt Service | D97: =IF(D57=0,0,IF(D61<0,0,IF((C96+(D61*0.07))>=1900000,(1900000-C96),(D61*0.07)))) -> 0 | E97: =IF(E57=0,0,IF(E61<0,0,IF((D96+(E61*0.07))>=1900000,(1900000-D96),(E61*0.07)))) -> 0 | F97: =IF(F57=0,0,IF(F61<0,0,IF((E96+(F61*0.07))>=1900000,(1900000-E96),(F61*0.07)))) -> 0 | G97: =IF(G57=0,0,IF(G61<0,0,IF((F96+(G61*0.07))>=1900000,(1900000-F96),(G61*0.07)))) -> 0 | H97: =IF(H57=0,0,IF(H61<0,0,IF((G96+(H61*0.07))>=1900000,(1900000-G96),(H61*0.07)))) -> 0 | I97: =IF(I57=0,0,IF(I61<0,0,IF((H96+(I61*0.07))>=1900000,(1900000-H96),(I61*0.07)))) -> 0 | J97: =IF(J57=0,0,IF(J61<0,0,IF((I96+(J61*0.07))>=1900000,(1900000-I96),(J61*0.07)))) -> 0 | K97: =IF(K57=0,0,IF(K61<0,0,IF((J96+(K61*0.07))>=1900000,(1900000-J96),(K61*0.07)))) -> 0 | ... O97: =IF(O57=0,0,IF(O61<0,0,IF((N96+(O61*0.07))>=1900000,(1900000-N96),(O61*0.07)))) -> 87480.769 | P97: =SUM(D97:O97) -> 87480.769 | Q97: =IF(Q57=0,0,IF(Q61<0,0,IF((P96+(Q61*0.07))>=1900000,(1900000-P96),(Q61*0.07)))) -> 0 | R97: =IF(R57=0,0,IF(R61<0,0,IF((Q96+(R61*0.07))>=1900000,(1900000-Q96),(R61*0.07)))) -> 250504.44 | S97: =IF(S57=0,0,IF(S61<0,0,IF((R96+(S61*0.07))>=1900000,(1900000-R96),(S61*0.07)))) -> 319505.4 | T97: =IF(T57=0,0,IF(T61<0,0,IF((S96+(T61*0.07))>=1900000,(1900000-S96),(T61*0.07)))) -> 0 | U97: =IF(U57=0,0,IF(U61<0,0,IF((T96+(U61*0.07))>=1900000,(1900000-T96),(U61*0.07)))) -> 23005.514 | V97: =IF(V57=0,0,IF(V61<0,0,IF((U96+(V61*0.07))>=1900000,(1900000-U96),(V61*0.07)))) -> 0 | W97: =IF(W57=0,0,IF(W61<0,0,IF((V96+(W61*0.07))>=1900000,(1900000-V96),(W61*0.07)))) -> 333552.65 | X97: =IF(X57=0,0,IF(X61<0,0,IF((W96+(X61*0.07))>=1900000,(1900000-W96),(X61*0.07)))) -> 61301.909 | ... AB97: =IF(AB57=0,0,IF(AB61<0,0,IF((AA96+(AB61*0.07))>=1900000,(1900000-AA96),(AB61*0.07)))) -> 0 | AC97: =SUM(Q97:AB97) -> 1514698 | AD97: =IF(AD57=0,0,IF(AD61<0,0,IF((AC96+(AD61*0.07))>=1900000,(1900000-AC96),(AD61*0.07)))) -> 0 | AE97: =IF(AE57=0,0,IF(AE61<0,0,IF((AD96+(AE61*0.07))>=1900000,(1900000-AD96),(AE61*0.07)))) -> 67372.631 | AF97: =IF(AF57=0,0,IF(AF61<0,0,IF((AE96+(AF61*0.07))>=1900000,(1900000-AE96),(AF61*0.07)))) -> 61059.921 | AG97: =IF(AG57=0,0,IF(AG61<0,0,IF((AF96+(AG61*0.07))>=1900000,(1900000-AF96),(AG61*0.07)))) -> 97345.213 | AH97: =IF(AH57=0,0,IF(AH61<0,0,IF((AG96+(AH61*0.07))>=1900000,(1900000-AG96),(AH61*0.07)))) -> 22314.181 | AI97: =IF(AI57=0,0,IF(AI61<0,0,IF((AH96+(AI61*0.07))>=1900000,(1900000-AH96),(AI61*0.07)))) -> 49729.325 | AJ97: =IF(AJ57=0,0,IF(AJ61<0,0,IF((AI96+(AJ61*0.07))>=1900000,(1900000-AI96),(AJ61*0.07)))) -> 0 | AK97: =IF(AK57=0,0,IF(AK61<0,0,IF((AJ96+(AK61*0.07))>=1900000,(1900000-AJ96),(AK61*0.07)))) -> 0 | ... AO97: =IF(AO57=0,0,IF(AO61<0,0,IF((AN96+(AO61*0.07))>=1900000,(1900000-AN96),(AO61*0.07)))) -> 0 | AP97: =SUM(AD97:AO97) -> 297821.27 | AQ97: =IF(AQ57=0,0,IF(AQ61<0,0,IF((AP96+(AQ61*0.07))>=1900000,(1900000-AP96),(AQ61*0.07)))) -> 0 | AR97: =IF(AR57=0,0,IF(AR61<0,0,IF((AQ96+(AR61*0.07))>=1900000,(1900000-AQ96),(AR61*0.07)))) -> 0 | AS97: =IF(AS57=0,0,IF(AS61<0,0,IF((AR96+(AS61*0.07))>=1900000,(1900000-AR96),(AS61*0.07)))) -> 0 | AT97: =IF(AT57=0,0,IF(AT61<0,0,IF((AS96+(AT61*0.07))>=1900000,(1900000-AS96),(AT61*0.07)))) -> 0 | AU97: =IF(AU57=0,0,IF(AU61<0,0,IF((AT96+(AU61*0.07))>=1900000,(1900000-AT96),(AU61*0.07)))) -> 0 | AV97: =IF(AV57=0,0,IF(AV61<0,0,IF((AU96+(AV61*0.07))>=1900000,(1900000-AU96),(AV61*0.07)))) -> 0 | AW97: =IF(AW57=0,0,IF(AW61<0,0,IF((AV96+(AW61*0.07))>=1900000,(1900000-AV96),(AW61*0.07)))) -> 0 | AX97: =IF(AX57=0,0,IF(AX61<0,0,IF((AW96+(AX61*0.07))>=1900000,(1900000-AW96),(AX61*0.07)))) -> 0 | ... BB97: =IF(BB57=0,0,IF(BB61<0,0,IF((BA96+(BB61*0.07))>=1900000,(1900000-BA96),(BB61*0.07)))) -> 0 | BC97: =SUM(AQ97:BB97) -> 0 | BD97: =IF(BD57=0,0,IF(BD61<0,0,IF((BC96+(BD61*0.07))>=1900000,(1900000-BC96),(BD61*0.07)))) -> 0 | BE97: =IF(BE57=0,0,IF(BE61<0,0,IF((BD96+(BE61*0.07))>=1900000,(1900000-BD96),(BE61*0.07)))) -> 0 | BF97: =IF(BF57=0,0,IF(BF61<0,0,IF((BE96+(BF61*0.07))>=1900000,(1900000-BE96),(BF61*0.07)))) -> 0 | BG97: =IF(BG57=0,0,IF(BG61<0,0,IF((BF96+(BG61*0.07))>=1900000,(1900000-BF96),(BG61*0.07)))) -> 0 | BH97: =IF(BH57=0,0,IF(BH61<0,0,IF((BG96+(BH61*0.07))>=1900000,(1900000-BG96),(BH61*0.07)))) -> 0 | BI97: =IF(BI57=0,0,IF(BI61<0,0,IF((BH96+(BI61*0.07))>=1900000,(1900000-BH96),(BI61*0.07)))) -> 0 | BJ97: =IF(BJ57=0,0,IF(BJ61<0,0,IF((BI96+(BJ61*0.07))>=1900000,(1900000-BI96),(BJ61*0.07)))) -> 0 | BK97: =IF(BK57=0,0,IF(BK61<0,0,IF((BJ96+(BK61*0.07))>=1900000,(1900000-BJ96),(BK61*0.07)))) -> 0 | ... BO97: =IF(BO57=0,0,IF(BO61<0,0,IF((BN96+(BO61*0.07))>=1900000,(1900000-BN96),(BO61*0.07)))) -> 0 | BP97: =SUM(BD97:BO97) -> 0 | BQ97: =P97+AC97+AP97+BC97+BP97 -> 1900000
B98: Card Production Debt Service | C98: 0.015 | D98: 0 | E98: 0 | F98: 0 | G98: 0 | H98: 0 | I98: 0 | J98: 0 | K98: 0 | M98: =(M7*$C$98) -> 0 | N98: 0 | O98: 0 | P98: =SUM(D98:O98) -> 0 | Q98: 0 | R98: 0 | S98: 0 | T98: 0 | U98: 0 | V98: 0 | W98: 0 | X98: 0 | Y98: 0 | Z98: 0 | AA98: 0 | AB98: 0 | AC98: =SUM(Q98:AB98) -> 0 | AD98: 0 | AE98: 0 | AF98: 0 | AG98: 0 | AH98: 0 | AI98: 0 | AJ98: 0 | AK98: 0 | AL98: 0 | AM98: 0 | AN98: 0 | AO98: 0 | AP98: =SUM(AD98:AO98) -> 0 | AQ98: 0 | AR98: 0 | AS98: 0 | AT98: 0 | AU98: 0 | AV98: 0 | AW98: 0 | AX98: 0 | AY98: 0 | AZ98: 0 | BA98: 0 | BB98: 0 | BC98: =SUM(AQ98:BB98) -> 0 | BD98: 0 | BE98: 0 | BF98: 0 | BG98: 0 | BH98: 0 | BI98: 0 | BJ98: 0 | BK98: 0 | BL98: 0 | BM98: 0 | BN98: 0 | BO98: 0 | BP98: =SUM(BD98:BO98) -> 0 | BQ98: =P98+AC98+AP98+BC98+BP98 -> 0
B99: Total Salaries and Contractors | D99: =SUM(D97:D98) -> 0 | E99: =SUM(E97:E98) -> 0 | F99: =SUM(F97:F98) -> 0 | G99: =SUM(G97:G98) -> 0 | H99: =SUM(H97:H98) -> 0 | I99: =SUM(I97:I98) -> 0 | J99: =SUM(J97:J98) -> 0 | K99: =SUM(K97:K98) -> 0 | ... BQ99: =SUM(BQ97:BQ98) -> 1900000
B101: Total Operating Expense | D101: =D69+D76+D87+D93+D99 -> 230440.83 | E101: =E69+E76+E87+E93+E99 -> 262891.67 | F101: =F69+F76+F87+F93+F99 -> 282181.42 | G101: =G69+G76+G87+G93+G99 -> 324693.6 | H101: =H69+H76+H87+H93+H99 -> 322007.43 | I101: =I69+I76+I87+I93+I99 -> 320079.94 | J101: =J69+J76+J87+J93+J99 -> 337307.4 | K101: =K69+K76+K87+K93+K99 -> 309162.7 | ... BQ101: =BQ69+BQ76+BQ87+BQ93+BQ99 -> 56455495
B103: EBITDA | D103: =D61-D101 -> -230440.83 | E103: =E61-E101 -> -262891.67 | F103: =F61-F101 -> -282181.42 | G103: =G61-G101 -> -324693.6 | H103: =H61-H101 -> -322007.43 | I103: =I61-I101 -> -320079.94 | J103: =J61-J101 -> -337307.4 | K103: =K61-K101 -> -309162.7 | ... BQ103: =BQ61-BQ101 -> 91559356
D165: Revenue | E165: Expenses | F165: Net
B166: Month1 | D166: =D$22 -> 0 | E166: =D103-D166 -> -230440.83 | F166: =D166+E166 -> -230440.83
B167: Month2 | D167: =E$22 -> 0 | E167: =E103-D167 -> -262891.67 | F167: =D167+E167 -> -262891.67
B168: Month3 | D168: =F$22 -> 0 | E168: =F103-D168 -> -282181.42 | F168: =D168+E168 -> -282181.42
B169: Month4 | D169: =G$22 -> 0 | E169: =G103-D169 -> -324693.6 | F169: =D169+E169 -> -324693.6
B170: Month5 | D170: =H$22 -> 0 | E170: =H$103-D170 -> -322007.43 | F170: =D170+E170 -> -322007.43
B171: Month6 | D171: =I$22 -> 0 | E171: =I$103-D171 -> -320079.94 | F171: =D171+E171 -> -320079.94
...

Sheet 5 YR Summary
A2: Fiscal 5 Year | J2: BKFC 5-Year Total
C4: Year 1 Total | D4: Year 2 Total | E4: Year 3 Total | F4: Year 4 Total | G4: Year 5 Total | H4: Lifetime Total | L4: 46208 | M4: 2027 | N4: 2028 | O4: 2029 | P4: 2030 | Q4: 5Year Total Total
B5: Revenue | K5: Revenue
A6: Contract Signed | J6: Contract Signed
B7: Card Revenue - BKFC | C7: ='P&L - 5 year'!P7 -> 1479311.5 | D7: ='P&L - 5 year'!AC7 -> 27665784 | E7: ='P&L - 5 year'!AP7 -> 23722653 | F7: ='P&L - 5 year'!BC7 -> 28275344 | G7: ='P&L - 5 year'!BP7 -> 36076943 | H7: =C7+D7+E7+F7+G7 -> 1.1722004e+08 | K7: Card Revenue - BKFC (Wholesale) | L7: =C7 -> 1479311.5 | M7: =D7 -> 27665784 | N7: =E7 -> 23722653 | O7: =F7 -> 28275344 | P7: =G7 -> 36076943 | Q7: =H7 -> 1.1722004e+08
A8: Proposal Accepted | C8: ='P&L - 5 year'!P8 -> 0 | D8: ='P&L - 5 year'!AC8 -> 0 | E8: ='P&L - 5 year'!AP8 -> 0 | F8: ='P&L - 5 year'!BC8 -> 0 | G8: ='P&L - 5 year'!BP8 -> 0 | H8: =C8+D8+E8+F8+G8 -> 0 | J8: Non-Card Revenue
B9: Card Revenue - Ted Animated Series | C9: ='P&L - 5 year'!P9 -> 0 | D9: ='P&L - 5 year'!AC9 -> 2258473 | E9: ='P&L - 5 year'!AP9 -> 3239286.2 | F9: ='P&L - 5 year'!BC9 -> 4220099.5 | G9: ='P&L - 5 year'!BP9 -> 5200912.8 | H9: =C9+D9+E9+F9+G9 -> 14918772 | K9: Inside Card Revenue | L9: =C15 -> 0 | M9: =D15 -> 213842.84 | N9: =E15 -> 671130.43 | O9: =F15 -> 2106294.8 | P9: =G15 -> 6610455.3 | Q9: =H15 -> 9601723.4
B10: Card Revenue - CareBears | C10: ='P&L - 5 year'!P10 -> 0 | D10: ='P&L - 5 year'!AC10 -> 2797099.2 | E10: ='P&L - 5 year'!AP10 -> 1998471.3 | F10: ='P&L - 5 year'!BC10 -> 2093636.6 | G10: ='P&L - 5 year'!BP10 -> 0 | H10: =C10+D10+E10+F10+G10 -> 6889207.2 | K10: Sponsorship Revenue | L10: =C16 -> 0 | M10: =D16 -> 600000 | N10: =E16 -> 957032.14 | O10: =F16 -> 2155419.7 | P10: =G16 -> 4854418.2 | Q10: =H16 -> 8566870.1
B11: Card Revenue - DM/CU | C11: ='P&L - 5 year'!P12 -> 0 | D11: ='P&L - 5 year'!AC12 -> 1587227.7 | E11: ='P&L - 5 year'!AP12 -> 1058151.8 | F11: ='P&L - 5 year'!BC12 -> 1058151.8 | G11: ='P&L - 5 year'!BP12 -> 1058151.8 | H11: =C11+D11+E11+F11+G11 -> 4761683.1 | K11: Services Revenue | L11: =C17 -> 0 | M11: =D17 -> 213842.84 | N11: =E17 -> 671130.43 | O11: =F17 -> 2106294.8 | P11: =G17 -> 6610455.3 | Q11: =H17 -> 9601723.4
A12: Pipeline (Conservative Estimate) | C12: ='P&L - 5 year'!P14 -> 0 | D12: ='P&L - 5 year'!AC14 -> 0 | E12: ='P&L - 5 year'!AP14 -> 0 | F12: ='P&L - 5 year'!BC14 -> 0 | G12: ='P&L - 5 year'!BP14 -> 0 | H12: =C12+D12+E12+F12+G12 -> 0 | K12: Total Revenue | L12: =SUM(L7:L11) -> 1479311.5 | M12: =SUM(M7:M11) -> 28693470 | N12: =SUM(N7:N11) -> 26021946 | O12: =SUM(O7:O11) -> 34643353 | P12: =SUM(P7:P11) -> 54152271 | Q12: =SUM(Q7:Q11) -> 1.4499035e+08
B13: Card Revenue - Pipeline | C13: ='P&L - 5 year'!P15 -> 0 | D13: ='P&L - 5 year'!AC15 -> 160416.67 | E13: ='P&L - 5 year'!AP15 -> 13750000 | F13: ='P&L - 5 year'!BC15 -> 39600000 | G13: ='P&L - 5 year'!BP15 -> 78375000 | H13: =C13+D13+E13+F13+G13 -> 1.3188542e+08
A14: Non-Card Revenue | C14: ='P&L - 5 year'!P18 -> 0 | D14: ='P&L - 5 year'!AC18 -> 0 | E14: ='P&L - 5 year'!AP18 -> 0 | F14: ='P&L - 5 year'!BC18 -> 0 | G14: ='P&L - 5 year'!BP18 -> 0 | H14: =C14+D14+E14+F14+G14 -> 0 | K14: Cost of Goods Sold
B15: Inside Card Revenue | C15: ='P&L - 5 year'!P19 -> 0 | D15: ='P&L - 5 year'!AC19 -> 213842.84 | E15: ='P&L - 5 year'!AP19 -> 671130.43 | F15: ='P&L - 5 year'!BC19 -> 2106294.8 | G15: ='P&L - 5 year'!BP19 -> 6610455.3 | H15: =C15+D15+E15+F15+G15 -> 9601723.4 | J15: Cost of Goods Sold
B16: Sponsorship Revenue | C16: ='P&L - 5 year'!P20 -> 0 | D16: ='P&L - 5 year'!AC20 -> 600000 | E16: ='P&L - 5 year'!AP20 -> 957032.14 | F16: ='P&L - 5 year'!BC20 -> 2155419.7 | G16: ='P&L - 5 year'!BP20 -> 4854418.2 | H16: =C16+D16+E16+F16+G16 -> 8566870.1 | K16: Cards & Packaging - BKFC | L16: =C22 -> 417165.84 | M16: =D22 -> 13361398 | N16: =E22 -> 11449690 | O16: =F22 -> 13337633 | P16: =G22 -> 16795426 | Q16: =H22 -> 55361312
B17: Services Revenue | C17: ='P&L - 5 year'!P21 -> 0 | D17: ='P&L - 5 year'!AC21 -> 213842.84 | E17: ='P&L - 5 year'!AP21 -> 671130.43 | F17: ='P&L - 5 year'!BC21 -> 2106294.8 | G17: ='P&L - 5 year'!BP21 -> 6610455.3 | H17: =C17+D17+E17+F17+G17 -> 9601723.4 | K17: Freight & Fulfillment - BKFC | L17: =C27 -> 29586.23 | M17: =D27 -> 261864.73 | N17: =E27 -> 237226.53 | O17: =F27 -> 282753.44 | P17: =G27 -> 360769.43 | Q17: =H27 -> 1172200.4
B18: Total Revenue | C18: =SUM(C6:C17) -> 1479311.5 | D18: =SUM(D6:D17) -> 35496686 | E18: =SUM(E6:E17) -> 46067856 | F18: =SUM(F6:F17) -> 81615241 | G18: =SUM(G6:G17) -> 1.3878634e+08 | H18: =SUM(H6:H17) -> 3.0344543e+08 | K18: Total COGS | L18: =SUM(L16:L17) -> 446752.07 | M18: =SUM(M16:M17) -> 13623262 | N18: =SUM(N16:N17) -> 11686917 | O18: =SUM(O16:O17) -> 13620386 | P18: =SUM(P16:P17) -> 17156195 | Q18: =SUM(Q16:Q17) -> 56533513
B20: Cost of Goods Sold | K20: League & Fighter Rev Share
A21: Cost of Goods Sold | J21: Rev Share
B22: Cards & Packaging - BKFC | C22: ='P&L - 5 year'!P26 -> 417165.84 | D22: ='P&L - 5 year'!AC26 -> 13361398 | E22: ='P&L - 5 year'!AP26 -> 11449690 | F22: ='P&L - 5 year'!BC26 -> 13337633 | G22: ='P&L - 5 year'!BP26 -> 16795426 | H22: =C22+D22+E22+F22+G22 -> 55361312 | K22: BKFC - Card Rev Share | L22: =C36 -> 200000 | M22: =D36 -> 3749300.6 | N22: =E36 -> 8659657.5 | O22: =F36 -> 6743669.5 | P22: =G36 -> 8604350.8 | Q22: =H36 -> 27956978
B23: Cards & Packaging - CyberAgent | C23: ='P&L - 5 year'!P27 -> 0 | D23: ='P&L - 5 year'!AC27 -> 1129236.5 | E23: ='P&L - 5 year'!AP27 -> 1619643.1 | F23: ='P&L - 5 year'!BC27 -> 2110049.8 | G23: ='P&L - 5 year'!BP27 -> 2600456.4 | H23: =C23+D23+E23+F23+G23 -> 7459385.8 | K23: Inside Card Rev Share | L23: =C41 -> 0 | M23: =D41 -> 96229.277 | N23: =E41 -> 302008.69 | O23: =F41 -> 947832.65 | P23: =G41 -> 2974704.9 | Q23: =H41 -> 4320775.5
B24: Cards & Packaging - MBS | C24: ='P&L - 5 year'!P28 -> 0 | D24: ='P&L - 5 year'!AC28 -> 1398549.6 | E24: ='P&L - 5 year'!AP28 -> 999235.66 | F24: ='P&L - 5 year'!BC28 -> 1046818.3 | G24: ='P&L - 5 year'!BP28 -> 0 | H24: =C24+D24+E24+F24+G24 -> 3444603.6 | K24: Sponsorship Rev Share | L24: =C42 -> 0 | M24: =D42 -> 135000 | N24: =E42 -> 210971.36 | O24: =F42 -> 475147.93 | P24: =G42 -> 2382845.2 | Q24: =H42 -> 3203964.5
B25: Cards & Packaging - DM/CU | C25: ='P&L - 5 year'!P30 -> 0 | D25: ='P&L - 5 year'!AC30 -> 793613.85 | E25: ='P&L - 5 year'!AP30 -> 529075.9 | F25: ='P&L - 5 year'!BC30 -> 529075.9 | G25: ='P&L - 5 year'!BP30 -> 529075.9 | H25: =C25+D25+E25+F25+G25 -> 2380841.5 | K25: Services Rev Share | L25: =C43 -> 0 | M25: =D43 -> 128305.7 | N25: =E43 -> 402678.26 | O25: =F43 -> 1263776.9 | P25: =G43 -> 3966273.2 | Q25: =H43 -> 5761034
B26: Cards & Packaging - Pipeline | C26: ='P&L - 5 year'!P32 -> 0 | D26: ='P&L - 5 year'!AC32 -> 1288000 | E26: ='P&L - 5 year'!AP32 -> 7022400 | F26: ='P&L - 5 year'!BC32 -> 15220800 | G26: ='P&L - 5 year'!BP32 -> 27518400 | H26: =C26+D26+E26+F26+G26 -> 51049600 | K26: League & Fighter Rev Share | L26: =SUM(L22:L25) -> 200000 | M26: =SUM(M22:M25) -> 4108835.6 | N26: =SUM(N22:N25) -> 9575315.8 | O26: =SUM(O22:O25) -> 9430427 | P26: =SUM(P22:P25) -> 17928174 | Q26: =SUM(Q22:Q25) -> 41242752
B27: Freight & Fulfillment - BKFC | C27: ='P&L - 5 year'!P34 -> 29586.23 | D27: ='P&L - 5 year'!AC34 -> 261864.73 | E27: ='P&L - 5 year'!AP34 -> 237226.53 | F27: ='P&L - 5 year'!BC34 -> 282753.44 | G27: ='P&L - 5 year'!BP34 -> 360769.43 | H27: =C27+D27+E27+F27+G27 -> 1172200.4
B28: Freight & Fulfillment - CyberAgent | C28: ='P&L - 5 year'!P35 -> 0 | D28: ='P&L - 5 year'!AC35 -> 22584.73 | E28: ='P&L - 5 year'!AP35 -> 32392.862 | F28: ='P&L - 5 year'!BC35 -> 42200.995 | G28: ='P&L - 5 year'!BP35 -> 52009.128 | H28: =C28+D28+E28+F28+G28 -> 149187.71 | K28: Gross Margin
B29: Freight & Fulfillment - MBS | C29: ='P&L - 5 year'!P36 -> 0 | D29: ='P&L - 5 year'!AC36 -> 27970.993 | E29: ='P&L - 5 year'!AP36 -> 19984.713 | F29: ='P&L - 5 year'!BC36 -> 20936.366 | G29: ='P&L - 5 year'!BP36 -> 0 | H29: =C29+D29+E29+F29+G29 -> 68892.071 | K29: Gross Margin | L29: =L12-L18-L26 -> 832559.43 | M29: =M12-M18-M26 -> 10961372 | N29: =N12-N18-N26 -> 4759713.9 | O29: =O12-O18-O26 -> 11592540 | P29: =P12-P18-P26 -> 19067902 | Q29: =Q12-Q18-Q26 -> 47214087
B30: Freight & Fulfillment - DM/CU | C30: ='P&L - 5 year'!P38 -> 0 | D30: ='P&L - 5 year'!AC38 -> 15872.277 | E30: ='P&L - 5 year'!AP38 -> 10581.518 | F30: ='P&L - 5 year'!BC38 -> 10581.518 | G30: ='P&L - 5 year'!BP38 -> 10581.518 | H30: =C30+D30+E30+F30+G30 -> 47616.831 | K30: Total Gross Margin | L30: =L29 -> 832559.43 | M30: =M29 -> 10961372 | N30: =N29 -> 4759713.9 | O30: =O29 -> 11592540 | P30: =P29 -> 19067902 | Q30: =Q29 -> 47214087
B31: Freight & Fulfillment - Pipeline | C31: ='P&L - 5 year'!P40 -> 0 | D31: ='P&L - 5 year'!AC40 -> 1283.3333 | E31: ='P&L - 5 year'!AP40 -> 110000 | F31: ='P&L - 5 year'!BC40 -> 316800 | G31: ='P&L - 5 year'!BP40 -> 627000 | H31: =C31+D31+E31+F31+G31 -> 1055083.3
B32: Total COGS | C32: =SUM(C22:C31) -> 446752.07 | D32: =SUM(D22:D31) -> 18300374 | E32: =SUM(E22:E31) -> 22030230 | F32: =SUM(F22:F31) -> 32917649 | G32: =SUM(G22:G31) -> 48493718 | H32: =SUM(H22:H31) -> 1.2218872e+08
B34: League & Fighter Rev Share
A35: Rev Share
B36: BKFC - Rev Share | C36: ='P&L - 5 year'!P46 -> 200000 | D36: ='P&L - 5 year'!AC46 -> 3749300.6 | E36: ='P&L - 5 year'!AP46 -> 8659657.5 | F36: ='P&L - 5 year'!BC46 -> 6743669.5 | G36: ='P&L - 5 year'!BP46 -> 8604350.8 | H36: =C36+D36+E36+F36+G36 -> 27956978
B37: CyberAgent - Rev Share | C37: ='P&L - 5 year'!P47 -> 25000 | D37: ='P&L - 5 year'!AC47 -> 200847 | E37: ='P&L - 5 year'!AP47 -> 323929 | F37: ='P&L - 5 year'!BC47 -> 422010 | G37: ='P&L - 5 year'!BP47 -> 520091 | H37: =C37+D37+E37+F37+G37 -> 1491877
B38: MBS - Rev Share | C38: ='P&L - 5 year'!P48 -> 100000 | D38: ='P&L - 5 year'!AC48 -> 100000 | E38: ='P&L - 5 year'!AP48 -> 195109 | F38: ='P&L - 5 year'!BC48 -> 204606 | G38: ='P&L - 5 year'!BP48 -> 104682 | H38: =C38+D38+E38+F38+G38 -> 704397
B39: DM/CU - Rev Share | C39: ='P&L - 5 year'!P50 -> 30000 | D39: ='P&L - 5 year'!AC50 -> 128723 | E39: ='P&L - 5 year'!AP50 -> 105815 | F39: ='P&L - 5 year'!BC50 -> 105815 | G39: ='P&L - 5 year'!BP50 -> 105815 | H39: =C39+D39+E39+F39+G39 -> 476168
B40: Pipeline Rev Share | C40: ='P&L - 5 year'!P52 -> 0 | D40: ='P&L - 5 year'!AC52 -> 352916.67 | E40: ='P&L - 5 year'!AP52 -> 2021250 | F40: ='P&L - 5 year'!BC52 -> 4606250 | G40: ='P&L - 5 year'!BP52 -> 8483750 | H40: =C40+D40+E40+F40+G40 -> 15464167
B41: Inside Card Rev Share | C41: ='P&L - 5 year'!P54 -> 0 | D41: ='P&L - 5 year'!AC54 -> 96229.277 | E41: ='P&L - 5 year'!AP54 -> 302008.69 | F41: ='P&L - 5 year'!BC54 -> 947832.65 | G41: ='P&L - 5 year'!BP54 -> 2974704.9 | H41: =C41+D41+E41+F41+G41 -> 4320775.5
B42: Sponsorship Rev Share | C42: ='P&L - 5 year'!P55 -> 0 | D42: ='P&L - 5 year'!AC55 -> 135000 | E42: ='P&L - 5 year'!AP55 -> 210971.36 | F42: ='P&L - 5 year'!BC55 -> 475147.93 | G42: ='P&L - 5 year'!BP55 -> 2382845.2 | H42: =C42+D42+E42+F42+G42 -> 3203964.5
B43: Services Rev Share | C43: ='P&L - 5 year'!P56 -> 0 | D43: ='P&L - 5 year'!AC56 -> 128305.7 | E43: ='P&L - 5 year'!AP56 -> 402678.26 | F43: ='P&L - 5 year'!BC56 -> 1263776.9 | G43: ='P&L - 5 year'!BP56 -> 3966273.2 | H43: =C43+D43+E43+F43+G43 -> 5761034
B44: League & Fighter Rev Share | C44: =SUM(C36:C43) -> 355000 | D44: =SUM(D36:D43) -> 4891322.2 | E44: =SUM(E36:E43) -> 12221419 | F44: =SUM(F36:F43) -> 14769108 | G44: =SUM(G36:G43) -> 27142512 | H44: =SUM(H36:H43) -> 59379361
B46: Gross Margin
B47: Gross Margin | C47: ='P&L - 5 year'!P60 -> 402559.43 | D47: ='P&L - 5 year'!AC60 -> 14810163 | E47: ='P&L - 5 year'!AP60 -> 16903409 | F47: ='P&L - 5 year'!BC60 -> 42583226 | G47: ='P&L - 5 year'!BP60 -> 73315493 | H47: =C47+D47+E47+F47+G47 -> 1.4801485e+08
B48: Total Gross Margin | C48: =SUM(C47) -> 402559.43 | D48: =SUM(D47) -> 14810163 | E48: =SUM(E47) -> 16903409 | F48: =SUM(F47) -> 42583226 | G48: =SUM(G47) -> 73315493 | H48: =SUM(H47) -> 1.4801485e+08
B50: Operational Expenses
A51: Salaries & Contractors
B52: Salaries | C52: ='P&L - 5 year'!P65 -> 2122500 | D52: ='P&L - 5 year'!AC65 -> 4013383.3 | E52: ='P&L - 5 year'!AP65 -> 10464952 | F52: ='P&L - 5 year'!BC65 -> 10935550 | G52: ='P&L - 5 year'!BP65 -> 11372972 | H52: =C52+D52+E52+F52+G52 -> 38909357
B53: Payroll Taxes | C53: ='P&L - 5 year'!P66 -> 212250 | D53: ='P&L - 5 year'!AC66 -> 401338.33 | E53: ='P&L - 5 year'!AP66 -> 1046495.2 | F53: ='P&L - 5 year'!BC66 -> 1093555 | G53: ='P&L - 5 year'!BP66 -> 1137297.2 | H53: =C53+D53+E53+F53+G53 -> 3890935.7
B54: Benefits (Health, Dental, 401K, etc.) | C54: ='P&L - 5 year'!P67 -> 155575 | D54: ='P&L - 5 year'!AC67 -> 280936.83 | E54: ='P&L - 5 year'!AP67 -> 732546.64 | F54: ='P&L - 5 year'!BC67 -> 765488.51 | G54: ='P&L - 5 year'!BP67 -> 796108.05 | H54: =C54+D54+E54+F54+G54 -> 2730655
B55: Contractors/Other | C55: ='P&L - 5 year'!P68 -> 637392.67 | D55: ='P&L - 5 year'!AC68 -> 332880 | E55: ='P&L - 5 year'!AP68 -> 126547.2 | F55: ='P&L - 5 year'!BC68 -> 131609.09 | G55: ='P&L - 5 year'!BP68 -> 136873.45 | H55: =C55+D55+E55+F55+G55 -> 1365302.4
B56: Total Salaries and Contractors | C56: =SUM(C52:C55) -> 3127717.7 | D56: =SUM(D52:D55) -> 5028538.5 | E56: =SUM(E52:E55) -> 12370541 | F56: =SUM(F52:F55) -> 12926203 | G56: =SUM(G52:G55) -> 13443251 | H56: =SUM(H52:H55) -> 46896251
A58: Marketing & Development (Outsourced)
B59: Digital Assets Product/UXUI | C59: ='P&L - 5 year'!P72 -> 0 | D59: ='P&L - 5 year'!AC72 -> 0 | E59: ='P&L - 5 year'!AP72 -> 0 | F59: ='P&L - 5 year'!BC72 -> 0 | G59: ='P&L - 5 year'!BP72 -> 0 | H59: =C59+D59+E59+F59+G59 -> 0
B60: Video Production | C60: ='P&L - 5 year'!P73 -> 20238.659 | D60: ='P&L - 5 year'!AC73 -> 27776.069 | E60: ='P&L - 5 year'!AP73 -> 39602.033 | F60: ='P&L - 5 year'!BC73 -> 56463.03 | G60: ='P&L - 5 year'!BP73 -> 80502.78 | H60: =C60+D60+E60+F60+G60 -> 224582.57
B61: Contractor Development/QA | C61: ='P&L - 5 year'!P74 -> 0 | D61: ='P&L - 5 year'!AC74 -> 0 | E61: ='P&L - 5 year'!AP74 -> 0 | F61: ='P&L - 5 year'!BC74 -> 0 | G61: ='P&L - 5 year'!BP74 -> 0 | H61: =C61+D61+E61+F61+G61 -> 0
B62: Public Relations | C62: ='P&L - 5 year'!P75 -> 10000 | D62: ='P&L - 5 year'!AC75 -> 146177.9 | E62: ='P&L - 5 year'!AP75 -> 208414.74 | F62: ='P&L - 5 year'!BC75 -> 297149.58 | G62: ='P&L - 5 year'!BP75 -> 423664.25 | H62: =C62+D62+E62+F62+G62 -> 1085406.5
B63: Total Marketing & Development | C63: =SUM(C59:C62) -> 30238.659 | D63: =SUM(D59:D62) -> 173953.97 | E63: =SUM(E59:E62) -> 248016.77 | F63: =SUM(F59:F62) -> 353612.61 | G63: =SUM(G59:G62) -> 504167.03 | H63: =SUM(H59:H62) -> 1309989.1
A65: SG&A
B66: Insurance | C66: ='P&L - 5 year'!P79 -> 39400 | D66: ='P&L - 5 year'!AC79 -> 60000 | E66: ='P&L - 5 year'!AP79 -> 120000 | F66: ='P&L - 5 year'!BC79 -> 180000 | G66: ='P&L - 5 year'!BP79 -> 240000 | H66: =C66+D66+E66+F66+G66 -> 639400
B67: Rent | C67: ='P&L - 5 year'!P80 -> 0 | D67: ='P&L - 5 year'!AC80 -> 120000 | E67: ='P&L - 5 year'!AP80 -> 180000 | F67: ='P&L - 5 year'!BC80 -> 240000 | G67: ='P&L - 5 year'!BP80 -> 420000 | H67: =C67+D67+E67+F67+G67 -> 960000
B68: Storage | C68: ='P&L - 5 year'!P81 -> 0 | D68: ='P&L - 5 year'!AC81 -> 0 | E68: ='P&L - 5 year'!AP81 -> 0 | F68: ='P&L - 5 year'!BC81 -> 0 | G68: ='P&L - 5 year'!BP81 -> 0 | H68: =C68+D68+E68+F68+G68 -> 0
B69: Office supplies/collateral | C69: ='P&L - 5 year'!P82 -> 15387.432 | D69: ='P&L - 5 year'!AC82 -> 31417.931 | E69: ='P&L - 5 year'!AP82 -> 44794.458 | F69: ='P&L - 5 year'!BC82 -> 63866.186 | G69: ='P&L - 5 year'!BP82 -> 91057.909 | H69: =C69+D69+E69+F69+G69 -> 246523.92
B70: Travel | C70: ='P&L - 5 year'!P83 -> 55970.049 | D70: ='P&L - 5 year'!AC83 -> 84730.127 | E70: ='P&L - 5 year'!AP83 -> 120804.9 | F70: ='P&L - 5 year'!BC83 -> 172238.9 | G70: ='P&L - 5 year'!BP83 -> 245571.49 | H70: =C70+D70+E70+F70+G70 -> 679315.47
B71: Computers/Equipment | C71: ='P&L - 5 year'!P84 -> 29500 | D71: ='P&L - 5 year'!AC84 -> 30000 | E71: ='P&L - 5 year'!AP84 -> 60000 | F71: ='P&L - 5 year'!BC84 -> 120000 | G71: ='P&L - 5 year'!BP84 -> 180000 | H71: =C71+D71+E71+F71+G71 -> 419500
B72: software licensing (CRM, analytics, dev) | C72: ='P&L - 5 year'!P85 -> 90140 | D72: ='P&L - 5 year'!AC85 -> 96000 | E72: ='P&L - 5 year'!AP85 -> 60000 | F72: ='P&L - 5 year'!BC85 -> 120000 | G72: ='P&L - 5 year'!BP85 -> 180000 | H72: =C72+D72+E72+F72+G72 -> 546140
B73: Miscellaneous | C73: ='P&L - 5 year'!P86 -> 23875.69 | D73: ='P&L - 5 year'!AC86 -> 42877.309 | E73: ='P&L - 5 year'!AP86 -> 77001.486 | F73: ='P&L - 5 year'!BC86 -> 138283.61 | G73: ='P&L - 5 year'!BP86 -> 248337.49 | H73: =C73+D73+E73+F73+G73 -> 530375.58
B74: Total SG&A | C74: =SUM(C66:C73) -> 254273.17 | D74: =SUM(D66:D73) -> 465025.37 | E74: =SUM(E66:E73) -> 662600.84 | F74: =SUM(F66:F73) -> 1034388.7 | G74: =SUM(G66:G73) -> 1604966.9 | H74: =SUM(H66:H73) -> 4021255
A76: Professional Services
B77: Legal | C77: ='P&L - 5 year'!P90 -> 60000 | D77: ='P&L - 5 year'!AC90 -> 120000 | E77: ='P&L - 5 year'!AP90 -> 180000 | F77: ='P&L - 5 year'!BC90 -> 240000 | G77: ='P&L - 5 year'!BP90 -> 240000 | H77: =C77+D77+E77+F77+G77 -> 840000
B78: Accounting | C78: ='P&L - 5 year'!P91 -> 0 | D78: ='P&L - 5 year'!AC91 -> 48000 | E78: ='P&L - 5 year'!AP91 -> 78000 | F78: ='P&L - 5 year'!BC91 -> 120000 | G78: ='P&L - 5 year'!BP91 -> 120000 | H78: =C78+D78+E78+F78+G78 -> 366000
B79: Platform Hosting | C79: ='P&L - 5 year'!P92 -> 42000 | D79: ='P&L - 5 year'!AC92 -> 180000 | E79: ='P&L - 5 year'!AP92 -> 240000 | F79: ='P&L - 5 year'!BC92 -> 300000 | G79: ='P&L - 5 year'!BP92 -> 360000 | H79: =C79+D79+E79+F79+G79 -> 1122000
B80: Total Professional Services | C80: =SUM(C77:C79) -> 102000 | D80: =SUM(D77:D79) -> 348000 | E80: =SUM(E77:E79) -> 498000 | F80: =SUM(F77:F79) -> 660000 | G80: =SUM(G77:G79) -> 720000 | H80: =SUM(H77:H79) -> 2328000
A82: Debt & Interest Payments
B83: Angel Investor Debt Service | C83: ='P&L - 5 year'!P97 -> 87480.769 | D83: ='P&L - 5 year'!AC97 -> 1514698 | E83: ='P&L - 5 year'!AP97 -> 297821.27 | F83: ='P&L - 5 year'!BC97 -> 0 | G83: ='P&L - 5 year'!BP97 -> 0 | H83: =C83+D83+E83+F83+G83 -> 1900000
B84: Card Production Debt Service | C84: ='P&L - 5 year'!P98 -> 0 | D84: ='P&L - 5 year'!AC98 -> 0 | E84: ='P&L - 5 year'!AP98 -> 0 | F84: ='P&L - 5 year'!BC98 -> 0 | G84: ='P&L - 5 year'!BP98 -> 0 | H84: =C84+D84+E84+F84+G84 -> 0
B85: Total Debt & Interest Payements | C85: =SUM(C83:C84) -> 87480.769 | D85: =SUM(D83:D84) -> 1514698 | E85: =SUM(E83:E84) -> 297821.27 | F85: =SUM(F83:F84) -> 0 | G85: =SUM(G83:G84) -> 0 | H85: =SUM(H83:H84) -> 1900000
B87: Total Operating Expense | C87: =C56+C63+C74+C80+C85 -> 3601710.3 | D87: =D56+D63+D74+D80+D85 -> 7530215.8 | E87: =E56+E63+E74+E80+E85 -> 14076980 | F87: =F56+F63+F74+F80+F85 -> 14974204 | G87: =G56+G63+G74+G80+G85 -> 16272385 | H87: =H56+H63+H74+H80+H85 -> 56455495
B89: EBITDA | C89: =C48-C87 -> -3199150.8 | D89: =D48-D87 -> 7279947.5 | E89: =E48-E87 -> 2826429.2 | F89: =F48-F87 -> 27609022 | G89: =G48-G87 -> 57043108 | H89: =H48-H87 -> 91559356

Sheet Breakeven
A1: Breakeven
A4: by month | B4: revenue | C4: expenses | F4: breakeven | G4: Investor Funds | H4: cash flow | J4: Notes
A5: Cash On Hand | G5: 2090000 | H5: =G5 -> 2090000
A6: Month 1 | B6: ='P&L - 5 year'!D166 -> 0 | C6: ='P&L - 5 year'!E166 -> -230440.83 | D6: =B6+D4 -> 0 | E6: =C6+E4 -> -230440.83 | F6: =D6+E6 -> -230440.83 | H6: =H5+B6+C6+G6 -> 1859559.2
A7: Month 2 | B7: ='P&L - 5 year'!D167 -> 0 | C7: ='P&L - 5 year'!E167 -> -262891.67 | D7: =B7+D6 -> 0 | E7: =E6+C7 -> -493332.5 | F7: =D7+E7 -> -493332.5 | H7: =H6+B7+C7+G7 -> 1596667.5
A8: Month 3 | B8: ='P&L - 5 year'!D168 -> 0 | C8: ='P&L - 5 year'!E168 -> -282181.42 | D8: =B8+D7 -> 0 | E8: =E7+C8 -> -775513.92 | F8: =D8+E8 -> -775513.92 | H8: =H7+B8+C8+G8 -> 1314486.1
A9: Month 4 | B9: ='P&L - 5 year'!D169 -> 0 | C9: ='P&L - 5 year'!E169 -> -324693.6 | D9: =B9+D8 -> 0 | E9: =E8+C9 -> -1100207.5 | F9: =D9+E9 -> -1100207.5 | H9: =H8+B9+C9+G9 -> 989792.48
A10: Month 5 | B10: ='P&L - 5 year'!D170 -> 0 | C10: ='P&L - 5 year'!E170 -> -322007.43 | D10: =B10+D9 -> 0 | E10: =E9+C10 -> -1422214.9 | F10: =D10+E10 -> -1422214.9 | H10: =H9+B10+C10+G10 -> 667785.05
A11: Month 6 | B11: ='P&L - 5 year'!D171 -> 0 | C11: ='P&L - 5 year'!E171 -> -320079.94 | D11: =B11+D10 -> 0 | E11: =E10+C11 -> -1742294.9 | F11: =D11+E11 -> -1742294.9 | H11: =H10+B11+C11+G11 -> 347705.11
A12: Month 7 | B12: ='P&L - 5 year'!D172 -> 0 | C12: ='P&L - 5 year'!E172 -> -337307.4 | D12: =B12+D11 -> 0 | E12: =E11+C12 -> -2079602.3 | F12: =D12+E12 -> -2079602.3 | G12: 290000 | H12: =H11+B12+C12+G12 -> 300397.71
A13: Month 8 | B13: ='P&L - 5 year'!D173 -> 0 | C13: ='P&L - 5 year'!E173 -> -309162.7 | D13: =B13+D12 -> 0 | E13: =E12+C13 -> -2388765 | F13: =D13+E13 -> -2388765 | G13: 260000 | H13: =H12+B13+C13+G13 -> 251235.01
A14: Month 9 | B14: ='P&L - 5 year'!D174 -> 0 | C14: ='P&L - 5 year'!E174 -> -194530.67 | D14: =B14+D13 -> 0 | E14: =E13+C14 -> -2583295.7 | F14: =D14+E14 -> -2583295.7 | H14: =H13+B14+C14+G14 -> 56704.343
A15: Month 10 | B15: ='P&L - 5 year'!D175 -> 0 | C15: ='P&L - 5 year'!E175 -> -304911.79 | D15: =B15+D14 -> 0 | E15: =E14+C15 -> -2888207.4 | F15: =D15+E15 -> -2888207.4 | G15: 1250000 | H15: =H14+B15+C15+G15 -> 1001792.6 | J15: Assumes Funds come in Oct/Nov
A16: Month 11 | B16: ='P&L - 5 year'!D176 -> 0 | C16: ='P&L - 5 year'!E176 -> -1152472.4 | D16: =B16+D15 -> 0 | E16: =E15+C16 -> -4040679.8 | F16: =D16+E16 -> -4040679.8 | G16: 1250000 | H16: =H15+B16+C16+G16 -> 1099320.2 | J16: Assumes Funds come in Oct/Nov
A17: Month 12 | B17: ='P&L - 5 year'!D177 -> 1479311.5 | C17: ='P&L - 5 year'!E177 -> -637782.49 | D17: =B17+D16 -> 1479311.5 | E17: =E16+C17 -> -4678462.3 | F17: =D17+E17 -> -3199150.8 | H17: =H16+B17+C17+G17 -> 1940849.2
A18: Month 13 | B18: ='P&L - 5 year'!D178 -> 1549311.5 | C18: ='P&L - 5 year'!E178 -> -2169362.3 | D18: =B18+D17 -> 3028623 | E18: =E17+C18 -> -6847824.6 | F18: =D18+E18 -> -3819201.6 | H18: =H17+B18+C18+G18 -> 1320798.4
A19: Month 14 | B19: ='P&L - 5 year'!D179 -> 4655236.5 | C19: ='P&L - 5 year'!E179 -> -1688612 | D19: =B19+D18 -> 7683859.5 | E19: =E18+C19 -> -8536436.6 | F19: =D19+E19 -> -852577.12 | H19: =H18+B19+C19+G19 -> 4287422.9
A20: Month 15 | B20: ='P&L - 5 year'!D180 -> 4657436.5 | C20: ='P&L - 5 year'!E180 -> -774858.02 | D20: =B20+D19 -> 12341296 | E20: =E19+C20 -> -9311294.7 | F20: =D20+E20 -> 3030001.4 | H20: =H19+B20+C20+G20 -> 8170001.4
A21: Month 16 | B21: ='P&L - 5 year'!D181 -> 1395789.5 | C21: ='P&L - 5 year'!E181 -> -6122504.3 | D21: =B21+D20 -> 13737086 | E21: =E20+C21 -> -15433799 | F21: =D21+E21 -> -1696713.4 | H21: =H20+B21+C21+G21 -> 3443286.6
A22: Month 17 | B22: ='P&L - 5 year'!D182 -> 553198.5 | C22: ='P&L - 5 year'!E182 -> -662157.87 | D22: =B22+D21 -> 14290284 | E22: =E21+C22 -> -16095957 | F22: =D22+E22 -> -1805672.8 | H22: =H21+B22+C22+G22 -> 3334327.2
A23: Month 18 | B23: ='P&L - 5 year'!D183 -> 294048.12 | C23: ='P&L - 5 year'!E183 -> -1124403.6 | D23: =B23+D22 -> 14584332 | E23: =E22+C23 -> -17220360 | F23: =D23+E23 -> -2636028.3 | H23: =H22+B23+C23+G23 -> 2503971.7
A24: Month 19 | B24: ='P&L - 5 year'!D184 -> 8008491.5 | C24: ='P&L - 5 year'!E184 -> -4184347 | D24: =B24+D23 -> 22592824 | E24: =E23+C24 -> -21404708 | F24: =D24+E24 -> 1188116.2 | H24: =H23+B24+C24+G24 -> 6328116.2
A25: Month 20 | B25: ='P&L - 5 year'!D185 -> 2232725.1 | C25: ='P&L - 5 year'!E185 -> -2026539 | D25: =B25+D24 -> 24825549 | E25: =E24+C25 -> -23431247 | F25: =D25+E25 -> 1394302.3 | H25: =H24+B25+C25+G25 -> 6534302.3
A26: Month 21 | B26: ='P&L - 5 year'!D186 -> 304709.69 | C26: ='P&L - 5 year'!E186 -> -2441680.1 | D26: =B26+D25 -> 25130259 | E26: =E25+C26 -> -25872927 | F26: =D26+E26 -> -742668.15 | H26: =H25+B26+C26+G26 -> 4397331.9
A27: Month 22 | B27: ='P&L - 5 year'!D187 -> 8553934.8 | C27: ='P&L - 5 year'!E187 -> -4044214.7 | D27: =B27+D26 -> 33684193 | E27: =E26+C27 -> -29917141 | F27: =D27+E27 -> 3767051.9 | H27: =H26+B27+C27+G27 -> 8907051.9
A28: Month 23 | B28: ='P&L - 5 year'!D188 -> 7082218.1 | C28: ='P&L - 5 year'!E188 -> -5814006.5 | D28: =B28+D27 -> 40766411 | E28: =E27+C28 -> -35731148 | F28: =D28+E28 -> 5035263.5 | H28: =H27+B28+C28+G28 -> 10175264
... A65: Month 60 | B65: ='P&L - 5 year'!D225 -> 12327094 | C65: ='P&L - 5 year'!E225 -> -6831894.2 | D65: =B65+D64 -> 3.399221e+08 | E65: =E64+C65 -> -2.4836275e+08 | F65: =D65+E65 -> 91559356 | H65: =H64+B65+C65+G65 -> 96699356
A66: 5 Year TOTALS | B66: =SUM(B4:B65) -> 3.399221e+08 | C66: =SUM(C6:C65) -> -2.4836275e+08 | D66: =SUM(D6:D41) -> 1.0201671e+09 | E66: =SUM(E6:E41) -> -1.0052999e+09

Sheet League Model
B1: YEAR 1 (3 Releases; 5 Products)
C2: Release Information | J2: Release Pricing/Revenue | Q2: Release Pricing/Revenue
C4: Cases | D4: Boxes/Case | E4: Packs/Box | F4: Total Boxes | G4: Cards/Pack | H4: Total Cards | J4: Retail Price/Box | L4: Wholesale Price/Box | M4: Wholesale Price/Case | N4: Total Revenue | Q4: Printing Costs/Card | R4: Printing Cost/Release | S4: Release Net Profit
B5: Flagship Release
B7: Product 1 | C7: =C223 -> 4000 | D7: =C224 -> 12 | E7: =C225 -> 24 | F7: =D7*C7 -> 48000 | G7: =C226 -> 10 | H7: =C7*D7*E7*G7 -> 11520000 | J7: 150 | L7: =J7*$S$210 -> #REF! | M7: =L7*D7 -> #REF! | N7: =M7*C7 -> #REF! | Q7: =ROUND(((L7*(D7*C7))/H7)*$S$211,2) -> #REF! | R7: =H7*Q7 -> #REF! | S7: =N7-R7 -> #REF!
B8: Product 2 | C8: =C242 -> 2000 | D8: =C243 -> 20 | E8: =C244 -> 4 | F8: =D8*C8 -> 40000 | G8: =C245 -> 12 | H8: =C8*D8*E8*G8 -> 1920000 | J8: =E248 -> 30 | L8: =J8*$S$210 -> #REF! | M8: =L8*D8 -> #REF! | N8: =M8*C8 -> #REF! | Q8: =ROUND(((L8*(D8*C8))/H8)*$S$211,2) -> #REF! | R8: =H8*Q8 -> #REF! | S8: =N8-R8 -> #REF!
B9: Release Total | C9: =SUM(C7:C8) -> 6000 | D9: =SUM(D7:D8) -> 32 | E9: =SUM(E7:E8) -> 28 | F9: =SUM(F7:F8) -> 88000 | G9: =SUM(G7:G8) -> 22 | H9: =SUM(H7:H8) -> 13440000 | J9: =SUM(J7:J8) -> 180 | L9: =SUM(L7:L8) -> #REF! | M9: =SUM(M7:M8) -> #REF! | N9: =SUM(N7:N8) -> #REF! | R9: =SUM(R7:R8) -> #REF! | S9: =SUM(S7:S8) -> #REF!
C10: Boxes | D10: =(C7*D7)+(C8*D8) -> 88000
B11: HOLO Release
B13: Product 3 | C13: =H223 -> 3000 | D13: =H224 -> 12 | E13: =H225 -> 12 | F13: =D13*C13 -> 36000 | G13: =H226 -> 12 | H13: =C13*D13*E13*G13 -> 5184000 | J13: =J229 -> 350 | L13: =J13*$S$210 -> #REF! | M13: =L13*D13 -> #REF! | N13: =M13*C13 -> #REF! | Q13: =ROUND(((L13*(D13*C13))/H13)*$S$212,2) -> #REF! | R13: =H13*Q13 -> #REF! | S13: =N13-R13 -> #REF!
B14: Product 4 | C14: =H242 -> 2000 | D14: =H243 -> 20 | E14: =H244 -> 4 | F14: =D14*C14 -> 40000 | G14: =H245 -> 8 | H14: =C14*D14*E14*G14 -> 1280000 | J14: =J248 -> 30 | L14: =J14*$S$210 -> #REF! | M14: =L14*D14 -> #REF! | N14: =M14*C14 -> #REF! | Q14: =ROUND(((L14*(D14*C14))/H14)*$S$212,2) -> #REF! | R14: =H14*Q14 -> #REF! | S14: =N14-R14 -> #REF!
B15: Release Total | C15: =SUM(C13:C14) -> 5000 | D15: =SUM(D13:D14) -> 32 | E15: =SUM(E13:E14) -> 16 | F15: =SUM(F13:F14) -> 76000 | G15: =SUM(G13:G14) -> 20 | H15: =SUM(H13:H14) -> 6464000 | J15: =SUM(J13:J14) -> 380 | L15: =SUM(L13:L14) -> #REF! | M15: =SUM(M13:M14) -> #REF! | N15: =SUM(N13:N14) -> #REF! | R15: =SUM(R13:R14) -> #REF! | S15: =SUM(S13:S14) -> #REF!
C16: Boxes | D16: =(C13*D13)+(C14*D14) -> 76000
B17: Jewel Release
B19: Product 5 | C19: =M223 -> 500 | D19: =M224 -> 4 | E19: =M225 -> 1 | F19: =D19*C19 -> 2000 | G19: =M226 -> 10 | H19: =C19*D19*E19*G19 -> 20000 | J19: =O229 -> 500 | L19: =J19*$S$210 -> #REF! | M19: =L19*D19 -> #REF! | N19: =M19*C19 -> #REF! | Q19: =ROUND(((L19*(D19*C19))/H19)*$S$213,2) -> #REF! | R19: =H19*Q19 -> #REF! | S19: =N19-R19 -> #REF!
B20: Release Total | C20: =SUM(C18:C19) -> 500 | D20: =SUM(D18:D19) -> 4 | E20: =SUM(E18:E19) -> 1 | F20: =SUM(F18:F19) -> 2000 | G20: =SUM(G18:G19) -> 10 | H20: =SUM(H18:H19) -> 20000 | J20: =SUM(J18:J19) -> 500 | L20: =SUM(L18:L19) -> #REF! | M20: =SUM(M18:M19) -> #REF! | N20: =SUM(N18:N19) -> #REF! | R20: =SUM(R18:R19) -> #REF! | S20: =SUM(S18:S19) -> #REF!
E21: Total Boxes | F21: =F9+F15+F20 -> 166000 | M21: Avg | N21: =(N9+N15+N20)/3 -> #REF! | R21: Avg | S21: =(S9+S15+S20)/3 -> #REF!
S22: =S9+S15+S20 -> #REF!
B25: YEAR 2 (4 Releases; 7 Products)
C26: Release Information | J26: Release Pricing/Revenue | Q26: Release Pricing/Revenue
C28: Cases | D28: Boxes/Case | E28: Packs/Box | G28: Cards/Pack | H28: Total Cards | J28: Retail Price/Box | L28: Wholesale Price/Box | M28: Wholesale Price/Case | N28: Total Revenue | Q28: Printing Costs/Card | R28: Printing Cost/Release | S28: Release Net Profit
B29: Flagship Release
B31: Product 1 | C31: =C7 -> 4000 | D31: =D7 -> 12 | E31: =E7 -> 24 | F31: =D31*C31 -> 48000 | G31: =G7 -> 10 | H31: =C31*D31*E31*G31 -> 11520000 | J31: =J7 -> 150 | L31: =J31*$S$210 -> #REF! | M31: =L31*D31 -> #REF! | N31: =M31*C31 -> #REF! | Q31: =ROUND(((L31*(D31*C31))/H31)*$S$211,2) -> #REF! | R31: =H31*Q31 -> #REF! | S31: =N31-R31 -> #REF!
B32: Product 2 | C32: =C8 -> 2000 | D32: =D8 -> 20 | E32: =E8 -> 4 | F32: =D32*C32 -> 40000 | G32: =G8 -> 12 | H32: =C32*D32*E32*G32 -> 1920000 | J32: =J8 -> 30 | L32: =J32*$S$210 -> #REF! | M32: =L32*D32 -> #REF! | N32: =M32*C32 -> #REF! | Q32: =ROUND(((L32*(D32*C32))/H32)*$S$211,2) -> #REF! | R32: =H32*Q32 -> #REF! | S32: =N32-R32 -> #REF!
B33: Release Total | C33: =SUM(C31:C32) -> 6000 | D33: =SUM(D31:D32) -> 32 | E33: =SUM(E31:E32) -> 28 | F33: =SUM(F31:F32) -> 88000 | G33: =SUM(G31:G32) -> 22 | H33: =SUM(H31:H32) -> 13440000 | J33: =SUM(J31:J32) -> 180 | L33: =SUM(L31:L32) -> #REF! | M33: =SUM(M31:M32) -> #REF! | N33: =SUM(N31:N32) -> #REF! | R33: =SUM(R31:R32) -> #REF! | S33: =SUM(S31:S32) -> #REF!
C34: Boxes | D34: =D33*C33 -> 192000
B35: HOLO Release
B37: Product 3 | C37: =C13 -> 3000 | D37: =D13 -> 12 | E37: =E13 -> 12 | F37: =D37*C37 -> 36000 | G37: =G13 -> 12 | H37: =C37*D37*E37*G37 -> 5184000 | J37: =J13 -> 350 | L37: =J37*$S$210 -> #REF! | M37: =L37*D37 -> #REF! | N37: =M37*C37 -> #REF! | Q37: =ROUND(((L37*(D37*C37))/H37)*$S$212,2) -> #REF! | R37: =H37*Q37 -> #REF! | S37: =N37-R37 -> #REF!
B38: Product 4 | C38: =C14 -> 2000 | D38: =D14 -> 20 | E38: =E14 -> 4 | F38: =D38*C38 -> 40000 | G38: =G14 -> 8 | H38: =C38*D38*E38*G38 -> 1280000 | J38: =J14 -> 30 | L38: =J38*$S$210 -> #REF! | M38: =L38*D38 -> #REF! | N38: =M38*C38 -> #REF! | Q38: =ROUND(((L38*(D38*C38))/H38)*$S$212,2) -> #REF! | R38: =H38*Q38 -> #REF! | S38: =N38-R38 -> #REF!
B39: Release Total | C39: =SUM(C37:C38) -> 5000 | D39: =SUM(D37:D38) -> 32 | E39: =SUM(E37:E38) -> 16 | F39: =SUM(F37:F38) -> 76000 | G39: =SUM(G37:G38) -> 20 | H39: =SUM(H37:H38) -> 6464000 | J39: =SUM(J37:J38) -> 380 | L39: =SUM(L37:L38) -> #REF! | M39: =SUM(M37:M38) -> #REF! | N39: =SUM(N37:N38) -> #REF! | R39: =SUM(R37:R38) -> #REF! | S39: =SUM(S37:S38) -> #REF!
C40: Boxes | D40: =D39*C39 -> 160000
B41: Jewel Release
B43: Product 5 | C43: =C19 -> 500 | D43: =D19 -> 4 | E43: =E19 -> 1 | F43: =D43*C43 -> 2000 | G43: =G19 -> 10 | H43: =C43*D43*E43*G43 -> 20000 | J43: =J19 -> 500 | L43: =J43*$S$210 -> #REF! | M43: =L43*D43 -> #REF! | N43: =M43*C43 -> #REF! | Q43: =ROUND(((L43*(D43*C43))/H43)*$S$213,2) -> #REF! | R43: =H43*Q43 -> #REF! | S43: =N43-R43 -> #REF!
B44: Release Total | C44: =SUM(C42:C43) -> 500 | D44: =SUM(D42:D43) -> 4 | E44: =SUM(E42:E43) -> 1 | F44: =SUM(F42:F43) -> 2000 | G44: =SUM(G42:G43) -> 10 | H44: =SUM(H42:H43) -> 20000 | J44: =SUM(J42:J43) -> 500 | L44: =SUM(L42:L43) -> #REF! | M44: =SUM(M42:M43) -> #REF! | N44: =SUM(N42:N43) -> #REF! | R44: =SUM(R42:R43) -> #REF! | S44: =SUM(S42:S43) -> #REF!
C45: Boxes | D45: =D44*C44 -> 2000
B46: 4th Release
B48: Product 6 | C48: =C37 -> 3000 | D48: =D37 -> 12 | E48: =E37 -> 12 | F48: =D48*C48 -> 36000 | G48: =G37 -> 12 | H48: =C48*D48*E48*G48 -> 5184000 | J48: =J37 -> 350 | L48: =J48*$S$210 -> #REF! | M48: =L48*D48 -> #REF! | N48: =M48*C48 -> #REF! | Q48: =ROUND(((L48*(D48*C48))/H48)*$S$212,2) -> #REF! | R48: =H48*Q48 -> #REF! | S48: =N48-R48 -> #REF!
B49: Product 7 | C49: =C38 -> 2000 | D49: =D38 -> 20 | E49: =E38 -> 4 | F49: =D49*C49 -> 40000 | G49: =G38 -> 8 | H49: =C49*D49*E49*G49 -> 1280000 | J49: =J38 -> 30 | L49: =J49*$S$210 -> #REF! | M49: =L49*D49 -> #REF! | N49: =M49*C49 -> #REF! | Q49: =ROUND(((L49*(D49*C49))/H49)*$S$212,2) -> #REF! | R49: =H49*Q49 -> #REF! | S49: =N49-R49 -> #REF!
B50: Release Total | C50: =SUM(C48:C49) -> 5000 | D50: =SUM(D48:D49) -> 32 | E50: =SUM(E48:E49) -> 16 | F50: =SUM(F48:F49) -> 76000 | G50: =SUM(G48:G49) -> 20 | H50: =SUM(H48:H49) -> 6464000 | J50: =SUM(J48:J49) -> 380 | L50: =SUM(L48:L49) -> #REF! | M50: =SUM(M48:M49) -> #REF! | N50: =SUM(N48:N49) -> #REF! | R50: =SUM(R48:R49) -> #REF! | S50: =SUM(S48:S49) -> #REF!
E51: Total Boxes | F51: =F33+F39+F44+F50 -> 242000 | M51: Avg | N51: =(N33+N39+N44+N50)/4 -> #REF! | R51: Avg | S51: =(S33+S39+S44+S50)/4 -> #REF!
S52: =S39+S45+S50+S33 -> #REF!
B54: YEAR 3 (6 Releases; 9 Products)
C55: Release Information | J55: Release Pricing/Revenue | Q55: Release Pricing/Revenue
C57: Cases | D57: Boxes/Case | E57: Packs/Box | G57: Cards/Pack | H57: Total Cards | J57: Retail Price/Box | L57: Wholesale Price/Box | M57: Wholesale Price/Case | N57: Total Revenue | Q57: Printing Costs/Card | R57: Printing Cost/Release | S57: Release Net Profit
B58: Flagship Release
B60: Product 1 | C60: =C31 -> 4000 | D60: =D31 -> 12 | E60: =E31 -> 24 | F60: =D60*C60 -> 48000 | G60: =G31 -> 10 | H60: =C60*D60*E60*G60 -> 11520000 | J60: =J31 -> 150 | L60: =J60*$S$210 -> #REF! | M60: =L60*D60 -> #REF! | N60: =M60*C60 -> #REF! | Q60: =ROUND(((L60*(D60*C60))/H60)*$S$211,2) -> #REF! | R60: =H60*Q60 -> #REF! | S60: =N60-R60 -> #REF!
B61: Product 2 | C61: =C32 -> 2000 | D61: =D32 -> 20 | E61: =E32 -> 4 | F61: =D61*C61 -> 40000 | G61: =G32 -> 12 | H61: =C61*D61*E61*G61 -> 1920000 | J61: =J32 -> 30 | L61: =J61*$S$210 -> #REF! | M61: =L61*D61 -> #REF! | N61: =M61*C61 -> #REF! | Q61: =ROUND(((L61*(D61*C61))/H61)*$S$211,2) -> #REF! | R61: =H61*Q61 -> #REF! | S61: =N61-R61 -> #REF!
B62: Release Total | C62: =SUM(C60:C61) -> 6000 | D62: =SUM(D60:D61) -> 32 | E62: =SUM(E60:E61) -> 28 | F62: =SUM(F60:F61) -> 88000 | G62: =SUM(G60:G61) -> 22 | H62: =SUM(H60:H61) -> 13440000 | J62: =SUM(J60:J61) -> 180 | L62: =SUM(L60:L61) -> #REF! | M62: =SUM(M60:M61) -> #REF! | N62: =SUM(N60:N61) -> #REF! | R62: =SUM(R60:R61) -> #REF! | S62: =SUM(S60:S61) -> #REF!
C63: Boxes | D63: =D62*C62 -> 192000
B64: HOLO Release
B66: Product 3 | C66: =C37 -> 3000 | D66: =D37 -> 12 | E66: =E37 -> 12 | F66: =D66*C66 -> 36000 | G66: =G37 -> 12 | H66: =C66*D66*E66*G66 -> 5184000 | J66: =J37 -> 350 | L66: =J66*$S$210 -> #REF! | M66: =L66*D66 -> #REF! | N66: =M66*C66 -> #REF! | Q66: =ROUND(((L66*(D66*C66))/H66)*$S$212,2) -> #REF! | R66: =H66*Q66 -> #REF! | S66: =N66-R66 -> #REF!
B67: Product 4 | C67: =C38 -> 2000 | D67: =D38 -> 20 | E67: =E38 -> 4 | F67: =D67*C67 -> 40000 | G67: =G38 -> 8 | H67: =C67*D67*E67*G67 -> 1280000 | J67: =J38 -> 30 | L67: =J67*$S$210 -> #REF! | M67: =L67*D67 -> #REF! | N67: =M67*C67 -> #REF! | Q67: =ROUND(((L67*(D67*C67))/H67)*$S$212,2) -> #REF! | R67: =H67*Q67 -> #REF! | S67: =N67-R67 -> #REF!
B68: Release Total | C68: =SUM(C66:C67) -> 5000 | D68: =SUM(D66:D67) -> 32 | E68: =SUM(E66:E67) -> 16 | F68: =SUM(F66:F67) -> 76000 | G68: =SUM(G66:G67) -> 20 | H68: =SUM(H66:H67) -> 6464000 | J68: =SUM(J66:J67) -> 380 | L68: =SUM(L66:L67) -> #REF! | M68: =SUM(M66:M67) -> #REF! | N68: =SUM(N66:N67) -> #REF! | R68: =SUM(R66:R67) -> #REF! | S68: =SUM(S66:S67) -> #REF!
C69: Boxes | D69: =D68*C68 -> 160000
B70: Jewel Release
B72: Product 5 | C72: =C43 -> 500 | D72: =D43 -> 4 | E72: =E43 -> 1 | F72: =D72*C72 -> 2000 | G72: =G43 -> 10 | H72: =C72*D72*E72*G72 -> 20000 | J72: =J43 -> 500 | L72: =J72*$S$210 -> #REF! | M72: =L72*D72 -> #REF! | N72: =M72*C72 -> #REF! | Q72: =ROUND(((L72*(D72*C72))/H72)*$S$213,2) -> #REF! | R72: =H72*Q72 -> #REF! | S72: =N72-R72 -> #REF!
B73: Release Total | C73: =SUM(C71:C72) -> 500 | D73: =SUM(D71:D72) -> 4 | E73: =SUM(E71:E72) -> 1 | F73: =SUM(F71:F72) -> 2000 | G73: =SUM(G71:G72) -> 10 | H73: =SUM(H71:H72) -> 20000 | J73: =SUM(J71:J72) -> 500 | L73: =SUM(L71:L72) -> #REF! | M73: =SUM(M71:M72) -> #REF! | N73: =SUM(N71:N72) -> #REF! | R73: =SUM(R71:R72) -> #REF! | S73: =SUM(S71:S72) -> #REF!
C74: Boxes | D74: =D73*C73 -> 2000
B75: Release 4
B77: Product 6 | C77: =C66 -> 3000 | D77: =D66 -> 12 | E77: =E66 -> 12 | F77: =D77*C77 -> 36000 | G77: =G66 -> 12 | H77: =C77*D77*E77*G77 -> 5184000 | J77: =J66 -> 350 | L77: =J77*$S$210 -> #REF! | M77: =L77*D77 -> #REF! | N77: =M77*C77 -> #REF! | Q77: =ROUND(((L77*(D77*C77))/H77)*$S$211,2) -> #REF! | R77: =H77*Q77 -> #REF! | S77: =N77-R77 -> #REF!
B78: Product 7 | C78: =C67 -> 2000 | D78: =D67 -> 20 | E78: =E67 -> 4 | F78: =D78*C78 -> 40000 | G78: =G67 -> 8 | H78: =C78*D78*E78*G78 -> 1280000 | J78: =J67 -> 30 | L78: =J78*$S$210 -> #REF! | M78: =L78*D78 -> #REF! | N78: =M78*C78 -> #REF! | Q78: =ROUND(((L78*(D78*C78))/H78)*$S$211,2) -> #REF! | R78: =H78*Q78 -> #REF! | S78: =N78-R78 -> #REF!
B79: Release Total | C79: =SUM(C77:C78) -> 5000 | D79: =SUM(D77:D78) -> 32 | E79: =SUM(E77:E78) -> 16 | F79: =SUM(F77:F78) -> 76000 | G79: =SUM(G77:G78) -> 20 | H79: =SUM(H77:H78) -> 6464000 | J79: =SUM(J77:J78) -> 380 | L79: =SUM(L77:L78) -> #REF! | M79: =SUM(M77:M78) -> #REF! | N79: =SUM(N77:N78) -> #REF! | R79: =SUM(R77:R78) -> #REF! | S79: =SUM(S77:S78) -> #REF!
C80: Boxes | D80: =D79*C79 -> 160000
B81: Release 5
B83: Product 8 | C83: =C72 -> 500 | D83: =D72 -> 4 | E83: =E72 -> 1 | F83: =D83*C83 -> 2000 | G83: =G72 -> 10 | H83: =C83*D83*E83*G83 -> 20000 | J83: =J72 -> 500 | L83: =J83*$S$210 -> #REF! | M83: =L83*D83 -> #REF! | N83: =M83*C83 -> #REF! | Q83: =ROUND(((L83*(D83*C83))/H83)*$S$213,2) -> #REF! | R83: =H83*Q83 -> #REF! | S83: =N83-R83 -> #REF!
B84: Release Total | C84: =SUM(C82:C83) -> 500 | D84: =SUM(D82:D83) -> 4 | E84: =SUM(E82:E83) -> 1 | F84: =SUM(F82:F83) -> 2000 | G84: =SUM(G82:G83) -> 10 | H84: =SUM(H82:H83) -> 20000 | J84: =SUM(J82:J83) -> 500 | L84: =SUM(L82:L83) -> #REF! | M84: =SUM(M82:M83) -> #REF! | N84: =SUM(N82:N83) -> #REF! | R84: =SUM(R82:R83) -> #REF! | S84: =SUM(S82:S83) -> #REF!
C85: Boxes | D85: =D84*C84 -> 2000
B86: Release 6
B88: Product 9 | C88: =C72 -> 500 | D88: =D72 -> 4 | E88: =E72 -> 1 | F88: =D88*C88 -> 2000 | G88: =G72 -> 10 | H88: =C88*D88*E88*G88 -> 20000 | J88: =J72 -> 500 | L88: =J88*$S$210 -> #REF! | M88: =L88*D88 -> #REF! | N88: =M88*C88 -> #REF! | Q88: =ROUND(((L88*(D88*C88))/H88)*$S$213,2) -> #REF! | R88: =H88*Q88 -> #REF! | S88: =N88-R88 -> #REF!
B89: Release Total | C89: =SUM(C87:C88) -> 500 | D89: =SUM(D87:D88) -> 4 | E89: =SUM(E87:E88) -> 1 | F89: =SUM(F87:F88) -> 2000 | G89: =SUM(G87:G88) -> 10 | H89: =SUM(H87:H88) -> 20000 | J89: =SUM(J87:J88) -> 500 | L89: =SUM(L87:L88) -> #REF! | M89: =SUM(M87:M88) -> #REF! | N89: =SUM(N87:N88) -> #REF! | R89: =SUM(R87:R88) -> #REF! | S89: =SUM(S87:S88) -> #REF!
E90: Total Boxes | F90: =F62+F68+F73+F79+F84+F89 -> 246000 | M90: Avg | N90: =(N79+N84+N89+N73+N68+N62)/6 -> #REF! | R90: Avg | S90: =(S62+S68+S73+S79+S84+S89)/6 -> #REF!
S91: =S62+S68+S73+S79+S84+S89 -> #REF!
B94: YEAR 4 (8 Releases; 12 Products)
C95: Release Information | J95: Release Pricing/Revenue | Q95: Release Pricing/Revenue
C97: Cases | D97: Boxes/Case | E97: Packs/Box | G97: Cards/Pack | H97: Total Cards | J97: Retail Price/Box | L97: Wholesale Price/Box | M97: Wholesale Price/Case | N97: Total Revenue | Q97: Printing Costs/Card | R97: Printing Cost/Release | S97: Release Net Profit
B98: Flagship Release
B100: Product 1 | C100: =C60 -> 4000 | D100: =D60 -> 12 | E100: =E60 -> 24 | F100: =D100*C100 -> 48000 | G100: =G60 -> 10 | H100: =C100*D100*E100*G100 -> 11520000 | J100: =J60 -> 150 | L100: =J100*$S$210 -> #REF! | M100: =L100*D100 -> #REF! | N100: =M100*C100 -> #REF! | Q100: =ROUND(((L100*(D100*C100))/H100)*$S$211,2) -> #REF! | R100: =H100*Q100 -> #REF! | S100: =N100-R100 -> #REF!
B101: Product 2 | C101: =C61 -> 2000 | D101: =D61 -> 20 | E101: =E61 -> 4 | F101: =D101*C101 -> 40000 | G101: =G61 -> 12 | H101: =C101*D101*E101*G101 -> 1920000 | J101: =J61 -> 30 | L101: =J101*$S$210 -> #REF! | M101: =L101*D101 -> #REF! | N101: =M101*C101 -> #REF! | Q101: =ROUND(((L101*(D101*C101))/H101)*$S$211,2) -> #REF! | R101: =H101*Q101 -> #REF! | S101: =N101-R101 -> #REF!
B102: Release Total | C102: =SUM(C100:C101) -> 6000 | D102: =SUM(D100:D101) -> 32 | E102: =SUM(E100:E101) -> 28 | F102: =SUM(F100:F101) -> 88000 | G102: =SUM(G100:G101) -> 22 | H102: =SUM(H100:H101) -> 13440000 | J102: =SUM(J100:J101) -> 180 | L102: =SUM(L100:L101) -> #REF! | M102: =SUM(M100:M101) -> #REF! | N102: =SUM(N100:N101) -> #REF! | R102: =SUM(R100:R101) -> #REF! | S102: =SUM(S100:S101) -> #REF!
C103: Boxes | D103: =D102*C102 -> 192000
B104: HOLO Release
B106: Product 3 | C106: =C66 -> 3000 | D106: =D66 -> 12 | E106: =E66 -> 12 | F106: =D106*C106 -> 36000 | G106: =G66 -> 12 | H106: =C106*D106*E106*G106 -> 5184000 | J106: =J66 -> 350 | L106: =J106*$S$210 -> #REF! | M106: =L106*D106 -> #REF! | N106: =M106*C106 -> #REF! | Q106: =ROUND(((L106*(D106*C106))/H106)*$S$212,2) -> #REF! | R106: =H106*Q106 -> #REF! | S106: =N106-R106 -> #REF!
B107: Product 4 | C107: =C67 -> 2000 | D107: =D67 -> 20 | E107: =E67 -> 4 | F107: =D107*C107 -> 40000 | G107: =G67 -> 8 | H107: =C107*D107*E107*G107 -> 1280000 | J107: =J67 -> 30 | L107: =J107*$S$210 -> #REF! | M107: =L107*D107 -> #REF! | N107: =M107*C107 -> #REF! | Q107: =ROUND(((L107*(D107*C107))/H107)*$S$212,2) -> #REF! | R107: =H107*Q107 -> #REF! | S107: =N107-R107 -> #REF!
B108: Release Total | C108: =SUM(C106:C107) -> 5000 | D108: =SUM(D106:D107) -> 32 | E108: =SUM(E106:E107) -> 16 | F108: =SUM(F106:F107) -> 76000 | G108: =SUM(G106:G107) -> 20 | H108: =SUM(H106:H107) -> 6464000 | J108: =SUM(J106:J107) -> 380 | L108: =SUM(L106:L107) -> #REF! | M108: =SUM(M106:M107) -> #REF! | N108: =SUM(N106:N107) -> #REF! | R108: =SUM(R106:R107) -> #REF! | S108: =SUM(S106:S107) -> #REF!
C109: Boxes | D109: =D108*C108 -> 160000
B110: Jewel Release
B112: Product 5 | C112: =C72 -> 500 | D112: =D72 -> 4 | E112: =E72 -> 1 | F112: =D112*C112 -> 2000 | G112: =G72 -> 10 | H112: =C112*D112*E112*G112 -> 20000 | J112: =J72 -> 500 | L112: =J112*$S$210 -> #REF! | M112: =L112*D112 -> #REF! | N112: =M112*C112 -> #REF! | Q112: =ROUND(((L112*(D112*C112))/H112)*$S$213,2) -> #REF! | R112: =H112*Q112 -> #REF! | S112: =N112-R112 -> #REF!
B113: Release Total | C113: =SUM(C111:C112) -> 500 | D113: =SUM(D111:D112) -> 4 | E113: =SUM(E111:E112) -> 1 | F113: =SUM(F111:F112) -> 2000 | G113: =SUM(G111:G112) -> 10 | H113: =SUM(H111:H112) -> 20000 | J113: =SUM(J111:J112) -> 500 | L113: =SUM(L111:L112) -> #REF! | M113: =SUM(M111:M112) -> #REF! | N113: =SUM(N111:N112) -> #REF! | R113: =SUM(R111:R112) -> #REF! | S113: =SUM(S111:S112) -> #REF!
C114: Boxes | D114: =D113*C113 -> 2000
B115: Release 4
B117: Product 16 | C117: =C77 -> 3000 | D117: =D77 -> 12 | E117: =E77 -> 12 | F117: =D117*C117 -> 36000 | G117: =G77 -> 12 | H117: =C117*D117*E117*G117 -> 5184000 | J117: =J77 -> 350 | L117: =J117*$S$210 -> #REF! | M117: =L117*D117 -> #REF! | N117: =M117*C117 -> #REF! | Q117: =ROUND(((L117*(D117*C117))/H117)*$S$212,2) -> #REF! | R117: =H117*Q117 -> #REF! | S117: =N117-R117 -> #REF!
B118: Product 7 | C118: =C78 -> 2000 | D118: =D78 -> 20 | E118: =E78 -> 4 | F118: =D118*C118 -> 40000 | G118: =G78 -> 8 | H118: =C118*D118*E118*G118 -> 1280000 | J118: =J78 -> 30 | L118: =J118*$S$210 -> #REF! | M118: =L118*D118 -> #REF! | N118: =M118*C118 -> #REF! | Q118: =ROUND(((L118*(D118*C118))/H118)*$S$212,2) -> #REF! | R118: =H118*Q118 -> #REF! | S118: =N118-R118 -> #REF!
B119: Release Total | C119: =SUM(C117:C118) -> 5000 | D119: =SUM(D117:D118) -> 32 | E119: =SUM(E117:E118) -> 16 | F119: =SUM(F117:F118) -> 76000 | G119: =SUM(G117:G118) -> 20 | H119: =SUM(H117:H118) -> 6464000 | J119: =SUM(J117:J118) -> 380 | L119: =SUM(L117:L118) -> #REF! | M119: =SUM(M117:M118) -> #REF! | N119: =SUM(N117:N118) -> #REF! | R119: =SUM(R117:R118) -> #REF! | S119: =SUM(S117:S118) -> #REF!
C120: Boxes | D120: =D119*C119 -> 160000
B121: Release 5
B123: Product 8 | C123: =C117 -> 3000 | D123: =D117 -> 12 | E123: =E117 -> 12 | F123: =D123*C123 -> 36000 | G123: =G117 -> 12 | H123: =C123*D123*E123*G123 -> 5184000 | J123: =J117 -> 350 | L123: =J123*$S$210 -> #REF! | M123: =L123*D123 -> #REF! | N123: =M123*C123 -> #REF! | Q123: =ROUND(((L123*(D123*C123))/H123)*$S$212,2) -> #REF! | R123: =H123*Q123 -> #REF! | S123: =N123-R123 -> #REF!
B124: Product 9 | C124: =C118 -> 2000 | D124: =D118 -> 20 | E124: =E118 -> 4 | F124: =D124*C124 -> 40000 | G124: =G118 -> 8 | H124: =C124*D124*E124*G124 -> 1280000 | J124: =J118 -> 30 | L124: =J124*$S$210 -> #REF! | M124: =L124*D124 -> #REF! | N124: =M124*C124 -> #REF! | Q124: =ROUND(((L124*(D124*C124))/H124)*$S$212,2) -> #REF! | R124: =H124*Q124 -> #REF! | S124: =N124-R124 -> #REF!
B125: Release Total | C125: =SUM(C123:C124) -> 5000 | D125: =SUM(D123:D124) -> 32 | E125: =SUM(E123:E124) -> 16 | F125: =SUM(F123:F124) -> 76000 | G125: =SUM(G123:G124) -> 20 | H125: =SUM(H123:H124) -> 6464000 | J125: =SUM(J123:J124) -> 380 | L125: =SUM(L123:L124) -> #REF! | M125: =SUM(M123:M124) -> #REF! | N125: =SUM(N123:N124) -> #REF! | R125: =SUM(R123:R124) -> #REF! | S125: =SUM(S123:S124) -> #REF!
C126: Boxes | D126: =D125*C125 -> 160000
B127: Release 6
...

Sheet BKFC Inputs
A1: Customer & Release Details
A4: BKFC
A5: Revenue Share
B6: Licensor | G6: ='Model Assumptions'!D8 -> 0.25
B7: Stars/Sales | G7: ='Model Assumptions'!D9 -> 0.2
A9: Cards
B10: Wholesale Revenue - Hobby | G10: ='Model Assumptions'!D14 -> 0.6
B11: Wholesale Revenue - Retail | G11: ='Model Assumptions'!D15 -> 0.5
B12: Allowance (unsold/damaged) | G12: ='Model Assumptions'!D19 -> 0.05
B13: Freight/Fulfillment | G13: ='Model Assumptions'!D20 -> 0.01
B14: Printing & Packaging Costs | G14: 0.47
A16: Release 1
A18: Release Name | C18: 2026 BKFC - ROOT
A19: Expected Date | C19: 46357
A21: Product Details
A22: Type | C22: Y/N | E22: MSRP/Box | G22: # of Cases | I22: Boxes/Case | K22: Packs/Box | M22: Cards/Pack
A23: Hobby | C23: Yes | E23: 119.99 | G23: 2500 | I23: 12 | K23: 24 | M23: 10
A24: Mega Box | C24: No | E24: 0 | G24: 0 | I24: 0 | K24: 0 | M24: 0
A25: Blaster Box | C25: Yes | E25: 24.99 | G25: 1600 | I25: 20 | K25: 6 | M25: 12
A26: Hanger Box | C26: Yes | E26: 14.99 | G26: 1600 | I26: 40 | K26: 1 | M26: 30
A27: Parallel Factory Sets | C27: Yes | E27: 149.99 | G27: 0 | I27: 500 | K27: 0 | M27: 270
A29: Release 2
A31: Release Name | C31: 2026 BKFC - Forge
A32: Expected Date | C32: 46419
A34: Product Details
A35: Type | C35: Y/N | E35: MSRP/Box | G35: # of Cases | I35: Boxes/Case | K35: Packs/Box | M35: Cards/Pack
A36: Hobby | C36: Yes | E36: 249.99 | G36: 4000 | I36: 12 | K36: 12 | M36: 12
A37: Mega Box | C37: Yes | E37: 49.99 | G37: 2000 | I37: 20 | K37: 6 | M37: 12
A38: Blaster Box | C38: Yes | E38: 29.99 | G38: 2000 | I38: 20 | K38: 6 | M38: 12
A39: Hanger Box | C39: Yes | E39: 19.99 | G39: 2000 | I39: 40 | K39: 1 | M39: 30
A40: Parallel Factory Sets | C40: Yes | E40: 499.99 | G40: 0 | I40: 100 | K40: 0 | M40: 200
A42: Release 3
A44: Release Name | C44: 2026 BKFC - Ascend
A45: Expected Date | C45: 46478
A47: Product Details
A48: Type | C48: Y/N | E48: MSRP/Box | G48: # of Cases | I48: Boxes/Case | K48: Packs/Box | M48: Cards/Pack
A49: Hobby | C49: Yes | E49: 499.99 | G49: 500 | I49: 4 | K49: 1 | M49: 10
A50: Mega Box | C50: No | E50: 0 | G50: 0 | I50: 0 | K50: 0 | M50: 0
A51: Blaster Box | C51: no | E51: 0 | G51: 0 | I51: 0 | K51: 0 | M51: 0
A52: Hanger Box | C52: No | E52: 0 | G52: 0 | I52: 0 | K52: 0 | M52: 0
A53: Set Box | C53: No | E53: 0 | G53: 0 | I53: 0 | K53: 0 | M53: 0
A55: Release 4
A57: Release Name | C57: 2027 BKFC - ROOT
A58: Expected Date | C58: 46539
A60: Product Details
A61: Type | C61: Y/N | E61: MSRP/Box | G61: # of Cases | I61: Boxes/Case | K61: Packs/Box | M61: Cards/Pack
A62: Hobby | C62: Yes | E62: 129.99 | G62: 3000 | I62: 12 | K62: 24 | M62: 10
A63: Mega Box | C63: No | E63: 0 | G63: 0 | I63: 0 | K63: 0 | M63: 0
A64: Blaster Box | C64: Yes | E64: 26.99 | G64: 2000 | I64: 20 | K64: 4 | M64: 10
A65: Hanger Box | C65: Yes | E65: 15.99 | G65: 2000 | I65: 40 | K65: 1 | M65: 30
A66: Set Box | C66: Yes | E66: 159.99 | G66: 0 | I66: 500 | K66: 0 | M66: 300
A68: Release 5
A70: Release Name | C70: 2027 BKFC - Forge
A71: Expected Date | C71: 46631
A73: Product Details
A74: Type | C74: Y/N | E74: MSRP/Box | G74: # of Cases | I74: Boxes/Case | K74: Packs/Box | M74: Cards/Pack
A75: Hobby | C75: Yes | E75: 249.99 | G75: 5500 | I75: 12 | K75: 12 | M75: 12
A76: Mega Box | C76: Yes | E76: 54.99 | G76: 2500 | I76: 20 | K76: 6 | M76: 12
A77: Blaster Box | C77: Yes | E77: 32.99 | G77: 2500 | I77: 20 | K77: 4 | M77: 8
A78: Hanger Box | C78: Yes | E78: 21.99 | G78: 2500 | I78: 40 | K78: 1 | M78: 30
A79: Set Box | C79: Yes | E79: 499.99 | G79: 0 | I79: 100 | K79: 0 | M79: 200
A81: Release 6
A83: Release Name | C83: 2027 BKFC - Ascend
A84: Expected Date | C84: 46722
A86: Product Details
A87: Type | C87: Y/N | E87: MSRP/Box | G87: # of Cases | I87: Boxes/Case | K87: Packs/Box | M87: Cards/Pack
A88: Hobby | C88: Yes | E88: 499.99 | G88: 500 | I88: 4 | K88: 1 | M88: 10
A89: Mega Box | C89: No | E89: 0 | G89: 0 | I89: 0 | K89: 0 | M89: 0
A90: Blaster Box | C90: No | E90: 0 | G90: 0 | I90: 0 | K90: 0 | M90: 0
A91: Hanger Box | C91: No | E91: 0 | G91: 0 | I91: 0 | K91: 0 | M91: 0
A92: Set Box | C92: No | E92: 0 | G92: 0 | I92: 0 | K92: 0 | M92: 0
A94: Release 7
A96: Release Name | C96: 2028 BKFC - ROOT
A97: Expected Date | C97: 46905
A99: Product Details
A100: Type | C100: Y/N | E100: MSRP/Box | G100: # of Cases | I100: Boxes/Case | K100: Packs/Box | M100: Cards/Pack
A101: Hobby | C101: Yes | E101: 139.99 | G101: 4000 | I101: 12 | K101: 24 | M101: 10
A102: Mega Box | C102: No | E102: 0 | G102: 0 | I102: 0 | K102: 0 | M102: 0
A103: Blaster Box | C103: Yes | E103: 28.99 | G103: 3000 | I103: 20 | K103: 4 | M103: 10
A104: Hanger Box | C104: Yes | E104: 16.99 | G104: 3000 | I104: 40 | K104: 1 | M104: 30
A105: Set Box | C105: Yes | E105: 164.99 | G105: 0 | I105: 500 | K105: 0 | M105: 300
A107: Release 8
A109: Release Name | C109: 2028 BKFC - Forge
A110: Expected Date | C110: 46997
A112: Product Details
A113: Type | C113: Y/N | E113: MSRP/Box | G113: # of Cases | I113: Boxes/Case | K113: Packs/Box | M113: Cards/Pack
A114: Hobby | C114: Yes | E114: 249.99 | G114: 7000 | I114: 12 | K114: 12 | M114: 12
A115: Mega Box | C115: Yes | E115: 59.99 | G115: 4000 | I115: 20 | K115: 6 | M115: 12
A116: Blaster Box | C116: Yes | E116: 34.99 | G116: 4000 | I116: 20 | K116: 4 | M116: 8
A117: Hanger Box | C117: Yes | E117: 23.99 | G117: 4000 | I117: 40 | K117: 1 | M117: 30
A118: Set Box | C118: Yes | E118: 499.99 | G118: 0 | I118: 100 | K118: 0 | M118: 200
A120: Release 9
A122: Release Name | C122: 2028 BKFC - Ascend
A123: Expected Date | C123: 47088
A125: Product Details
A126: Type | C126: Y/N | E126: MSRP/Box | G126: # of Cases | I126: Boxes/Case | K126: Packs/Box | M126: Cards/Pack
A127: Hobby | C127: Yes | E127: 499.99 | G127: 700 | I127: 4 | K127: 1 | M127: 10
A128: Mega Box | C128: No | E128: 0 | G128: 0 | I128: 0 | K128: 0 | M128: 0
A129: Blaster Box | C129: No | E129: 0 | G129: 0 | I129: 0 | K129: 0 | M129: 0
A130: Hanger Box | C130: No | E130: 0 | G130: 0 | I130: 0 | K130: 0 | M130: 0
...

Sheet Jeremy Model
B2: Manufacturer | C2: You Are All-Stars | G2: Manufacturer | H2: You Are All-Stars | L2: Manufacturer | M2: You Are All-Stars | R2: Percent Wholesale | S2: 0.65 | U2: Total Net Rev | V2: =C24+C43+H24+H43+M24 -> 5278000
B3: Brand | C3: All-Stars | D3: League | E3: BKFC | G3: Brand | H3: All-Stars | I3: League | J3: BKFC | L3: Brand | M3: All-Stars | N3: League | O3: BKFC | R3: Percent Cost | S3: 0.65
B4: Product | C4: FlagShip | D4: Release Date | E4: TBD | G4: Product | H4: Holo | I4: Release Date | J4: TBD | L4: Product | M4: Jewel | N4: Release Date | O4: TBD | U4: Total Cases | V4: =C15+C34+H15+H34+M15 -> 11500
C5: - ideal for building full sets year after year | R5: Category | S5: Detail | U5: Total Boxes | V5: =E17+E36+J17+J36+O17 -> 166000
B6: Class | C6: Standard | G6: Class | H6: Premium | L6: Class | M6: Ultra-Premium | U6: Total Cards | V6: =E18+E37+J18+J37+O18 -> 19924000
B7: Sport | C7: combat | D7: Product Year | E7: 2025 | G7: Sport | H7: combat | I7: Product Year | J7: 2025 | L7: Sport | M7: combat | N7: Product Year | O7: 2025 | R7: Pre-Production | S7: Graphic Design (base, inserts, parallels, packaging)
B8: League/IP | C8: BKFC | G8: League/IP | H8: BKFC | L8: League/IP | M8: BKFC | S8: Photography (fighter/event/licensed images) | U8: Tota Fighters | V8: =V12 -> 150
B9: Base Thickness: | C9: 20 pt | G9: Base Thickness: | H9: 35 pt | L9: Base Thickness: | M9: 75 pt | S9: Copywriting (bios, stats, trivia) | U9: Cards/Fighter | V9: =V6/V8 -> 132826.67
S10: Template/Mockup Creation
B11: Product 1 | G11: Product 1 | L11: Product 1 | S11: Set Planning & Checklists | U11: Total Autos | V11: =E27+J27+O27+E48+J48 -> 132000
B12: Box Style | C12: Hobby | D12: Outlet(s) | E12: Hobby Shop Breaker | G12: Box Style | H12: Hobby | I12: Outlet(s) | J12: Hobby Shop Breaker | L12: Box Style | M12: Hobby | N12: Outlet(s) | O12: Hobby Shop Breaker | R12: Licensing | S12: Fighter Likeness Licensing (150 fighters) | U12: Fighters | V12: 150
B13: Model Number | C13: AS-BKFC-25-F-H-0001 | D13: UPC/Barcode: | G13: Model Number | H13: AS-BKFC-25-H-H-0003 | I13: UPC/Barcode: | L13: Model Number | M13: AS-BKFC-25-J-H | N13: UPC/Barcode: | S13: League/IP Licensing | U13: Autos/Fighter | V13: =V11/V12 -> 880
B14: Configuration: | G14: Configuration: | L14: Configuration: | R14: Printing & Manufacturing | S14: Card Printing (base + 5 inserts + parallels)
B15: Number of Cases | C15: 4000 | G15: Number of Cases | H15: 3000 | L15: Number of Cases | M15: 500 | S15: Premium Finishes (foils, UV, embossing) | U15: BKFC/Fighter Rev | V15: 0.45
B16: Boxes per Case | C16: 12 | D16: Cards per box | E16: =SUM(C18*C17) -> 240 | G16: Boxes per Case | H16: 12 | I16: Cards per box | J16: =SUM(H18*H17) -> 144 | L16: Boxes per Case | M16: 4 | N16: Cards per box | O16: =SUM(M18*M17) -> 10 | S16: Insert Printing (5 types) | U16: Inside Card | V16: 0.45
B17: Packs per Box | C17: 24 | D17: Total Boxes | E17: =SUM(C16*C15) -> 48000 | G17: Packs per Box | H17: 12 | I17: Total Boxes | J17: =SUM(H16*H15) -> 36000 | L17: Packs per Box | M17: 1 | N17: Total Boxes | O17: =SUM(M16*M15) -> 2000 | S17: Parallels (e.g., /25, /10, 1/1 variants) | U17: Sponsorships | V17: 0.45
B18: Cards per Pack | C18: 10 | D18: Total Cards | E18: =SUM(C18*C17*C16*C15) -> 11520000 | G18: Cards per Pack | H18: 12 | I18: Total Cards | J18: =SUM(H18*H17*H16*H15) -> 5184000 | L18: Cards per Pack | M18: 10 | N18: Total Cards | O18: =SUM(M18*M17*M16*M15) -> 20000 | S18: Packaging (boxes, wrappers) | U18: Services | V18: 0.6
S19: Art, Autographs, Memorabilia
C20: Cost? | D20: Wholesale | E20: MSRP | H20: Cost? | I20: Wholesale | J20: MSRP | M20: Cost? | N20: Wholesale | O20: MSRP | S20: Setup/Proofing Fees | U20: Figther Rev | V20: 0.2
B21: Price per box | C21: =SUM(D21*S3) -> 63.375 | D21: =SUM(E21*S2) -> 97.5 | E21: 150 | G21: Price per box | H21: =SUM(I21*S3) -> 147.875 | I21: =SUM(J21*S2) -> 227.5 | J21: 350 | L21: Price per box | M21: =SUM(N21*S3) -> 211.25 | N21: =SUM(O21*S2) -> 325 | O21: 500 | R21: Logistics & Fulfillment | S21: Warehousing
B22: Price per case | C22: =SUM(D22*S3) -> 760.5 | D22: =SUM(E22*S2) -> 1170 | E22: =SUM(E21*C16) -> 1800 | G22: Price per case | H22: =SUM(I22*S3) -> 1774.5 | I22: =SUM(J22*S2) -> 2730 | J22: =SUM(J21*H16) -> 4200 | L22: Price per case | M22: =SUM(N22*S3) -> 845 | N22: =SUM(O22*S2) -> 1300 | O22: =SUM(O21*M16) -> 2000 | S22: Fulfillment (sorting, packing) | U22: YAAS Net Revenue | V22: =V2-V19 -> 5278000
B23: Total | C23: =SUM(D23*S3) -> 3042000 | D23: =SUM(E23*S2) -> 4680000 | E23: =SUM(E22*C15) -> 7200000 | G23: Total | H23: =SUM(I23*S3) -> 5323500 | I23: =SUM(J23*S2) -> 8190000 | J23: =SUM(J22*H15) -> 12600000 | L23: Total | M23: =SUM(N23*S3) -> 422500 | N23: =SUM(O23*S2) -> 650000 | O23: =SUM(O22*M15) -> 1000000 | S23: Shipping Materials
B24: Net Rev | C24: =D23-C23 -> 1638000 | G24: Net Rev | H24: =I23-H23 -> 2866500 | L24: Net Rev | M24: =N23-M23 -> 227500 | S24: Distribution Fees (to retailers/platforms) | U24: Total Figther Rev | V24: =E26+E45+J26+J45+O26 -> 7037.3333
B25: Cost per card | C25: =SUM(C23/E18) -> 0.2640625 | D25: Cards/Figher | E25: =E18/$V$12 -> 76800 | G25: Cost per card | H25: =SUM(H23/J18) -> 1.0269097 | I25: Cards/Figher | J25: =J18/$V$12 -> 34560 | L25: Cost per card | M25: =SUM(M23/O18) -> 21.125 | N25: Cards/Figher | O25: =O18/$V$12 -> 133.33333 | R25: Marketing & Promotion | S25: Social Media Campaigns | U25: ~Rev per Auto | V25: =V24/V13 -> 7.9969697
B26: Net Rev/Card | C26: =(D23-C23)/E18 -> 0.1421875 | D26: Rev/Fighter | E26: =E25*C26*$V$20 -> 2184 | G26: Net Rev/Card | H26: =(I23-H23)/J18 -> 0.55295139 | I26: Rev/Fighter | J26: =J25*H26*$V$20 -> 3822 | L26: Net Rev/Card | M26: =(N23-M23)/O18 -> 11.375 | N26: Rev/Fighter | O26: =O25*M26*$V$20 -> 303.33333 | S26: Influencer/Collab Promotions
B27: Box Break | C27: 1 autograph | D27: 1 | E27: =D27*C16*C15 -> 48000 | G27: Box Break | H27: 2 autographs | I27: 2 | J27: =I27*H16*H15 -> 72000 | L27: Box Break | M27: 4 autographs/Mem | N27: 4 | O27: =N27*M16*M15 -> 8000 | S27: Paid Ads (Google, IG, FB)
C28: 1 box hit | D28: =(D23-C23)/D23 -> 0.35 | M28: 4 base cards / parallels | S28: Launch Event/PR - National | T28: Cost Launch | U28: Cost Split
M29: 2 insert | T29: Minus Mos | U29: Months
B30: Product 2 | G30: Product 2 | R30: Release 1 | S30: 45901 | T30: 2 | U30: 2
B31: Box Style | C31: Blaster | D31: Outlet(s) | E31: Retail | G31: Box Style | H31: Blaster | I31: Outlet(s) | J31: Retail | R31: Release 2 | S31: 45992 | T31: 2 | U31: 2
B32: Model Number | C32: AS-BKFC-25-F-B-0002 | D32: UPC/Barcode: | G32: Model Number | H32: AS-BKFC-25-H-B-0004 | I32: UPC/Barcode: | R32: Release 3 | S32: 46082 | T32: 2 | U32: 2
B33: Configuration: | G33: Configuration:
B34: Number of Cases | C34: 2000 | G34: Number of Cases | H34: 2000 | R34: Freight Cost per Pallet | S34: 450
B35: Boxes per Case | C35: 20 | D35: Cards per box | E35: =SUM(C37*C36) -> 48 | G35: Boxes per Case | H35: 20 | I35: Cards per box | J35: =SUM(H37*H36) -> 32 | R35: Cases per Pallet | S35: 50
B36: Packs per Box | C36: 4 | D36: Total Boxes | E36: =SUM(C35*C34) -> 40000 | G36: Packs per Box | H36: 4 | I36: Total Boxes | J36: =SUM(H35*H34) -> 40000
B37: Cards per Pack | C37: 12 | D37: Total Cards | E37: =SUM(C37*C36*C35*C34) -> 1920000 | G37: Cards per Pack | H37: 8 | I37: Total Cards | J37: =SUM(H37*H36*H35*H34) -> 1280000
C39: Cost? | D39: Wholesale | E39: MSRP | H39: Cost? | I39: Wholesale | J39: MSRP
B40: Price per box | C40: =SUM(D40*S3) -> 12.675 | D40: =SUM(E40*S2) -> 19.5 | E40: 30 | G40: Price per box | H40: =SUM(I40*S3) -> 12.675 | I40: =SUM(J40*S2) -> 19.5 | J40: 30
B41: Price per case | C41: =SUM(D41*S3) -> 253.5 | D41: =SUM(E41*S2) -> 390 | E41: =SUM(E40*C35) -> 600 | G41: Price per case | H41: =SUM(I41*S3) -> 253.5 | I41: =SUM(J41*S2) -> 390 | J41: =SUM(J40*H35) -> 600
B42: Total | C42: =SUM(D42*S3) -> 507000 | D42: =SUM(E42*S2) -> 780000 | E42: =SUM(E41*C34) -> 1200000 | G42: Total | H42: =SUM(I42*S3) -> 507000 | I42: =SUM(J42*S2) -> 780000 | J42: =SUM(J41*H34) -> 1200000
B43: Net Rev | C43: =D42-C42 -> 273000 | G43: Net Rev | H43: =I42-H42 -> 273000
B44: Cost per card | C44: =SUM(C42/E37) -> 0.2640625 | D44: Cards/Figher | E44: =E37/$V$12 -> 12800 | G44: Cost per card | H44: =SUM(H42/J37) -> 0.39609375 | I44: Cards/Figher | J44: =J37/$V$12 -> 8533.3333
B45: Net Rev/Card | C45: =(D42-C42)/E37 -> 0.1421875 | D45: Rev/Fighter | E45: =E44*C45*$V$20 -> 364 | G45: Net Rev/Card | H45: =(I42-H42)/J37 -> 0.21328125 | I45: Rev/Fighter | J45: =J44*H45*$V$20 -> 364
B46: Box Break | C46: Blaster Exclusive Parallel | D46: 1 per pack | G46: Box Break | H46: Blaster Exclusive Parallel | I46: 1 per pack
C47: Retail Exclusive Autographs | D47: 1 per case | E47: 1 | H47: Retail Exclusive Autographs | I47: 1 per case | J47: 1
E48: =E47*C34 -> 2000 | J48: =J47*H34 -> 2000
C50: Pallets | D50: Count | E50: Cost | H50: Pallets | I50: Count | J50: Cost | M50: Pallets | N50: Count | O50: Cost
C51: Hobby | D51: =C15/$S$35 -> 80 | E51: =D51*$S$34 -> 36000 | H51: Hobby | I51: =H15/$S$35 -> 60 | J51: =I51*$S$34 -> 27000 | M51: Hobby | N51: =M15/$S$35 -> 10 | O51: =N51*$S$34 -> 4500
C52: Blaster | D52: =C34/$S$35 -> 40 | E52: =D52*$S$34 -> 18000 | H52: Blaster | I52: =H34/$S$35 -> 40 | J52: =I52*$S$34 -> 18000 | M52: Blaster | N52: =M34/$S$35 -> 0 | O52: =N52*$S$34 -> 0

Sheet Invincible
A2: MSRP RETAIL | F2: MSRP RETAIL | K2: MSRP RETAIL | P2: MSRP RETAIL | U2: MSRP RETAIL | Z2: MSRP RETAIL | AE2: MSRP RETAIL
A3: Invincible Season 1 | B3: 46218 | C3: 200 card base set | F3: Invincible Season 2 | G3: 46280 | H3: 200 card base set | K3: Invincible Season 3 | L3: 46402 | M3: 200 card base set | P3: Invincible Season 4 | Q3: 46492 | R3: 200 card base set | U3: Invincible Season 5 | V3: 46583 | W3: 200 card base set | Z3: Invincible Season 6 | AA3: 46780 | AB3: 200 card base set | AE3: Invincible Season 7 | AF3: 47144 | AG3: 200 card base set
C4: box $ | D4: case $ | H4: box $ | I4: case $ | M4: box $ | N4: case $ | R4: box $ | S4: case $ | W4: box $ | X4: case $ | AB4: box $ | AC4: case $ | AG4: box $ | AH4: case $
A5: HOBBY BOX | B5: MSRP | C5: 149.99 | D5: =C5*B8 -> 1799.88 | F5: HOBBY BOX | G5: MSRP | H5: 159.99 | I5: =H5*G8 -> 1919.88 | K5: HOBBY BOX | L5: MSRP | M5: 169.99 | N5: =M5*L8 -> 2039.88 | P5: HOBBY BOX | Q5: MSRP | R5: 169.99 | S5: =R5*Q8 -> 2039.88 | U5: HOBBY BOX | V5: MSRP | W5: 169.99 | X5: =W5*V8 -> 2039.88 | Z5: HOBBY BOX | AA5: MSRP | AB5: 169.99 | AC5: =AB5*AA8 -> 2039.88 | AE5: HOBBY BOX | AF5: MSRP | AG5: 169.99 | AH5: =AG5*AF8 -> 2039.88
A6: Core collector | F6: Core collector | K6: Core collector | P6: Core collector | U6: Core collector | Z6: Core collector | AE6: Core collector
